Workbook
Name eff: #REF!
Name effdr: #REF!
Name EffDtTm: #REF!
Name Error_BankStmt: #REF!
Name Error_BankStmt: #REF!
Name Error_BankStmt: #REF!
Name Error_BankStmt: #REF!
Name Error_BankStmt: #REF!
Name Error_BankStmt: #REF!
Name Error_BankStmt: #REF!
Name Error_BankStmt: #REF!
Name Error_BankStmt: #REF!
Name Error_BankStmt: #REF!
Name Error_DSCR: #REF!
Name Error_DSCR: #REF!
Name Error_DSCR: #REF!
Name Error_DSCR: #REF!
Name Error_DSCR: #REF!
Name Error_DSCR: #REF!
Name Error_DSCR: #REF!
Name Error_DSCR: #REF!
Name Error_DSCR: #REF!
Name Error_DSCR: #REF!
Name Error_DTI: #REF!
Name Error_DTI: #REF!
Name Error_DTI: #REF!
Name Error_DTI: #REF!
Name Error_DTI: #REF!
Name Error_DTI: #REF!
Name Error_DTI: #REF!
Name Error_DTI: #REF!
Name Error_DTI: #REF!
Name Error_DTI: #REF!
Name exp: #REF!
Name ExpDts: #REF!
Name expdtss: #REF!
Name IA: #REF!
Name IA_1: #REF!
Name IA_2: #REF!
Name IA_3: #REF!
Name Input_purpose: #REF!
Name IPA: #REF!
Name IPAm: #REF!
Name july18: #REF!
Name july181: #REF!
Name july182: #REF!
Name List_AmortTerm: #REF!
Name List_AmortTerm: #REF!
Name List_AmortTerm: #REF!
Name List_AmortTerm: #REF!
Name List_AmortTerm: #REF!
Name List_AmortTerm: #REF!
Name List_AmortTerm: #REF!
Name List_AmortTerm: #REF!
Name List_AmortTerm: #REF!
Name List_AmortTerm: #REF!
Name List_AmortType: #REF!
Name List_AmortType: #REF!
Name List_AmortType: #REF!
Name List_AmortType: #REF!

Sheet Cover Noni
F9: Effective Date: | H9: 46329
B12: theLender Non-QM Business Purpose Rate Sheet
B14: LOCK DESK | I14: APPRAISAL ORDER PROCEDURES
J16: AMC selection can be made at: https://www.thelender.com/appraisals/
C18: CONTACT:
C19: E-mail: | D19: pricingdesk@thelender.com
C20: Direct: | D20: 833-381-8733
C21: Lock Desk Closes at 5:00 PM PST
B25: TABLE OF CONTENTS | I25: NON QM Fees
C28: Noni Near Noni Products | I28: Underwriting Fee: $2,095
C29: theNONI | G29: Page 2 | I29: *Doc Prep Fee: $599 (Business Purpose Only)
C30: Foreign National NONI | G30: Page 3
C31: Business Purpose Matrix | G31: Page 4
C32: Foreign National NONI Matrix | G32: Page 9
E38: *EXTENSION FEES
E40: NON QM
G41: 5 day | J41: -0.125
G42: 7 day | J42: -0.175
G43: 10 day | J43: -0.25
G44: 15 day | J44: -0.375
E46: *3 total lock extensions allowed, up to 30 days
B48: Eligible States
C50: AK*, AL, AR, AZ, CA, CO, CT, DC, DE, FL, GA, HI, IA, ID, IL, IN, KS*, KY, LA, MA, MD, ME, MI*, MN*, MO, MS, MT,
C51: NC, ND, NE, NH, NJ, NM*, NV, NY, OH*, OK, OR, PA, RI*, SC, SD, TN, TX, UT, VA, VT, WA, WI, WV, WY
C53: *See Matrix for restrictions and additional details regarding Prepayment Penalty
B72: LOSS PAYEE
B74: Hometown Equity Mortgage, LLC dba theLender its successors and/or assigns
B75: 25531 Commercentre Dr #250, Lake Forest, CA 92630
B76: For use by mortgage professionals only. Mortgage Financing Provided by Hometown Equity Mortgage, LLC dba theLender NMLS #133519 . Rates, terms and programs subject to change without notice.

Sheet NONI
J2: Effective Date: | L2: =NOW() -> 46329.345
K3: Wholesale Rate Sheet
L5: Page 2
A10: theNONI | P10: *NONIPricer | R10: 46329.345
C12: 15 Day Price | P12: Category | Q12: Inputs | R12: Price
B13: Rate | C13: 7/6 ARM | D13: 10/6 ARM | E13: 30YR FIXED | G13: MAX PRICE | K13: LOCK TERMS
B14: =margins!A5 -> 6.75 | C14: 96.1735 | D14: 96.0735 | E14: 96.0735 | G14: Prepay Term | I14: Max Price | K14: 30 Day Lock | M14: 0 | P14: Product | Q14: 30 Yr Fx
B15: =margins!A6 -> 6.875 | C15: 97.1435 | D15: 97.0435 | E15: 97.0435 | G15: 60 Months | I15: 102.25 | K15: 45 Day Lock | M15: -0.375 | P15: Interest Rate ---> | Q15: 6.875 | R15: =IF(Q14="7/6 Arm",VLOOKUP(Q15,$B$14:$E$42,2,FALSE),IF(Q14="10/6 Arm",VLOOKUP(Q15,$B$14:$E$42,3,FALSE),VLOOKUP(Q15,$B$14:$E$43,4,FALSE))) -> 97.0435
B16: =margins!A7 -> 7 | C16: 98.081 | D16: 97.981 | E16: 97.981 | G16: 48 Months | I16: 102.25 | P16: CLTV Range | Q16: Choose a Selection
B17: =margins!A8 -> 7.125 | C17: 99.01825 | D17: 98.91825 | E17: 98.91825 | G17: 36 Months | I17: 102.25 | K17: PREPAY PENALTY NOTES | P17: FICO Range | Q17: Choose a Selection | R17: =IFERROR(INDEX($F$51:$M$58,MATCH(Q17,$C$51:$C$58,0),MATCH(Q16,$F$50:$M$50,0),1),0) -> 0
B18: =margins!A9 -> 7.25 | C18: 99.9565 | D18: 99.8565 | E18: 99.8565 | G18: 24 Months | I18: 101.75 | K18: 1. AK, KS, MI, MN, NM, OH, & RI must buyout PPP | P18: DSCR | Q18: Choose a Selection | R18: =IFERROR(INDEX($F$59:$M$63,MATCH(Q18,$C$59:$C$63,0),MATCH(Q16,$F$50:$M$50,0),1),0) -> 0
B19: =margins!A10 -> 7.375 | C19: 100.89375 | D19: 100.79375 | E19: 100.79375 | G19: 12 Months | I19: 101.5 | P19: Housing History | Q19: Choose a Selection | R19: =IFERROR(INDEX($F$68:$M$105,MATCH(Q19,$C$68:$C$105,0),MATCH($Q$16,$F$67:$M$67,0),1),0) -> 0
B20: =margins!A11 -> 7.5 | C20: 101.7065 | D20: 101.6065 | E20: 101.6065 | G20: No Penalty | I20: 100 | K20: 2. IL & NJ -Prepayment penalties not allowed on loans vested to individuals | P20: Housing Events | Q20: Choose a Selection | R20: =IFERROR(INDEX($F$68:$M$105,MATCH(Q20,$C$68:$C$105,0),MATCH($Q$16,$F$67:$M$67,0),1),0) -> 0
B21: =margins!A12 -> 7.625 | C21: 102.51925 | D21: 102.41925 | E21: 102.41925 | G21: DSCR | I21: Max Price | P21: Loan Balance | Q21: Choose a Selection | R21: =IFERROR(INDEX($F$68:$M$105,MATCH(Q21,$C$68:$C$105,0),MATCH($Q$16,$F$67:$M$67,0),1),0) -> 0
B22: =margins!A13 -> 7.75 | C22: 103.238 | D22: 103.138 | E22: 103.138 | G22: <.75 | I22: 99 | K22: 3. PA - Loan amounts < $329,411 cannot have a prepayment penalty | P22: Purpose | Q22: Choose a Selection | R22: =IFERROR(INDEX($F$68:$M$105,MATCH(Q22,$C$68:$C$105,0),MATCH($Q$16,$F$67:$M$67,0),1),0) -> 0
B23: =margins!A14 -> 7.875 | C23: 103.863 | D23: 103.763 | E23: 103.763 | G23: Loan Amount | I23: Max Price | P23: Property Type | Q23: Choose a Selection | R23: =IFERROR(INDEX($F$68:$M$105,MATCH(Q23,$C$68:$C$105,0),MATCH($Q$16,$F$67:$M$67,0),1),0) -> 0
B24: =margins!A15 -> 8 | C24: 104.4255 | D24: 104.3255 | E24: 104.3255 | G24: > 2.5mm | I24: 100.5 | K24: 4. Only declining prepayment penalty structures allowed in MS | P24: 40 Year Term | Q24: Choose a Selection | R24: =IFERROR(INDEX($F$68:$M$105,MATCH(Q24,$C$68:$C$105,0),MATCH($Q$16,$F$67:$M$67,0),1),0) -> 0
B25: =margins!A16 -> 8.125 | C25: 104.89425 | D25: 104.79425 | E25: 104.79425 | G25: CLTV | I25: Max Price | P25: Interest Only | Q25: Choose a Selection | R25: =IFERROR(INDEX($F$68:$M$105,MATCH(Q25,$C$68:$C$105,0),MATCH($Q$16,$F$67:$M$67,0),1),0) -> 0
B26: =margins!A17 -> 8.25 | C26: 105.363 | D26: 105.263 | E26: 105.263 | G26: CLTV > 80% | I26: 101 | P26: 5% PPP | Q26: Choose a Selection | R26: =IFERROR(INDEX($F$68:$M$105,MATCH(Q26,$C$68:$C$105,0),MATCH($Q$16,$F$67:$M$67,0),1),0) -> 0
B27: =margins!A18 -> 8.375 | C27: 105.8005 | D27: 105.7005 | E27: 105.7005 | P27: Other PPP | Q27: Choose a Selection | R27: =IFERROR(INDEX($F$95:$M$100,MATCH(Q27,$C$95:$C$100,0),MATCH($Q$16,$F$67:$M$67,0),1),0) -> 0
B28: =margins!A19 -> 8.5 | C28: 106.20675 | D28: 106.10675 | E28: 106.10675 | G28: ARM TERMS | P28: Escrow Waiver | Q28: Choose a Selection | R28: =IFERROR(INDEX($F$68:$M$105,MATCH(Q28,$C$68:$C$105,0),MATCH($Q$16,$F$67:$M$67,0),1),0) -> 0
B29: =margins!A20 -> 8.625 | C29: 106.613 | D29: 106.513 | E29: 106.513 | G29: Term | H29: 7/6 & 10/6 ARM | P29: ACH Waiver | Q29: Choose a Selection | R29: =IFERROR(INDEX($F$68:$M$105,MATCH(Q29,$C$68:$C$105,0),MATCH($Q$16,$F$67:$M$67,0),1),0) -> 0
B30: =margins!A21 -> 8.75 | C30: 107.01925 | D30: 106.91925 | E30: 106.91925 | G30: Margin | H30: 4.5 | P30: State Adj | Q30: Choose a Selection | R30: =IFERROR(INDEX($F$68:$M$105,MATCH(Q30,$C$68:$C$105,0),MATCH($Q$16,$F$67:$M$67,0),1),0) -> 0
B31: =margins!A22 -> 8.875 | C31: 107.4255 | D31: 107.3255 | E31: 107.3255 | G31: Index | H31: 30 Day Average SOFR | P31: STR | Q31: Choose a Selection | R31: =IFERROR(INDEX($F$68:$M$105,MATCH(Q31,$C$68:$C$105,0),MATCH($Q$16,$F$67:$M$67,0),1),0) -> 0
B32: =margins!A23 -> 9 | C32: 107.83175 | D32: 107.73175 | E32: 107.73175 | G32: Caps | H32: 2/1/5 | P32: FTHB | Q32: Choose a Selection | R32: =IFERROR(INDEX($F$68:$M$105,MATCH(Q32,$C$68:$C$105,0),MATCH($Q$16,$F$67:$M$67,0),1),0) -> 0
B33: =margins!A24 -> 9.125 | C33: 108.14425 | D33: 108.04425 | E33: 108.04425 | G33: Adj. Period | H33: 6 Months | P33: Lock Period | Q33: Choose a Selection | R33: =IF(Q33=15,0,IF(Q33=30,M14,IF(Q33=45,M15,0))) -> 0
B34: =margins!A25 -> 9.25 | C34: 108.45675 | D34: 108.35675 | E34: 108.35675 | P34: Pricing Special | Q34: Choose a Selection | R34: =_xlfn.IFNA(VLOOKUP(Q34,G36:J39,4,0), 0) -> 0
B35: =margins!A26 -> 9.375 | C35: 108.76925 | D35: 108.66925 | E35: 108.66925 | G35: =TEXT(TODAY(), "mmmm") & " Special" -> November Special | P35: Total LLPAs | R35: =SUM(R17:R34) -> 0
B36: =margins!A27 -> 9.5 | C36: 109.08175 | D36: 108.98175 | E36: 108.98175 | G36: *Purchase with 5 year PrePay | J36: 0.75
B37: =margins!A28 -> 9.625 | C37: 109.363 | D37: 109.263 | E37: 109.263 | G37: *Purchase with 3 year PrePay | J37: 0.5 | P37: Final Price ---> | R37: =IF(ISNUMBER(MATCH("NA", R17:R34, 0)), "NA", IF(Q18="<.75",MIN(I22,R35+R15),IF(OR(Q21="2,500,001-3,000,000",Q21="3,000,001-3,500,000"), MIN(I24, R35+R15), IF(Q16="80.01-85.00", MIN(I26, R35+R15), IF(AND(Q26="Choose a Selection",Q27<>"Choose a Selection"),(MIN(R35+R15,VLOOKUP($Q$27,$G$15:$I$20,3,FALSE))),IF(AND(Q27="Choose a Selection",Q26<>"Choose a Selection"),MIN(R35+R15,VLOOKUP($Q$26,$G$15:$I$20,3,FALSE)),IF(AND(Q26="Choose a Selection",Q27="Choose a Selection"),R15+R35))))))) -> 97.0435
B38: =margins!A29 -> 9.75 | C38: 109.64425 | D38: 109.54425 | E38: 109.54425 | G38: *Cash Out Refinance with 5 year PrePay | J38: 0.5
B39: =margins!A30 -> 9.875 | C39: 109.9255 | D39: 109.8255 | E39: 109.8255 | G39: *Cash Out Refinance with 3 year PrePay | J39: 0.25 | P39: *NONI Pricer is a pricing tool only, please refer to the matrix for eligibility
B40: =margins!A31 -> 10 | C40: 110.20675 | D40: 110.10675 | E40: 110.10675 | G40: *Specials do not apply for DSCR < .75
B41: =margins!A32 -> 10.125 | C41: 110.45675 | D41: 110.35675 | E41: 110.35675 | G41: *Specials do not apply for Foreign Nationals
B42: =margins!A33 -> 10.25 | C42: 110.70675 | D42: 110.60675 | E42: 110.60675 | G42: * Max Loan Amount $1.25MM
B49: Price Adjustments | F49: CLTV
E50: Choose a Selection | F50: <=50.00 | G50: 50.01-55.00 | H50: 55.01-60.00 | I50: 60.01-65.00 | J50: 65.01-70.00 | K50: 70.01-75.00 | L50: 75.01-80.00 | M50: 80.01-85.00
B51: DSCR | C51: 760+ | F51: 0 | G51: -0.25 | H51: -0.5 | I51: -0.625 | J51: -0.75 | K51: -1.625 | L51: -2.125 | M51: -6
C52: 740-759 | F52: -0.25 | G52: -0.5 | H52: -0.75 | I52: -0.75 | J52: -0.875 | K52: -1.875 | L52: -2.375 | M52: -6.5
C53: 720-739 | F53: -0.5 | G53: -0.75 | H53: -1 | I53: -1 | J53: -1.125 | K53: -2.125 | L53: -3.25 | M53: -7
C54: 700-719 | F54: -0.875 | G54: -1.125 | H54: -1.125 | I54: -1.625 | J54: -1.875 | K54: -3 | L54: -4.25 | M54: -7.5
C55: 680-699 | F55: -1.75 | G55: -2.125 | H55: -1.875 | I55: -2.375 | J55: -2.75 | K55: -4 | L55: -6.5 | M55: NA
C56: 660-679 | F56: -2.5 | G56: -2.875 | H56: -2.875 | I56: -3.375 | J56: -3.75 | K56: -5.875 | L56: -8.5 | M56: NA
C57: 640-659 | F57: -4.25 | G57: -4.5 | H57: -4.5 | I57: -5 | J57: -5.5 | K57: NA | L57: NA | M57: NA
C58: 620-639 | F58: -5.25 | G58: -5.5 | H58: -5.75 | I58: -6.5 | J58: NA | K58: NA | L58: NA | M58: NA
B59: DSCR Additional Adjustments | C59: >= 1.25 | F59: 0.625 | G59: 0.625 | H59: 0.625 | I59: 0.625 | J59: 0.625 | K59: 0.625 | L59: 0.625 | M59: 0.5
C60: 1.00-1.24 | F60: 0 | G60: 0 | H60: 0 | I60: 0 | J60: 0 | K60: 0 | L60: 0 | M60: 0
C61: 0.75-0.99 | F61: -2.25 | G61: -2.25 | H61: -2.25 | I61: -2.25 | J61: -2.25 | K61: -3.25 | L61: -4 | M61: NA
C62: < 0.75 | F62: -5.875 | G62: -5.875 | H62: -5.875 | I62: -6.5 | J62: -6.875 | K62: -8.25 | L62: NA | M62: NA
C63: Super NONI | F63: -0.75 | G63: -0.75 | H63: -0.75 | I63: -0.75 | J63: -1 | K63: -1.375 | L63: -2.125 | M63: NA
B66: Additional LLPAs | F66: CLTV
F67: <=50.00 | G67: 50.01-55.00 | H67: 55.01-60.00 | I67: 60.01-65.00 | J67: 65.01-70.00 | K67: 70.01-75.00 | L67: 75.01-80.00 | M67: 80.01-85.00
B68: Housing History | C68: 0x60x12 | F68: -0.25 | G68: -0.25 | H68: -0.25 | I68: -0.25 | J68: -0.25 | K68: NA | L68: NA | M68: NA
B69: Credit Event Seasoning | C69: > 36 Mo | F69: 0 | G69: 0 | H69: 0 | I69: 0 | J69: 0 | K69: 0 | L69: NA | M69: NA
C70: 24-35 Mo | F70: -0.25 | G70: -0.25 | H70: -0.25 | I70: -0.25 | J70: -0.375 | K70: -0.375 | L70: NA | M70: NA
B71: Loan Balance | C71: <=150,000 | F71: -0.75 | G71: -0.75 | H71: -0.875 | I71: -0.875 | J71: -0.875 | K71: -1.75 | L71: -2 | M71: -4
C72: 150,001 - 250,000 | F72: -0.25 | G72: -0.25 | H72: -0.25 | I72: -0.25 | J72: -0.25 | K72: -0.25 | L72: -0.5 | M72: -0.5
C73: 250,001 - 500,000 | F73: 0 | G73: 0 | H73: 0 | I73: 0 | J73: 0 | K73: 0 | L73: 0 | M73: -0.5
C74: 500,001 - 1,000,000 | F74: 0 | G74: 0 | H74: 0 | I74: 0 | J74: 0 | K74: 0 | L74: 0 | M74: -0.5
C75: 1,000,001 - 1,500,000 | F75: 0 | G75: 0 | H75: 0 | I75: 0 | J75: 0 | K75: 0 | L75: -0.5 | M75: -2
C76: 1,500,001 - 2,000,000 | F76: -0.25 | G76: -0.25 | H76: -0.25 | I76: -0.25 | J76: -0.25 | K76: -0.5 | L76: -2 | M76: NA
C77: 2,000,001 - 2,500,000 | F77: -0.875 | G77: -0.875 | H77: -1 | I77: -1.25 | J77: -1.5 | K77: -2 | L77: NA | M77: NA
C78: 2,500,001 - 3,000,000 | F78: -1.25 | G78: -1.25 | H78: -1.25 | I78: -1.625 | J78: -2 | K78: -2.5 | L78: NA | M78: NA
C79: 3,000,001 - 3,500,000 | F79: -2 | G79: -2 | H79: -2 | I79: -2 | J79: -2.5 | K79: NA | L79: NA | M79: NA
B80: Purpose | C80: CO Refi & DSCR >=1.0 | F80: -0.375 | G80: -0.375 | H80: -0.375 | I80: -0.5 | J80: -0.75 | K80: -1.5 | L80: -2.5 | M80: NA
C81: CO Refi & DSCR <1.0 | F81: -0.75 | G81: -0.75 | H81: -0.75 | I81: -0.875 | J81: -1.25 | K81: NA | L81: NA | M81: NA
C82: Super NONI CO Refi | F82: -0.625 | G82: -0.625 | H82: -0.625 | I82: -0.75 | J82: -1.25 | K82: -2 | L82: NA | M82: NA
B83: Property Type | C83: Condo | F83: -0.125 | G83: -0.125 | H83: -0.125 | I83: -0.25 | J83: -0.5 | K83: -0.75 | L83: -1.5 | M83: -3.5
C84: Condotel | F84: -1.375 | G84: -1.375 | H84: -1.375 | I84: -1.375 | J84: -1.375 | K84: -1.375 | L84: NA | M84: NA
C85: Non Warrantable Condo | F85: -1.375 | G85: -1.375 | H85: -1.375 | I85: -1.375 | J85: -1.375 | K85: -1.375 | L85: -1.75 | M85: -3.75
C86: 2-4 Unit | F86: -0.5 | G86: -0.5 | H86: -0.5 | I86: -0.5 | J86: -0.625 | K86: -0.75 | L86: -1.5 | M86: -4
B87: Amortization | C87: 40 Year | F87: -0.25 | G87: -0.25 | H87: -0.25 | I87: -0.25 | J87: -0.25 | K87: -0.375 | L87: -0.5 | M87: -0.5
C88: Interest Only | F88: -0.5 | G88: -0.5 | H88: -0.5 | I88: -0.5 | J88: -0.625 | K88: -0.75 | L88: -1 | M88: -1.5
C89: 60 Months | F89: 1.25 | G89: 1.25 | H89: 1.25 | I89: 1.25 | J89: 1.25 | K89: 1 | L89: 1 | M89: 1
B90: 5% Fixed Prepayment Penalty | C90: 48 Months | F90: 0.75 | G90: 0.75 | H90: 0.75 | I90: 0.75 | J90: 0.75 | K90: 0.625 | L90: 0.625 | M90: 0.625
C91: 36 Months | F91: 0.625 | G91: 0.625 | H91: 0.625 | I91: 0.625 | J91: 0.625 | K91: 0.5 | L91: 0.5 | M91: 0.5
C92: 24 Months | F92: 0.125 | G92: 0.125 | H92: 0.125 | I92: 0.125 | J92: 0.125 | K92: 0 | L92: 0 | M92: 0
C93: 12 Months | F93: -0.5 | G93: -0.5 | H93: -0.5 | I93: -0.5 | J93: -0.5 | K93: -0.5 | L93: -0.5 | M93: -0.5
C94: No Penalty | F94: -1.5 | G94: -1.5 | H94: -1.5 | I94: -1.5 | J94: -1.75 | K94: -1.75 | L94: -1.75 | M94: -1.75
B95: Prepayment Penalty Term | C95: 60 Months | F95: 0.875 | G95: 0.875 | H95: 0.875 | I95: 0.875 | J95: 0.875 | K95: 0.625 | L95: 0.625 | M95: 0.625
B96: (Other allowable PPP) | C96: 48 Months | F96: 0.375 | G96: 0.375 | H96: 0.375 | I96: 0.375 | J96: 0.375 | K96: 0.25 | L96: 0.25 | M96: 0.25
B97: 3% Fixed PPP | C97: 36 Months | F97: 0.25 | G97: 0.25 | H97: 0.25 | I97: 0.25 | J97: 0.25 | K97: 0.125 | L97: 0.125 | M97: 0.125
B98: Declining PPP | C98: 24 Months | F98: -0.25 | G98: -0.25 | H98: -0.25 | I98: -0.25 | J98: -0.25 | K98: -0.375 | L98: -0.375 | M98: -0.375
B99: 6 Months of interest | C99: 12 Months | F99: -0.875 | G99: -0.875 | H99: -0.875 | I99: -0.875 | J99: -0.875 | K99: -0.875 | L99: -0.875 | M99: -0.875
C100: No Penalty | F100: -1.5 | G100: -1.5 | H100: -1.5 | I100: -1.5 | J100: -1.75 | K100: -1.75 | L100: -1.75 | M100: -1.75
B101: Other | C101: Escrow Waiver | F101: -0.25 | G101: -0.25 | H101: -0.25 | I101: -0.25 | J101: -0.25 | K101: -0.25 | L101: -0.25 | M101: NA
C102: ACH Waiver | F102: -0.25 | G102: -0.25 | H102: -0.25 | I102: -0.25 | J102: -0.25 | K102: -0.25 | L102: -0.25 | M102: -0.25
C103: Short Term Rental | F103: -1.25 | G103: -1.25 | H103: -1.25 | I103: -1.25 | J103: -1.25 | K103: -1.625 | L103: -1.625 | M103: -1.625
C104: FTHB | F104: -0.5 | G104: -0.5 | H104: -0.5 | I104: -0.5 | J104: -0.5 | K104: -0.5 | L104: NA | M104: NA
B105: State | C105: CT, IL, NJ, NY | F105: 0 | G105: 0 | H105: 0 | I105: 0 | J105: 0 | K105: -0.25 | L105: -0.5 | M105: -0.5

Sheet FN NONI
C2: Foreign National NONI
I3: =TODAY() -> 46329 | J3: =TODAY() -> 46329
B7: 15 Day Price | F7: Prepay Min/Max Price | L7: *Foreign National NONI Pricer | N7: 46329.345
A8: Note Rate | B8: 7/6 ARM | C8: 10/ 6 ARM | D8: 30 Yr Fx | F8: Prepay Term | G8: Max Price
A9: =margins!J5 -> 6.75 | B9: 93.789 | C9: 93.689 | D9: 93.689 | F9: 60 Months | G9: 102 | L9: Category | M9: Inputs | N9: Price
A10: =margins!J6 -> 6.875 | B10: 94.789 | C10: 94.689 | D10: 94.689 | F10: 48 Months | G10: 102
A11: =margins!J7 -> 7 | B11: 95.789 | C11: 95.689 | D11: 95.689 | F11: 36 Months | G11: 102 | L11: Product | M11: 30 Yr Fx
A12: =margins!J8 -> 7.125 | B12: 96.726 | C12: 96.626 | D12: 96.626 | F12: 24 Months | G12: 101.5 | L12: Interest Rate ---> | M12: 7.875 | N12: =IF(M11="7/6 Arm",VLOOKUP(M12,$A$8:$D$37,2,FALSE),IF(M11="10/6 Arm",VLOOKUP(M12,$A$8:$D$37,3,FALSE),VLOOKUP(M12,$A$8:$D$37,4,FALSE))) -> 101.626
A13: =margins!J9 -> 7.25 | B13: 97.664 | C13: 97.564 | D13: 97.564 | F13: 12 Months | G13: 99.5 | L13: CLTV Range | M13: 50.01-55.00
A14: =margins!J10 -> 7.375 | B14: 98.601 | C14: 98.501 | D14: 98.501 | F14: No Penalty | G14: 98.5 | L14: FICO Range | M14: Choose a Selection | N14: =IFERROR(INDEX($C$42:$H$43,MATCH(M14,B42:B43,0),MATCH(M13,C41:H41,0),1),0) -> 0
A15: =margins!J11 -> 7.5 | B15: 99.476 | C15: 99.376 | D15: 99.376 | L15: DSCR | M15: 1.00-1.24 | N15: =IFERROR(INDEX($C$44:$H$45,MATCH(M15,B44:B45,0),MATCH(M13,$C$41:$H$41,0),1),0) -> 0
A16: =margins!J12 -> 7.625 | B16: 100.351 | C16: 100.251 | D16: 100.251 | F16: PREPAY PENALTY NOTES | L16: Loan Balance | M16: $250,001 - $500,000 | N16: =IFERROR(INDEX($C$50:$H$76,MATCH(M16,$B$50:$B$76,0),MATCH($M$13,$C$41:$H$41,0),1),0) -> 0
A17: =margins!J13 -> 7.75 | B17: 101.039 | C17: 100.939 | D17: 100.939 | F17: 1. AK, KS, MI, MN, NM, OH, & RI must buyout PPP | L17: Purpose | M17: Choose a Selection | N17: =IFERROR(INDEX($C$50:$H$76,MATCH(M17,$B$50:$B$76,0),MATCH($M$13,$C$41:$H$41,0),1),0) -> 0
A18: =margins!J14 -> 7.875 | B18: 101.726 | C18: 101.626 | D18: 101.626 | L18: Property Type | M18: Choose a Selection | N18: =IFERROR(INDEX($C$50:$H$76,MATCH(M18,$B$50:$B$76,0),MATCH($M$13,$C$41:$H$41,0),1),0) -> 0
A19: =margins!J15 -> 8 | B19: 102.383 | C19: 102.283 | D19: 102.283 | F19: 2. IL & NJ -Prepayment penalties not allowed on loans vested to individuals | L19: 40 Year Term | M19: Choose a Selection | N19: =IFERROR(INDEX($C$50:$H$76,MATCH(M19,$B$50:$B$76,0),MATCH($M$13,$C$41:$H$41,0),1),0) -> 0
A20: =margins!J16 -> 8.125 | B20: 103.008 | C20: 102.908 | D20: 102.908 | L20: Interest Only | M20: Choose a Selection | N20: =IFERROR(INDEX($C$50:$H$76,MATCH(M20,$B$50:$B$76,0),MATCH($M$13,$C$41:$H$41,0),1),0) -> 0
A21: =margins!J17 -> 8.25 | B21: 103.602 | C21: 103.502 | D21: 103.502 | F21: 3. PA - Loan amounts < $329,411 cannot have a prepayment penalty | L21: 5% PPP | M21: Choose a Selection | N21: =IFERROR(INDEX($C$50:$H$76,MATCH(M21,$B$50:$B$76,0),MATCH($M$13,$C$41:$H$41,0),1),0) -> 0
A22: =margins!J18 -> 8.375 | B22: 104.133 | C22: 104.033 | D22: 104.033 | L22: Other Allowable PPP | M22: Choose a Selection | N22: =IFERROR(INDEX($C$67:$H$76,MATCH(M22,$B$67:$B$76,0),MATCH($M$13,$C$41:$H$41,0),1),0) -> 0
A23: =margins!J19 -> 8.5 | B23: 104.633 | C23: 104.533 | D23: 104.533 | F23: 4. Only declining prepayment penalty structures allowed in MS | L23: Escrow Waiver | M23: Choose a Selection | N23: =IFERROR(INDEX($C$50:$H$76,MATCH(M23,$B$50:$B$76,0),MATCH($M$13,$C$41:$H$41,0),1),0) -> 0
A24: =margins!J20 -> 8.625 | B24: 105.071 | C24: 104.971 | D24: 104.971 | L24: STR | M24: Choose a Selection | N24: =IFERROR(INDEX($C$50:$H$76,MATCH(M24,$B$50:$B$76,0),MATCH($M$13,$C$41:$H$41,0),1),0) -> 0
A25: =margins!J21 -> 8.75 | B25: 105.508 | C25: 105.408 | D25: 105.408 | L25: < 12 Months Reserves | M25: Choose a Selection | N25: =IFERROR(INDEX($C$50:$H$76,MATCH(M25,$B$50:$B$76,0),MATCH($M$13,$C$41:$H$41,0),1),0) -> 0
A26: =margins!J22 -> 8.875 | B26: 105.946 | C26: 105.846 | D26: 105.846 | L26: State Adj | M26: Choose a Selection | N26: =IFERROR(INDEX($C$50:$H$76,MATCH(M26,$B$50:$B$76,0),MATCH($M$13,$C$41:$H$41,0),1),0) -> 0
A27: =margins!J23 -> 9 | B27: 106.383 | C27: 106.283 | D27: 106.283 | L27: Lock Period | M27: Choose a Selection | N27: =_xlfn.IFNA(VLOOKUP(M27,$F$37:$G$38, 2,0), 0) -> 0
A28: =margins!J24 -> 9.125 | B28: 106.758 | C28: 106.658 | D28: 106.658 | L28: Total LLPAs | N28: =SUM(N14:N27) -> 0
A29: =margins!J25 -> 9.25 | B29: 107.133 | C29: 107.033 | D29: 107.033
A30: =margins!J26 -> 9.375 | B30: 107.445 | C30: 107.345 | D30: 107.345 | F30: ARM Requirements | L30: Final Price ---> | N30: =IF(ISNUMBER(MATCH("NA",N14:N27,0)),"NA",IF(AND(M21="Choose a Selection",M22<>"Choose a Selection"),(MIN(N28+N12,VLOOKUP($M$22,$F$9:$G$14,2,FALSE))),IF(AND(M22="Choose a Selection",M21<>"Choose a Selection"),MIN(N28+N12,VLOOKUP($M$21,$F$9:$G$14,2,FALSE)),IF(AND(M21="Choose a Selection",M22="Choose a Selection"),N12+N28)))) -> 101.626
A31: =margins!J27 -> 9.5 | B31: 107.758 | C31: 107.658 | D31: 107.658 | F31: ARM Index | G31: SOFR 30AVG
A32: =margins!J28 -> 9.625 | B32: 108.071 | C32: 107.971 | D32: 107.971 | F32: ARM Margin | G32: 4.5 | L32: *Foreign National NONI Pricer is a pricing tool only, please refer to the matrix for eligibility
A33: =margins!J29 -> 9.75 | B33: 108.383 | C33: 108.283 | D33: 108.283 | F33: 7yr/10yr ARM Caps | G33: 2/1/5
A34: =margins!J30 -> 9.875 | B34: 108.696 | C34: 108.596 | D34: 108.596 | F34: Reset Frequency | G34: 6 mo
A35: =margins!J31 -> 10 | B35: 108.946 | C35: 108.846 | D35: 108.846
A36: =margins!J32 -> 10.125 | B36: 109.196 | C36: 109.096 | D36: 109.096 | F36: Lock Period Adjustments | H36: ACH Requirement
A37: =margins!J33 -> 10.25 | B37: 109.446 | C37: 109.346 | D37: 109.346 | F37: 30 days | G37: 0 | H37: ACH required; account must be domestic
F38: 45 days | G38: -0.375
A40: FICO/CLTV LLPAs (Price Adjustments)
A41: DSCR | B41: Choose a Selection | C41: <=50.00 | D41: 50.01-55.00 | E41: 55.01-60.00 | F41: 60.01-65.00 | G41: 65.01-70.00 | H41: 70.01-75.00
B42: 680+ | C42: 0.5 | D42: 0.125 | E42: -0.125 | F42: -1 | G42: -2.5 | H42: -3.75
B43: No Credit Score | C43: 0.5 | D43: 0.125 | E43: -0.125 | F43: -1 | G43: -2.5 | H43: -3.75
A44: DSCR Additional Adjustments | B44: >=1.25 | C44: 0.5 | D44: 0.5 | E44: 0.5 | F44: 0.625 | G44: 0.625 | H44: 0.625
B45: 1.00-1.24 | C45: 0 | D45: 0 | E45: 0 | F45: 0 | G45: 0 | H45: 0
B47: Choose a Selection
A48: OTHER LLPAs (Price Adjustments)
B49: CLTV | C49: <=50.00 | D49: 50.01-55.00 | E49: 55.01-60.00 | F49: 60.01-65.00 | G49: 65.01-70.00 | H49: 70.01-75.00
A50: Loan Balance | B50: $100,000 - $150,000 | C50: -0.75 | D50: -0.75 | E50: -0.875 | F50: -0.875 | G50: -0.875 | H50: -1.75
B51: $150,001 - $250,000 | C51: -0.25 | D51: -0.25 | E51: -0.25 | F51: -0.25 | G51: -0.25 | H51: -0.25
B52: $250,001 - $500,000 | C52: 0 | D52: 0 | E52: 0 | F52: 0 | G52: 0 | H52: 0
B53: $500,001 - $1,000,000 | C53: 0 | D53: 0 | E53: 0 | F53: 0 | G53: 0 | H53: 0
B54: $1,000,001 - $1,500,000 | C54: 0 | D54: 0 | E54: 0 | F54: 0 | G54: 0 | H54: 0
A55: Purpose | B55: Cash-Out Refi | C55: -0.375 | D55: -0.375 | E55: -0.375 | F55: -0.5 | G55: NA | H55: NA
A56: Property Type | B56: Condo | C56: -0.125 | D56: -0.125 | E56: -0.125 | F56: -0.25 | G56: -0.5 | H56: NA
B57: Condotel | C57: -1.375 | D57: -1.375 | E57: -1.375 | F57: -1.375 | G57: -1.375 | H57: NA
B58: 2-4 Unit | C58: -0.5 | D58: -0.5 | E58: -0.5 | F58: -0.5 | G58: -0.625 | H58: NA
A59: Amortization | B59: 40 Year | C59: -0.25 | D59: -0.25 | E59: -0.25 | F59: -0.25 | G59: -0.25 | H59: -0.375
B60: Interest Only | C60: -0.5 | D60: -0.5 | E60: -0.5 | F60: -0.5 | G60: -0.625 | H60: -0.75
A61: 5% Fixed Prepayment Penalty Term* | B61: 60 Months | C61: 1 | D61: 1 | E61: 1 | F61: 1 | G61: 1.125 | H61: 1.125
B62: 48 Months | C62: 0.75 | D62: 0.75 | E62: 0.75 | F62: 0.75 | G62: 0.875 | H62: 0.875
B63: 36 Months | C63: 0.5 | D63: 0.5 | E63: 0.5 | F63: 0.5 | G63: 0.625 | H63: 0.625
B64: 24 Months | C64: 0 | D64: 0 | E64: 0 | F64: 0 | G64: 0.125 | H64: 0.125
B65: 12 Months | C65: -0.5 | D65: -0.5 | E65: -0.5 | F65: -0.5 | G65: -0.5 | H65: -0.5
B66: No Penalty | C66: -1 | D66: -1 | E66: -1 | F66: -1 | G66: -1 | H66: -1
A67: Prepayment Penalty Term | B67: 60 Months | C67: 0.625 | D67: 0.625 | E67: 0.625 | F67: 0.625 | G67: 0.75 | H67: 0.75
A68: (Other allowable PPP) | B68: 48 Months | C68: 0.375 | D68: 0.375 | E68: 0.375 | F68: 0.375 | G68: 0.5 | H68: 0.5
A69: 3% Fixed PPP | B69: 36 Months | C69: 0.125 | D69: 0.125 | E69: 0.125 | F69: 0.125 | G69: 0.25 | H69: 0.25
A70: Declining PPP | B70: 24 Months | C70: -0.375 | D70: -0.375 | E70: -0.375 | F70: -0.375 | G70: -0.25 | H70: -0.25
A71: 6 Months of interest | B71: 12 Months | C71: -0.875 | D71: -0.875 | E71: -0.875 | F71: -0.875 | G71: -0.875 | H71: -0.875
B72: No Penalty | C72: -1 | D72: -1 | E72: -1 | F72: -1 | G72: -1 | H72: -1
A73: Other | B73: Escrow Waiver | C73: -0.25 | D73: -0.25 | E73: -0.25 | F73: -0.25 | G73: -0.25 | H73: -0.5
B74: Short Term Rental | C74: -1.25 | D74: -1.25 | E74: -1.25 | F74: -1.25 | G74: -1.25 | H74: -1.625
B75: < 12 Months Reserves | C75: -0.25 | D75: -0.25 | E75: -0.25 | F75: -0.25 | G75: -0.25 | H75: -0.25
A76: State | B76: CT, IL, NJ, NY | C76: 0 | D76: 0 | E76: 0 | F76: 0 | G76: 0 | H76: -0.25

Sheet FNNONITest
J2: Effective Date: | L2: =NOW() -> 46329.345
K3: Wholesale Rate Sheet
L5: Page 3
A10: Foreign National NONI | P10: *Foreign National NONI Pricer
C12: 15 Day Price | P12: Category | Q12: Inputs | R12: Price
B13: Rate | C13: 7/6 ARM | D13: 10/6 ARM | E13: 30YR FIXED | G13: MAX PRICE | K13: LOCK TERMS
B14: =margins!J5 -> 6.75 | C14: 93.789 | D14: 93.689 | E14: 93.689 | G14: Prepay Term | I14: Max Price | K14: 30 Day Lock | M14: 0 | P14: Product | Q14: 30 Yr Fx
B15: =margins!J6 -> 6.875 | C15: 94.789 | D15: 94.689 | E15: 94.689 | G15: 60 Months | I15: 102 | K15: 45 Day Lock | M15: -0.375 | P15: Interest Rate ---> | Q15: 7.875 | R15: =IF(Q14="7/6 Arm",VLOOKUP(Q15,$B$14:$E$43,2,FALSE),IF(Q14="10/6 Arm",VLOOKUP(Q15,$B$14:$E$43,3,FALSE),VLOOKUP(Q15,$B$14:$E$43,4,FALSE))) -> 101.626
B16: =margins!J7 -> 7 | C16: 95.789 | D16: 95.689 | E16: 95.689 | G16: 48 Months | I16: 102 | P16: CLTV Range | Q16: 50.01-55.00
B17: =margins!J8 -> 7.125 | C17: 96.726 | D17: 96.626 | E17: 96.626 | G17: 36 Months | I17: 102 | P17: FICO Range | Q17: No Credit Score | R17: =IFERROR(INDEX($F$47:$K$48,MATCH(Q17,$C$47:$E$48,0),MATCH($Q$16,$F$46:$K$46,0),1),0) -> 0
B18: =margins!J9 -> 7.25 | C18: 97.664 | D18: 97.564 | E18: 97.564 | G18: 24 Months | I18: 101.5 | K18: PREPAY PENALTY NOTES | P18: DSCR | Q18: Choose a Selection | R18: =IFERROR(INDEX($F$49:$K$50,MATCH(Q18,$C$49:$E$50,0),MATCH($Q$16,$F$46:$K$46,0),1),0) -> 0
B19: =margins!J10 -> 7.375 | C19: 98.601 | D19: 98.501 | E19: 98.501 | G19: 12 Months | I19: 99.5 | K19: 1. AK, KS, MI, MN, NM, OH, & RI must buyout PPP | P19: Loan Balance | Q19: $250,001 - $500,000 | R19: =IFERROR(INDEX($F$55:$K$81,MATCH(Q19,$C$55:$C$81,0),MATCH($Q$16,$F$54:$K$54,0),1),0) -> 0
B20: =margins!J11 -> 7.5 | C20: 99.476 | D20: 99.376 | E20: 99.376 | G20: No Penalty | I20: 98.5 | P20: Purpose | Q20: Choose a Selection | R20: =IFERROR(INDEX($F$55:$K$81,MATCH(Q20,$C$55:$C$81,0),MATCH($Q$16,$F$54:$K$54,0),1),0) -> 0
B21: =margins!J12 -> 7.625 | C21: 100.351 | D21: 100.251 | E21: 100.251 | K21: 2. IL & NJ -Prepayment penalties not allowed on loans vested to individuals | P21: Property Type | Q21: Choose a Selection | R21: =IFERROR(INDEX($F$55:$K$81,MATCH(Q21,$C$55:$C$81,0),MATCH($Q$16,$F$54:$K$54,0),1),0) -> 0
B22: =margins!J13 -> 7.75 | C22: 101.039 | D22: 100.939 | E22: 100.939 | P22: 40 Year Term | Q22: Choose a Selection | R22: =IFERROR(INDEX($F$55:$K$81,MATCH(Q22,$C$55:$C$81,0),MATCH($Q$16,$F$54:$K$54,0),1),0) -> 0
B23: =margins!J14 -> 7.875 | C23: 101.726 | D23: 101.626 | E23: 101.626 | G23: ARM TERMS | K23: 3. PA - Loan amounts < $319,777 cannot have a prepayment penalty | P23: Interest Only | Q23: Choose a Selection | R23: =IFERROR(INDEX($F$55:$K$81,MATCH(Q23,$C$55:$C$81,0),MATCH($Q$16,$F$54:$K$54,0),1),0) -> 0
B24: =margins!J15 -> 8 | C24: 102.383 | D24: 102.283 | E24: 102.283 | G24: Term | H24: 7/6 & 10/6 ARM | P24: 5% PPP | Q24: Choose a Selection | R24: =IFERROR(INDEX($F$55:$K$81,MATCH(Q24,$C$55:$C$81,0),MATCH($Q$16,$F$54:$K$54,0),1),0) -> 0
B25: =margins!J16 -> 8.125 | C25: 103.008 | D25: 102.908 | E25: 102.908 | G25: Margin | H25: 4.5 | K25: 4. Only declining prepayment penalty structures allowed in MS | P25: Other Allowable PPP | Q25: Choose a Selection | R25: =IFERROR(INDEX($F$72:$K$77,MATCH(Q25,$C$72:$C$77,0),MATCH($Q$16,$F$54:$K$54,0),1),0) -> 0
B26: =margins!J17 -> 8.25 | C26: 103.602 | D26: 103.502 | E26: 103.502 | G26: Index | H26: 30 Day Average SOFR | P26: Escrow Waiver | Q26: Choose a Selection | R26: =IFERROR(INDEX($F$55:$K$81,MATCH(Q26,$C$55:$C$81,0),MATCH($Q$16,$F$54:$K$54,0),1),0) -> 0
B27: =margins!J18 -> 8.375 | C27: 104.133 | D27: 104.033 | E27: 104.033 | G27: Caps | H27: 2/1/5 | P27: STR | Q27: Choose a Selection | R27: =IFERROR(INDEX($F$55:$K$81,MATCH(Q27,$C$55:$C$81,0),MATCH($Q$16,$F$54:$K$54,0),1),0) -> 0
B28: =margins!J19 -> 8.5 | C28: 104.633 | D28: 104.533 | E28: 104.533 | G28: Adj. Period | H28: 6 Months | P28: < 12 Months Reserves | Q28: Choose a Selection | R28: =IFERROR(INDEX($F$55:$K$81,MATCH(Q28,$C$55:$C$81,0),MATCH($Q$16,$F$54:$K$54,0),1),0) -> 0
B29: =margins!J20 -> 8.625 | C29: 105.071 | D29: 104.971 | E29: 104.971 | P29: State Adj | Q29: Choose a Selection | R29: =IFERROR(INDEX($F$55:$K$81,MATCH(Q29,$C$55:$C$81,0),MATCH($Q$16,$F$54:$K$54,0),1),0) -> 0
B30: =margins!J21 -> 8.75 | C30: 105.508 | D30: 105.408 | E30: 105.408 | P30: Lock Period | Q30: Choose a Selection | R30: =IF(Q30=30,0, IF(Q30=45,M15, 0)) -> 0
B31: =margins!J22 -> 8.875 | C31: 105.946 | D31: 105.846 | E31: 105.846 | P31: Total LLPAs | R31: =SUM(R17:R30) -> 0
B32: =margins!J23 -> 9 | C32: 106.383 | D32: 106.283 | E32: 106.283
B33: =margins!J24 -> 9.125 | C33: 106.758 | D33: 106.658 | E33: 106.658 | P33: Final Price ---> | R33: =IF(ISNUMBER(MATCH("NA",R17:R30,0)),"NA",IF(AND(Q24="Choose a Selection",Q25<>"Choose a Selection"),(MIN(R31+R15,VLOOKUP($Q$25,$G$15:$I$20,3,FALSE))),IF(AND(Q25="Choose a Selection",Q24<>"Choose a Selection"),MIN(R31+R15,VLOOKUP($Q$24,$G$15:$I$20,3,FALSE)),IF(AND(Q24="Choose a Selection",Q25="Choose a Selection"),R15+R31)))) -> 101.626
B34: =margins!J25 -> 9.25 | C34: 107.133 | D34: 107.033 | E34: 107.033
B35: =margins!J26 -> 9.375 | C35: 107.445 | D35: 107.345 | E35: 107.345 | P35: *Foreign National NONI Pricer is a pricing tool only, please refer to the matrix for eligibility
B36: =margins!J27 -> 9.5 | C36: 107.758 | D36: 107.658 | E36: 107.658
B37: =margins!J28 -> 9.625 | C37: 108.071 | D37: 107.971 | E37: 107.971
B38: =margins!J29 -> 9.75 | C38: 108.383 | D38: 108.283 | E38: 108.283
B39: =margins!J30 -> 9.875 | C39: 108.696 | D39: 108.596 | E39: 108.596
B40: =margins!J31 -> 10 | C40: 108.946 | D40: 108.846 | E40: 108.846
B41: =margins!J32 -> 10.125 | C41: 109.196 | D41: 109.096 | E41: 109.096
B42: =margins!J33 -> 10.25 | C42: 109.446 | D42: 109.346 | E42: 109.346
B45: Price Adjustments | F45: CLTV
C46: Choose a Selection | E46: Choose a Selection | F46: <=50.00 | G46: 50.01-55.00 | H46: 55.01-60.00 | I46: 60.01-65.00 | J46: 65.01-70.00 | K46: 70.01-75.00
B47: DSCR | C47: 680+ | F47: 0.5 | G47: 0.125 | H47: -0.125 | I47: -1 | J47: -2.5 | K47: -3.75
C48: No Credit Score | F48: 0.5 | G48: 0.125 | H48: -0.125 | I48: -1 | J48: -2.5 | K48: -3.75
B49: DSCR Additional Adjustments | C49: >=1.25 | F49: 0.5 | G49: 0.5 | H49: 0.5 | I49: 0.625 | J49: 0.625 | K49: 0.625
C50: 1.00-1.24 | F50: 0 | G50: 0 | H50: 0 | I50: 0 | J50: 0 | K50: 0
B53: Additional LLPAs | F53: CLTV
F54: <=50.00 | G54: 50.01-55.00 | H54: 55.01-60.00 | I54: 60.01-65.00 | J54: 65.01-70.00 | K54: 70.01-75.00
B55: Loan Balance | C55: 100,000 - 150,000 | F55: -0.75 | G55: -0.75 | H55: -0.875 | I55: -0.875 | J55: -0.875 | K55: -1.75
C56: 150,001 - 250,000 | F56: -0.25 | G56: -0.25 | H56: -0.25 | I56: -0.25 | J56: -0.25 | K56: -0.25
C57: 250,001 - 500,000 | F57: 0 | G57: 0 | H57: 0 | I57: 0 | J57: 0 | K57: 0
C58: 500,001 - 1,000,000 | F58: 0 | G58: 0 | H58: 0 | I58: 0 | J58: 0 | K58: 0
C59: 1,000,001 - 1,500,000 | F59: 0 | G59: 0 | H59: 0 | I59: 0 | J59: 0 | K59: 0
B60: Purpose | C60: Cash-Out Refi | F60: -0.375 | G60: -0.375 | H60: -0.375 | I60: -0.5 | J60: NA | K60: NA
B61: Propoerty Type | C61: Condo | F61: -0.125 | G61: -0.125 | H61: -0.125 | I61: -0.25 | J61: -0.5 | K61: NA
C62: Condotel | F62: -1.375 | G62: -1.375 | H62: -1.375 | I62: -1.375 | J62: -1.375 | K62: NA
C63: 2-4 Unit | F63: -0.5 | G63: -0.5 | H63: -0.5 | I63: -0.5 | J63: -0.625 | K63: NA
B64: Amortization | C64: 40 Year | F64: -0.25 | G64: -0.25 | H64: -0.25 | I64: -0.25 | J64: -0.25 | K64: -0.375
C65: Interest Only | F65: -0.5 | G65: -0.5 | H65: -0.5 | I65: -0.5 | J65: -0.625 | K65: -0.75
B66: 5% Fixed Prepayment Penalty | C66: 60 Months | F66: 1 | G66: 1 | H66: 1 | I66: 1 | J66: 1.125 | K66: 1.125
C67: 48 Months | F67: 0.75 | G67: 0.75 | H67: 0.75 | I67: 0.75 | J67: 0.875 | K67: 0.875
C68: 36 Months | F68: 0.5 | G68: 0.5 | H68: 0.5 | I68: 0.5 | J68: 0.625 | K68: 0.625
C69: 24 Months | F69: 0 | G69: 0 | H69: 0 | I69: 0 | J69: 0.125 | K69: 0.125
C70: 12 Months | F70: -0.5 | G70: -0.5 | H70: -0.5 | I70: -0.5 | J70: -0.5 | K70: -0.5
C71: No Penalty | F71: -1 | G71: -1 | H71: -1 | I71: -1 | J71: -1 | K71: -1
B72: Prepayment Penalty Term | C72: 60 Months | F72: 0.625 | G72: 0.625 | H72: 0.625 | I72: 0.625 | J72: 0.75 | K72: 0.75
B73: (Other allowable PPP) | C73: 48 Months | F73: 0.375 | G73: 0.375 | H73: 0.375 | I73: 0.375 | J73: 0.5 | K73: 0.5
B74: 3% Fixed PPP | C74: 36 Months | F74: 0.125 | G74: 0.125 | H74: 0.125 | I74: 0.125 | J74: 0.25 | K74: 0.25
B75: Declining PPP | C75: 24 Months | F75: -0.375 | G75: -0.375 | H75: -0.375 | I75: -0.375 | J75: -0.25 | K75: -0.25
B76: 6 Months of interest | C76: 12 Months | F76: -0.875 | G76: -0.875 | H76: -0.875 | I76: -0.875 | J76: -0.875 | K76: -0.875
C77: No Penalty | F77: -1 | G77: -1 | H77: -1 | I77: -1 | J77: -1 | K77: -1
B78: Other | C78: Escrow Waiver | F78: -0.25 | G78: -0.25 | H78: -0.25 | I78: -0.25 | J78: -0.25 | K78: -0.5
C79: Short Term Rental | F79: -1 | G79: -1 | H79: -1 | I79: -1 | J79: -1 | K79: -1
C80: < 12 Months Reserves | F80: -0.25 | G80: -0.25 | H80: -0.25 | I80: -0.25 | J80: -0.25 | K80: -0.25
B81: State | C81: CT, IL, NJ, NY | F81: 0 | G81: 0 | H81: 0 | I81: 0 | J81: 0 | K81: -0.25
B113: For use by mortgage professionals only. Mortgage Financing Provided by Hometown Equity Mortgage, LLC dba theLender NMLS #133519 . Rates, terms and programs subject to change without notice.

Sheet Cover Noni58
F9: Effective Date: | H9: 46329
B12: theLender Non-QM Business Purpose 5- 8 Unit Rate Sheet
B14: LOCK DESK | I14: APPRAISAL ORDER PROCEDURES
J16: AMC selection can be made at: https://www.thelender.com/appraisals/
C18: CONTACT:
C19: E-mail: | D19: pricingdesk@thelender.com
C20: Direct: | D20: 833-381-8733
C21: Lock cut off at 3:00 PM PST
B25: TABLE OF CONTENTS | I25: NON QM Fees
C28: Noni58 Products | I28: Underwriting Fee: $2,095
C29: NONI58 | G29: Page 2 | I29: Doc Prep Fee: $599 (Business Purpose Only)
C30: NONI58 Matrix | G30: Page 3 | J30: Funding Fee: $575
E38: *EXTENSION FEES
E40: NON QM
G41: 5 day | J41: -0.125
G42: 7 day | J42: -0.175
G43: 10 day | J43: -0.25
G44: 15 day | J44: -0.375
E46: *3 total lock extensions allowed, up to 30 days
B48: Eligible States
C50: AK*, AL, AR, AZ, CA, CO, CT, DC, DE, FL, GA, HI, IA, ID, IL, IN, KS*, KY, LA, MA, MD, ME, MI*, MN*, MO, MS, MT,
C51: NC, ND, NE, NH, NJ, NM*, NV, NY*, OH*, OK, OR, PA, RI*, SC, SD, TN, TX, UT, VA, VT, WA, WI, WV, WY
C53: *See Matrix for restrictions and additional details regarding Prepayment Penalty
B72: LOSS PAYEE
B74: Hometown Equity Mortgage, LLC dba theLender its successors and/or assigns
B75: 25531 Commercentre Dr #250, Lake Forest, CA 92630
B76: For use by mortgage professionals only. Mortgage Financing Provided by Hometown Equity Mortgage, LLC dba theLender NMLS #133519 . Rates, terms and programs subject to change without notice.

Sheet NONI58
C2: NONI 58
A7: DSCR Multi Property (5-8 Residential Units) | G7: MAX PRICE AND LOCK TERM | L7: *NONI58 Pricer | N7: 46329.345
G8: 15 Lock Period | H8: 0
A9: Note Rate | B9: 7/6 ARM | C9: 10/6 ARM | D9: 30 Yr Fx | G9: 30 Lock Period | H9: -0.375 | L9: Category | M9: Inputs | N9: Price
A10: =margins!Y5 -> 8 | B10: 94.108 | C10: 93.558 | D10: 93.058
A11: =margins!Y6 -> 8.125 | B11: 94.77 | C11: 94.22 | D11: 93.72 | G11: Prepay Term | H11: Max Price | L11: Product | M11: 30 Yr Fx
A12: =margins!Y7 -> 8.25 | B12: 95.432 | C12: 94.882 | D12: 94.382 | G12: 60 Months | H12: 101 | L12: Interest Rate ---> | M12: 9 | N12: =IF(M11="7/6 Arm",VLOOKUP(M12,$A$10:$D$38,2,FALSE),IF(M11="10/6 Arm",VLOOKUP(M12,$A$10:$D$38,3,FALSE),VLOOKUP(M12,$A$10:$D$38,4,FALSE))) -> 98.354
A13: =margins!Y8 -> 8.375 | B13: 96.094 | C13: 95.544 | D13: 95.044 | G13: 48 Months | H13: 101 | L13: CLTV Range | M13: 65.01-70.00
A14: =margins!Y9 -> 8.5 | B14: 96.756 | C14: 96.206 | D14: 95.706 | G14: 36 Months | H14: 101 | L14: FICO Range | M14: 700-719 | N14: =IFERROR(INDEX($C$42:$H$47,MATCH(M14,B42:B47,0),MATCH(M13,C41:H41,0),1),0) -> -1
A15: =margins!Y10 -> 8.625 | B15: 97.418 | C15: 96.868 | D15: 96.368 | G15: 24 Months | H15: 101 | L15: Housing History | M15: Choose a Selection | N15: =IFERROR(INDEX($C$51:$H$70,MATCH(M15,$B$51:$B$70,0),MATCH($M$13,$C$41:$H$41,0),1),0) -> 0
A16: =margins!Y11 -> 8.75 | B16: 98.08 | C16: 97.53 | D16: 97.03 | G16: 12 Months | H16: 99.275 | L16: Housing Events | M16: Choose a Selection | N16: =IFERROR(INDEX($C$51:$H$70,MATCH(M16,$B$51:$B$70,0),MATCH($M$13,$C$41:$H$41,0),1),0) -> 0
A17: =margins!Y12 -> 8.875 | B17: 98.742 | C17: 98.192 | D17: 97.692 | G17: No Penalty | H17: 98.275 | L17: Loan Balance | M17: Choose a Selection | N17: =IFERROR(INDEX($C$51:$H$70,MATCH(M17,$B$51:$B$70,0),MATCH($M$13,$C$41:$H$41,0),1),0) -> 0
A18: =margins!Y13 -> 9 | B18: 99.404 | C18: 98.854 | D18: 98.354 | L18: Purpose | M18: Choose a Selection | N18: =IFERROR(INDEX($C$51:$H$70,MATCH(M18,$B$51:$B$70,0),MATCH($M$13,$C$41:$H$41,0),1),0) -> 0
A19: =margins!Y14 -> 9.125 | B19: 100.066 | C19: 99.516 | D19: 99.016 | G19: 1) Prepayment penalties not allowed in AK, KS, MI, MN, MS, NM, OH, and RI | L19: Property Type | M19: Choose a Selection | N19: =IFERROR(INDEX($C$51:$H$70,MATCH(M19,$B$51:$B$70,0),MATCH($M$13,$C$41:$H$41,0),1),0) -> 0
A20: =margins!Y15 -> 9.25 | B20: 100.653 | C20: 100.103 | D20: 99.603 | G20: 2) Prepayment penalties not allowed on loans vested to individuals | L20: Interest Only | M20: Choose a Selection | N20: =IFERROR(INDEX($C$51:$H$70,MATCH(M20,$B$51:$B$70,0),MATCH($M$13,$C$41:$H$41,0),1),0) -> 0
A21: =margins!Y16 -> 9.375 | B21: 101.24 | C21: 100.69 | D21: 100.19 | G21: in NJ | L21: 5% PPP | M21: 60 Months | N21: =IFERROR(INDEX($C$51:$H$70,MATCH(M21,$B$51:$B$70,0),MATCH($M$13,$C$41:$H$41,0),1),0) -> 1
A22: =margins!Y17 -> 9.5 | B22: 101.827 | C22: 101.277 | D22: 100.777 | G22: 3) Prepayment penalties not allowed on loan amounts less | L22: Escrow Waiver | M22: Choose a Selection | N22: =IFERROR(INDEX($C$51:$H$70,MATCH(M22,$B$51:$B$70,0),MATCH($M$13,$C$41:$H$41,0),1),0) -> 0
A23: =margins!Y18 -> 9.625 | B23: 102.414 | C23: 101.864 | D23: 101.364 | G23: than $329,411 in PA | L23: ACH Waiver | M23: Choose a Selection | N23: =IFERROR(INDEX($C$51:$H$70,MATCH(M23,$B$51:$B$70,0),MATCH($M$13,$C$41:$H$41,0),1),0) -> 0
A24: =margins!Y19 -> 9.75 | B24: 102.939 | C24: 102.389 | D24: 101.889 | G24: 4) Only declining prepayment penalty structures allowed in MS | L24: Lock Period | M24: 15 | N24: =IF(M24=15,0,H9) -> 0
A25: =margins!Y20 -> 9.875 | B25: 103.464 | C25: 102.914 | D25: 102.414 | L25: Total LLPAs | N25: =SUM(N14:N24) -> 0
A26: =margins!Y21 -> 10 | B26: 103.989 | C26: 103.439 | D26: 102.939
A27: =margins!Y22 -> 10.125 | B27: 104.514 | C27: 103.964 | D27: 103.464 | L27: Final Price ---> | N27: =IF(ISNUMBER(MATCH("NA", N14:N24, 0)), "NA", MIN(N25+N12,VLOOKUP($M$21,$G$12:$H$17,2,FALSE))) -> 98.354
A28: =margins!Y23 -> 10.25 | B28: 105.039 | C28: 104.489 | D28: 103.989
A29: =margins!Y24 -> 10.375 | B29: 105.564 | C29: 105.014 | D29: 104.514 | L29: *NONI58 Pricer is a pricing tool only, please refer to the matrix for eligibility
A30: =margins!Y25 -> 10.5 | B30: 106.089 | C30: 105.539 | D30: 105.039
A31: =margins!Y26 -> 10.625 | B31: 106.614 | C31: 106.064 | D31: 105.564 | L31: Program Codes
A32: =margins!Y27 -> 10.75 | B32: 107.139 | C32: 106.589 | D32: 106.089 | L32: TBD58-FX30 | M32: Beacon DSCR 30 Yr Fixed
A33: =margins!Y28 -> 10.875 | B33: 107.664 | C33: 107.114 | D33: 106.614 | L33: TBD58-FX30IO | M33: DSCR 30 Yr Fixed IO
A34: =margins!Y29 -> 11 | B34: 108.189 | C34: 107.639 | D34: 107.139 | G34: ARM Requirements | L34: TBD58-30AL07 | M34: Beacon DSCR 7/6 ARM
A35: =margins!Y30 -> 11.125 | B35: 108.651 | C35: 108.101 | D35: 107.601 | G35: ARM Index | H35: SOFR 30AVG | L35: TBD58-30AL07IO | M35: Beacon DSCR 7/6 ARM IO
A36: =margins!Y31 -> 11.25 | B36: 109.051 | C36: 108.501 | D36: 108.001 | G36: ARM Margin | H36: 0.065 | L36: TBD58-30AL010 | M36: Beacon DSCR 10/6 ARM
A37: =margins!Y32 -> 11.375 | B37: 109.451 | C37: 108.901 | D37: 108.401 | G37: 7yr & 10yr ARM Caps | H37: 5/1/5 | L37: TBD58-30AL010IO | M37: Beacon DSCR 10/6 ARM IO
A38: =margins!Y33 -> 11.5 | B38: 109.851 | C38: 109.301 | D38: 108.801 | G38: Reset Frequency | H38: 6 mo
A40: FICO/CLTV LLPAs (Price Adjustments)
A41: DSCR >= 1.00 | C41: <=50.00 | D41: 50.01-55.00 | E41: 55.01-60.00 | F41: 60.01-65.00 | G41: 65.01-70.00 | H41: 70.01-75.00
B42: 760+ | C42: 1.25 | D42: 1 | E42: 0.75 | F42: 0.375 | G42: 0.125 | H42: -0.25
B43: 740-759 | C43: 1.125 | D43: 0.875 | E43: 0.5 | F43: 0.25 | G43: -0.125 | H43: -0.625
B44: 720-739 | C44: 0.625 | D44: 0.375 | E44: 0.25 | F44: 0 | G44: -0.375 | H44: -1
B45: 700-719 | C45: 0 | D45: -0.25 | E45: -0.375 | F45: -0.625 | G45: -1 | H45: -1.625
B46: 680-699 | C46: NA | D46: NA | E46: NA | F46: NA | G46: NA | H46: NA
B47: 660-679 | C47: NA | D47: NA | E47: NA | F47: NA | G47: NA | H47: NA
A49: OTHER LLPAs (Price Adjustments)
B50: CLTV | C50: <=50 | D50: 50.01-55 | E50: 55.01-60 | F50: 60.01-65 | G50: 65.01-70 | H50: 70.01-75
A51: Housing History | B51: 1x30x12 | C51: -0.25 | D51: -0.25 | E51: -0.25 | F51: -0.375 | G51: -0.5 | H51: -0.5
A52: Housing Event Seasoning | B52: 24 - 35 Mo | C52: NA | D52: NA | E52: NA | F52: NA | G52: NA | H52: NA
A53: Loan Balance | B53: 400,000-500,000 | C53: -0.25 | D53: -0.25 | E53: -0.25 | F53: -0.25 | G53: -0.25 | H53: -0.25
B54: 500,001-1,000,000 | C54: 0 | D54: 0 | E54: 0 | F54: 0 | G54: 0 | H54: 0
B55: 1,000,001-1,500,000 | C55: 0 | D55: 0 | E55: 0 | F55: 0 | G55: 0 | H55: 0
B56: 1,500,001-2,000,000 | C56: 0 | D56: 0 | E56: 0 | F56: 0 | G56: 0 | H56: NA
B57: 2,000,001-2,500,000 | C57: -0.25 | D57: -0.25 | E57: -0.25 | F57: -0.25 | G57: NA | H57: NA
B58: 2,500,001-3,000,000 | C58: -0.375 | D58: -0.375 | E58: -0.375 | F58: NA | G58: NA | H58: NA
B59: 3,000,001-3,500,000 | C59: -1 | D59: -1 | E59: -1 | F59: -1.5 | G59: NA | H59: NA
A60: Purpose | B60: Cash Out | C60: -0.375 | D60: -0.375 | E60: -0.375 | F60: -0.5 | G60: NA | H60: NA
A61: Property Type | B61: 2-8 Mixed Use | C61: -0.5 | D61: -0.5 | E61: -0.5 | F61: -0.5 | G61: -0.5 | H61: -0.5
A62: Amortization | B62: IO - 30 Yr Term | C62: -0.5 | D62: -0.5 | E62: -0.5 | F62: -0.5 | G62: -0.625 | H62: -0.75
B63: 60 Months | C63: 0.75 | D63: 0.75 | E63: 0.75 | F63: 0.75 | G63: 1 | H63: 1.25
A64: 5% Fixed | B64: 48 Months | C64: 0.625 | D64: 0.625 | E64: 0.625 | F64: 0.625 | G64: 0.75 | H64: 1
A65: Prepayment | B65: 36 Months | C65: 0.125 | D65: 0.125 | E65: 0.125 | F65: 0.125 | G65: 0.125 | H65: 0.125
A66: Penalty Term1-3 | B66: 24 Months | C66: -0.5 | D66: -0.5 | E66: -0.5 | F66: -0.5 | G66: -0.5 | H66: -0.5
B67: 12 Months | C67: -1.625 | D67: -1.625 | E67: -1.625 | F67: -1.625 | G67: -1.625 | H67: -1.625
B68: No Penalty | C68: -2.25 | D68: -2.25 | E68: -2.25 | F68: -2.25 | G68: -2.25 | H68: -2.25
A69: Other | B69: Escrow Waiver | C69: -0.25 | D69: -0.25 | E69: -0.25 | F69: -0.25 | G69: -0.25 | H69: -0.25
B70: ACH Waiver | C70: -0.25 | D70: -0.25 | E70: -0.25 | F70: -0.25 | G70: -0.25 | H70: -0.25

Sheet theNONI58Test
J2: Effective Date: | K2: =NOW() -> 46329.345
K3: Wholesale Rate Sheet
L5: Page 2
A10: theNONI58 DSCR Multi Property (5-8 Residential Units) | O10: *NONI58 Pricer
C12: 15 Day Price | O12: Category | P12: Inputs | Q12: Price
B13: Rate | C13: 7/6 ARM | D13: 10/6 ARM | E13: 30YR FIXED | G13: MAX PRICE | J13: LOCK TERMS
B14: =margins!Y5 -> 8 | C14: 94.108 | D14: 93.558 | E14: 93.058 | G14: Prepay Term | H14: Max Price | J14: 15 Day Lock | K14: 0 | O14: Product | P14: 30 Yr Fx
B15: =margins!Y6 -> 8.125 | C15: 94.77 | D15: 94.22 | E15: 93.72 | G15: 60 Months | H15: 101 | J15: 30 Day Lock | K15: -0.375 | O15: Interest Rate ---> | P15: 9 | Q15: =IF(P14="7/6 Arm",VLOOKUP(P15,$B$14:$E$42,2,FALSE),IF(P14="10/6 Arm",VLOOKUP(P15,$B$14:$E$42,3,FALSE),VLOOKUP(P15,$B$14:$E$42,4,FALSE))) -> 98.354
B16: =margins!Y7 -> 8.25 | C16: 95.432 | D16: 94.882 | E16: 94.382 | G16: 48 Months | H16: 101 | O16: CLTV Range | P16: 65.01-70.00
B17: =margins!Y8 -> 8.375 | C17: 96.094 | D17: 95.544 | E17: 95.044 | G17: 36 Months | H17: 101 | J17: PREPAY PENALTY NOTES | O17: FICO Range | P17: 700-719 | Q17: =IFERROR(INDEX($C$42:$H$47,MATCH(P17,E45:E50,0),MATCH(P16,F44:K44,0),1),0) -> 0
B18: =margins!Y9 -> 8.5 | C18: 96.756 | D18: 96.206 | E18: 95.706 | G18: 24 Months | H18: 101 | J18: 1) Prepayment penalties not allowed in AK, KS, MI, MN, MS, NM, OH, and RI | O18: Housing History | P18: Choose a Selection | Q18: =IFERROR(INDEX($C$51:$H$70,MATCH(P18,$B$51:$B$70,0),MATCH($M$13,$C$41:$H$41,0),1),0) -> 0
B19: =margins!Y10 -> 8.625 | C19: 97.418 | D19: 96.868 | E19: 96.368 | G19: 12 Months | H19: 99.275 | O19: Housing Events | P19: Choose a Selection | Q19: =IFERROR(INDEX($C$51:$H$70,MATCH(P19,$B$51:$B$70,0),MATCH($M$13,$C$41:$H$41,0),1),0) -> 0
B20: =margins!Y11 -> 8.75 | C20: 98.08 | D20: 97.53 | E20: 97.03 | G20: No Penalty | H20: 98.275 | J20: 2) Prepayment penalties not allowed on loans vested to individuals in NJ | O20: Loan Balance | P20: Choose a Selection | Q20: =IFERROR(INDEX($C$51:$H$70,MATCH(P20,$B$51:$B$70,0),MATCH($M$13,$C$41:$H$41,0),1),0) -> 0
B21: =margins!Y12 -> 8.875 | C21: 98.742 | D21: 98.192 | E21: 97.692 | O21: Purpose | P21: Choose a Selection | Q21: =IFERROR(INDEX($C$51:$H$70,MATCH(P21,$B$51:$B$70,0),MATCH($M$13,$C$41:$H$41,0),1),0) -> 0
B22: =margins!Y13 -> 9 | C22: 99.404 | D22: 98.854 | E22: 98.354 | J22: 3) Prepayment penalties not allowed on loan amounts less than $312,159 in PA | O22: Property Type | P22: Choose a Selection | Q22: =IFERROR(INDEX($C$51:$H$70,MATCH(P22,$B$51:$B$70,0),MATCH($M$13,$C$41:$H$41,0),1),0) -> 0
B23: =margins!Y14 -> 9.125 | C23: 100.066 | D23: 99.516 | E23: 99.016 | G23: ARM TERMS | O23: Interest Only | P23: Choose a Selection | Q23: =IFERROR(INDEX($C$51:$H$70,MATCH(P23,$B$51:$B$70,0),MATCH($M$13,$C$41:$H$41,0),1),0) -> 0
B24: =margins!Y15 -> 9.25 | C24: 100.653 | D24: 100.103 | E24: 99.603 | G24: Term | H24: 7/6 & 10/6 ARM | J24: 4) Only declining prepayment penalty structures allowed in MS | O24: 5% PPP | P24: 60 Months | Q24: =IFERROR(INDEX($C$51:$H$70,MATCH(P24,$B$51:$B$70,0),MATCH($M$13,$C$41:$H$41,0),1),0) -> 0
B25: =margins!Y16 -> 9.375 | C25: 101.24 | D25: 100.69 | E25: 100.19 | G25: Margin | H25: 6.5 | O25: Escrow Waiver | P25: Choose a Selection | Q25: =IFERROR(INDEX($C$51:$H$70,MATCH(P25,$B$51:$B$70,0),MATCH($M$13,$C$41:$H$41,0),1),0) -> 0
B26: =margins!Y17 -> 9.5 | C26: 101.827 | D26: 101.277 | E26: 100.777 | G26: Index | H26: 30 Day Average SOFR | O26: ACH Waiver | P26: Choose a Selection | Q26: =IFERROR(INDEX($C$51:$H$70,MATCH(P26,$B$51:$B$70,0),MATCH($M$13,$C$41:$H$41,0),1),0) -> 0
B27: =margins!Y18 -> 9.625 | C27: 102.414 | D27: 101.864 | E27: 101.364 | G27: Caps | H27: 5/1/5 | O27: Lock Period | P27: Choose a Selection | Q27: =IF(P27=30,0,IF(P27=45, K15, 0)) -> 0
B28: =margins!Y19 -> 9.75 | C28: 102.939 | D28: 102.389 | E28: 101.889 | G28: Adj. Period | H28: 6 Months | J28: Program Codes | O28: Total LLPAs | Q28: =Q17+Q19+Q20+Q21+Q22+Q23+Q24+Q25+Q26+Q27 -> 0
B29: =margins!Y20 -> 9.875 | C29: 103.464 | D29: 102.914 | E29: 102.414 | J29: TBD58-FX30 | K29: Beacon DSCR 30 Yr Fixed
B30: =margins!Y21 -> 10 | C30: 103.989 | D30: 103.439 | E30: 102.939 | J30: TBD58-FX30IO | K30: DSCR 30 Yr Fixed IO | O30: Final Price ---> | Q30: =IF(ISNUMBER(MATCH("NA", Q17:Q27, 0)), "NA", MIN(Q28+Q15,VLOOKUP($P$24,$G$15:$H$20,2,FALSE))) -> 98.354
B31: =margins!Y22 -> 10.125 | C31: 104.514 | D31: 103.964 | E31: 103.464 | J31: TBD58-30AL07 | K31: Beacon DSCR 7/6 ARM
B32: =margins!Y23 -> 10.25 | C32: 105.039 | D32: 104.489 | E32: 103.989 | J32: TBD58-30AL07IO | K32: Beacon DSCR 7/6 ARM IO | O32: *NONI58 Pricer is a pricing tool only, please refer to the matrix for eligibility
B33: =margins!Y24 -> 10.375 | C33: 105.564 | D33: 105.014 | E33: 104.514 | J33: TBD58-30AL010 | K33: Beacon DSCR 10/6 ARM
B34: =margins!Y25 -> 10.5 | C34: 106.089 | D34: 105.539 | E34: 105.039 | J34: TBD58-30AL010IO | K34: Beacon DSCR 10/6 ARM IO
B35: =margins!Y26 -> 10.625 | C35: 106.614 | D35: 106.064 | E35: 105.564
B36: =margins!Y27 -> 10.75 | C36: 107.139 | D36: 106.589 | E36: 106.089
B37: =margins!Y28 -> 10.875 | C37: 107.664 | D37: 107.114 | E37: 106.614
B38: =margins!Y29 -> 11 | C38: 108.189 | D38: 107.639 | E38: 107.139
B39: =margins!Y30 -> 11.125 | C39: 108.651 | D39: 108.101 | E39: 107.601
B40: =margins!Y31 -> 11.25 | C40: 109.051 | D40: 108.501 | E40: 108.001
B41: =margins!Y32 -> 11.375 | C41: 109.451 | D41: 108.901 | E41: 108.401
B42: =margins!Y33 -> 11.5 | C42: 109.851 | D42: 109.301 | E42: 108.801
B45: Price Adjustments | E45: CLTV
D46: Choose a Selection | E46: <=50.00 | F46: 50.01-55.00 | G46: 55.01-60.00 | H46: 60.01-65.00 | I46: 65.01-70.00 | J46: 70.01-75.00
B47: DSCR >= 1.00 | C47: 760+ | E47: 1.25 | F47: 1 | G47: 0.75 | H47: 0.375 | I47: 0.125 | J47: -0.25
C48: 740-759 | E48: 1.125 | F48: 0.875 | G48: 0.5 | H48: 0.25 | I48: -0.125 | J48: -0.625
C49: 720-739 | E49: 0.625 | F49: 0.375 | G49: 0.25 | H49: 0 | I49: -0.375 | J49: -1
C50: 700-719 | E50: 0 | F50: -0.25 | G50: -0.375 | H50: -0.625 | I50: -1 | J50: -1.625
B52: Additional LLPAs | E52: CLTV
E53: <=50.00 | F53: 50.01-55.00 | G53: 55.01-60.00 | H53: 60.01-65.00 | I53: 65.01-70.00 | J53: 70.01-75.00
B54: Housing History | C54: 1x30x12 | E54: -0.25 | F54: -0.25 | G54: -0.25 | H54: -0.375 | I54: -0.5 | J54: -0.5
B55: Loan Balance | C55: 400,000-500,000 | E55: -0.25 | F55: -0.25 | G55: -0.25 | H55: -0.25 | I55: -0.25 | J55: -0.25
C56: 500,001-1,000,000 | E56: 0 | F56: 0 | G56: 0 | H56: 0 | I56: 0 | J56: 0
C57: 1,000,001-1,500,000 | E57: 0 | F57: 0 | G57: 0 | H57: 0 | I57: 0 | J57: 0
C58: 1,500,001-2,000,000 | E58: 0 | F58: 0 | G58: 0 | H58: 0 | I58: 0 | J58: NA
C59: 2,000,001-2,500,000 | E59: -0.25 | F59: -0.25 | G59: -0.25 | H59: -0.25 | I59: NA | J59: NA
C60: 2,500,001-3,000,000 | E60: -0.5 | F60: -0.5 | G60: -0.5 | H60: -0.5 | I60: NA | J60: NA
C61: 3,000,001-3,500,000 | E61: -1 | F61: -1 | G61: -1 | H61: -1.5 | I61: NA | J61: NA
B62: Purpose | C62: Cash Out | E62: -0.375 | F62: -0.375 | G62: -0.375 | H62: -0.5 | I62: NA | J62: NA
B63: Property Type | C63: 2-8 Mixed Use | E63: -0.5 | F63: -0.5 | G63: -0.5 | H63: -0.5 | I63: -0.5 | J63: -0.5
B64: Amortization | C64: I/O- 30 Yr term | E64: -0.5 | F64: -0.5 | G64: -0.5 | H64: -0.5 | I64: -0.625 | J64: -0.75
B65: 5% Fixed Prepayment Penalty | C65: 60 Months | E65: 0.75 | F65: 0.75 | G65: 0.75 | H65: 0.75 | I65: 1 | J65: 1.25
C66: 48 Months | E66: 0.625 | F66: 0.625 | G66: 0.625 | H66: 0.625 | I66: 0.75 | J66: 1
C67: 36 Months | E67: 0.125 | F67: 0.125 | G67: 0.125 | H67: 0.125 | I67: 0.125 | J67: 0.125
C68: 24 Months | E68: -0.5 | F68: -0.5 | G68: -0.5 | H68: -0.5 | I68: -0.5 | J68: -0.5
C69: 12 Months | E69: -1.625 | F69: -1.625 | G69: -1.625 | H69: -1.625 | I69: -1.625 | J69: -1.625
C70: No Penalty | E70: -2.25 | F70: -2.25 | G70: -2.25 | H70: -2.25 | I70: -2.25 | J70: -2.25
B71: Other | C71: Escrow Waiver | E71: -0.25 | F71: -0.25 | G71: -0.25 | H71: -0.25 | I71: -0.25 | J71: -0.25
C72: ACH Waiver | E72: -0.25 | F72: -0.25 | G72: -0.25 | H72: -0.25 | I72: -0.25 | J72: -0.25
B82: Declining Prepay
B86: Other
B88: State
B121: For use by mortgage professionals only. Mortgage Financing Provided by Hometown Equity Mortgage, LLC dba theLender NMLS #133519 . Rates, terms and programs subject to change without notice.

Sheet Cover NONQM
F9: Effective Date: | H9: 46329
B12: theLender NQHEM Rate Sheet
B14: LOCK DESK | I14: APPRAISAL ORDER PROCEDURES
J16: AMC selection can be made at: https://www.thelender.com/appraisals/
C18: CONTACT:
C19: E-mail: | D19: pricingdesk@thelender.com
C20: Direct: | D20: 833-381-8733
C21: Lock Desk Closes at 5:00 PM PST
B25: TABLE OF CONTENTS | I25: NON QM Fees
C28: NQHEM Products | I28: Underwriting Fee: $2,095
C29: NQHEM | G29: Page 2
C30: NQHEM Matrix | G30: Page 3
E38: *EXTENSION FEES
E40: NON QM
G41: 5 day | J41: -0.125
G42: 7 day | J42: -0.175
G43: 10 day | J43: -0.25
G44: 15 day | J44: -0.375
E46: *3 total lock extensions allowed, up to 30 days
B48: Eligible States
C50: AK*, AL, AR, AZ, CA, CO, CT, DC, DE, FL, GA, IA, ID, IL, IN, KS*, KY, LA, MA, MD, ME, MI*, MN*, MO, MS, MT,
C51: NC, ND, NE, NH, NJ, NM*, NV, OH*, OK, OR, PA, RI*, SC, SD, TN, TX, UT, VA, VT, WA, WI, WV, WY
C53: *See Matrix for restrictions and additional details regarding Prepayment Penalty
B72: LOSS PAYEE
B74: Hometown Equity Mortgage, LLC dba theLender its successors and/or assigns
B75: 25531 Commercentre Dr #250, Lake Forest, CA 92630
B76: For use by mortgage professionals only. Mortgage Financing Provided by Hometown Equity Mortgage, LLC dba theLender NMLS #133519 . Rates, terms and programs subject to change without notice.

Sheet NQHEM
K2: Effective Date: | M2: =NOW() -> 46329.345
M3: Wholesale Rate Sheet
N5: Page 2
A10: NQHEM | FULL-DOC & ALT-DOC | Q10: *NQHEM Pricer | S10: 46329.345
Q12: Category | R12: Inputs | S12: Price
B13: Rate | C13: FULL DOC | G13: Rate | H13: ALT DOC | L13: MAX PRICE & LOCK TERMS
C14: 7/6 ARM | D14: 10/6 ARM | E14: 30YR FIX | H14: 7/6 ARM | I14: 10/6 ARM | J14: 30YR FIX | L14: Max Price | N14: 102 | Q14: Product | R14: 30YR FIX
B15: =margins!S5 -> 6.75 | C15: 95.558 | D15: 95.708 | E15: 95.708 | G15: =B15 -> 6.75 | H15: 95.558 | I15: 95.708 | J15: 95.708 | L15: Max Price (>2.5mm) | N15: 100.5 | Q15: Alt Doc | R15: Yes
B16: =margins!S6 -> 6.875 | C16: 96.621 | D16: 96.771 | E16: 96.771 | G16: =B16 -> 6.875 | H16: 96.621 | I16: 96.771 | J16: 96.771 | L16: 15 Day Lock | N16: 0 | Q16: Interest Rate ---> | R16: 7 | S16: =IF(R15="No",IF(R14="7/6 Arm",VLOOKUP(R16,$B$15:$E$39,2,FALSE),IF(R14="10/6 Arm",VLOOKUP(R16,$B$15:$E$39,3,FALSE),VLOOKUP(R16,$B$15:$E$39,4,FALSE))),IF(R15="Yes",IF(R14="7/6 Arm",VLOOKUP(R16,$G$15:$J$39,2,FALSE),IF(R14="10/6 Arm",VLOOKUP(R16,$G$15:$J$39,3,FALSE),VLOOKUP(R16,$G$15:$J$39,4,FALSE))),"NA")) -> 97.833
B17: =margins!S7 -> 7 | C17: 97.683 | D17: 97.833 | E17: 97.833 | G17: =B17 -> 7 | H17: 97.683 | I17: 97.833 | J17: 97.833 | L17: 30 Day Lock | N17: -0.375 | Q17: CLTV Range | R17: Choose a Selection
B18: =margins!S8 -> 7.125 | C18: 98.558 | D18: 98.708 | E18: 98.708 | G18: =B18 -> 7.125 | H18: 98.558 | I18: 98.708 | J18: 98.708 | Q18: FICO Range | R18: Choose a Selection
B19: =margins!S9 -> 7.25 | C19: 99.433 | D19: 99.583 | E19: 99.583 | G19: =B19 -> 7.25 | H19: 99.433 | I19: 99.583 | J19: 99.583 | L19: ARM TERMS | Q19: Full Doc 2 | R19: Choose a Selection | S19: =IF(R19="Full Doc - 2 Years",INDEX($E$55:$M$63,MATCH(R18,C55:C63,0),MATCH(R17,$E$54:$M$54,0),1),0) -> 0
B20: =margins!S10 -> 7.375 | C20: 100.121 | D20: 100.271 | E20: 100.271 | G20: =B20 -> 7.375 | H20: 100.121 | I20: 100.271 | J20: 100.271 | L20: Term | M20: 7/6 & 10/6 ARM | Q20: Full Doc 1 | R20: Choose a Selection | S20: =IF(R20="Full Doc - 1 Year",INDEX($E$64:$M$64,1,MATCH(R17,$E$54:$M$54,0),1),0) -> 0
B21: =margins!S11 -> 7.5 | C21: 100.808 | D21: 100.958 | E21: 100.958 | G21: =B21 -> 7.5 | H21: 100.808 | I21: 100.958 | J21: 100.958 | L21: Margin | M21: 5 | Q21: Alt Doc | R21: Choose a Selection | S21: =IF(R21="Choose a Selection",0,(INDEX($E$68:$M$76,MATCH($R$18,C68:C76,0),MATCH($R$17,$E$67:$M$67,0),1))) -> 0
B22: =margins!S12 -> 7.625 | C22: 101.402 | D22: 101.552 | E22: 101.552 | G22: =B22 -> 7.625 | H22: 101.402 | I22: 101.552 | J22: 101.552 | L22: Index | M22: 30 Day Average SOFR | Q22: Alt Doc add | R22: Choose a Selection | S22: =IF(R22="Choose a Selection",0,(INDEX($E$68:$M$81,MATCH(R22,C68:C81,0),MATCH($R$17,$E$67:$M$67,0),1))) -> 0
B23: =margins!S13 -> 7.75 | C23: 101.902 | D23: 102.052 | E23: 102.052 | G23: =B23 -> 7.75 | H23: 101.902 | I23: 102.052 | J23: 102.052 | L23: Caps | M23: 5/1/5 | Q23: Housing History | R23: Choose a Selection | S23: =IF(R23="Choose a Selection",0,(INDEX($E$85:$M$116,MATCH(R23,$C$85:$C$116,0),MATCH($R$17,$E$84:$M$84,0),1))) -> 0
B24: =margins!S14 -> 7.875 | C24: 102.37 | D24: 102.52 | E24: 102.52 | G24: =B24 -> 7.875 | H24: 102.37 | I24: 102.52 | J24: 102.52 | Q24: Housing Seasoning | R24: Choose a Selection | S24: =IF(R24="Choose a Selection",0,(INDEX($E$85:$M$116,MATCH(R24,$C$85:$C$116,0),MATCH($R$17,$E$84:$M$84,0),1))) -> 0
B25: =margins!S15 -> 8 | C25: 102.839 | D25: 102.989 | E25: 102.989 | G25: =B25 -> 8 | H25: 102.839 | I25: 102.989 | J25: 102.989 | L25: PREPAY PENALTY | Q25: DTI | R25: Choose a Selection | S25: =IF(R25="Choose a Selection",0,(INDEX($E$85:$M$116,MATCH(R25,$C$85:$C$116,0),MATCH($R$17,$E$84:$M$84,0),1))) -> 0
B26: =margins!S16 -> 8.125 | C26: 103.277 | D26: 103.427 | E26: 103.427 | G26: =B26 -> 8.125 | H26: 103.277 | I26: 103.427 | J26: 103.427 | L26: Prepay Term | M26: LLPA's | N26: Max Price | Q26: Loan Balance | R26: Choose a Selection | S26: =IF(R26="Choose a Selection",0,(INDEX($E$85:$M$116,MATCH(R26,$C$85:$C$116,0),MATCH($R$17,$E$84:$M$84,0),1))) -> 0
B27: =margins!S17 -> 8.25 | C27: 103.683 | D27: 103.833 | E27: 103.833 | G27: =B27 -> 8.25 | H27: 103.714 | I27: 103.864 | J27: 103.864 | L27: 60 Months | M27: 0.5 | N27: 102 | Q27: Purpose | R27: Choose a Selection | S27: =IF(R27="Choose a Selection",0,(INDEX($E$85:$M$116,MATCH(R27,$C$85:$C$116,0),MATCH($R$17,$E$84:$M$84,0),1))) -> 0
B28: =margins!S18 -> 8.375 | C28: 104.027 | D28: 104.177 | E28: 104.177 | G28: =B28 -> 8.375 | H28: 104.089 | I28: 104.239 | J28: 104.239 | L28: 48 Months | M28: 0.25 | N28: 102 | Q28: Occupancy | R28: Choose a Selection | S28: =IF(R28="Choose a Selection",0,(INDEX($E$85:$M$116,MATCH(R28,$C$85:$C$116,0),MATCH($R$17,$E$84:$M$84,0),1))) -> 0
B29: =margins!S19 -> 8.5 | C29: 104.34 | D29: 104.49 | E29: 104.49 | G29: =B29 -> 8.5 | H29: 104.464 | I29: 104.614 | J29: 104.614 | L29: 36 Months | M29: 0 | N29: 102 | Q29: Property Type | R29: Choose a Selection | S29: =IF(R29="Choose a Selection",0,(INDEX($E$85:$M$116,MATCH(R29,$C$85:$C$116,0),MATCH($R$17,$E$84:$M$84,0),1))) -> 0
B30: =margins!S20 -> 8.625 | C30: 104.621 | D30: 104.771 | E30: 104.771 | G30: =B30 -> 8.625 | H30: 104.808 | I30: 104.958 | J30: 104.958 | L30: 24 Months | M30: -0.375 | N30: 101 | Q30: Amortization | R30: Choose a Selection | S30: =IF(R30="Choose a Selection",0,(INDEX($E$85:$M$116,MATCH(R30,$C$85:$C$116,0),MATCH($R$17,$E$84:$M$84,0),1))) -> 0
B31: =margins!S21 -> 8.75 | C31: 104.903 | D31: 105.053 | E31: 105.053 | G31: =B31 -> 8.75 | H31: 105.121 | I31: 105.271 | J31: 105.271 | L31: 12 Months | M31: -0.75 | N31: 100.5 | Q31: Interest Only | R31: Choose a Selection | S31: =IF(R31="Choose a Selection",0,(INDEX($E$85:$M$116,MATCH(R31,$C$85:$C$116,0),MATCH($R$17,$E$84:$M$84,0),1))) -> 0
B32: =margins!S22 -> 8.875 | C32: 105.153 | D32: 105.303 | E32: 105.303 | G32: =B32 -> 8.875 | H32: 105.371 | I32: 105.521 | J32: 105.521 | L32: No PPP | M32: -1 | N32: 100 | Q32: Prepay Penalty | R32: Choose a Selection | S32: =IF(R32="Choose a Selection",0,VLOOKUP(R32,$L$27:$M$32,2,FALSE)) -> 0
B33: =margins!S23 -> 9 | C33: 105.403 | D33: 105.553 | E33: 105.553 | G33: =B33 -> 9 | H33: 105.621 | I33: 105.771 | J33: 105.771 | L33: 1) Prepayment penalties for Investment property and are 6 months of interest option only. | Q33: Escrow Waiver | R33: Choose a Selection | S33: =IF(R33="Choose a Selection",0,(INDEX($E$85:$M$116,MATCH(R33,$C$85:$C$116,0),MATCH($R$17,$E$84:$M$84,0),1))) -> 0
B34: =margins!S24 -> 9.125 | C34: 105.653 | D34: 105.803 | E34: 105.803 | G34: =B34 -> 9.125 | H34: 105.871 | I34: 106.021 | J34: 106.021 | Q34: First Time Investor (FTI) | R34: Choose a Selection | S34: =IF(R34="Choose a Selection",0,INDEX($E$85:$M$116,MATCH(R34,$C$85:$C$116,0),MATCH($R$17,$E$84:$M$84,0),1)) -> 0
B35: =margins!S25 -> 9.25 | C35: 105.903 | D35: 106.053 | E35: 106.053 | G35: =B35 -> 9.25 | H35: 106.121 | I35: 106.271 | J35: 106.271 | L35: 2) Prepayment penalties not allowed in AK, KS, MI, MN, NM, OH, and RI | Q35: State Adj 1 | R35: Choose a Selection | S35: =IF(R35="Choose a Selection",0,(INDEX($E$85:$M$116,MATCH(R35,$C$85:$C$116,0),MATCH($R$17,$E$84:$M$84,0),1))) -> 0
B36: =margins!S26 -> 9.375 | C36: 106.153 | D36: 106.303 | E36: 106.303 | G36: =B36 -> 9.375 | H36: 106.371 | I36: 106.521 | J36: 106.521 | Q36: Lock Period | R36: Choose a Selection | S36: =IF(R36=15,0, IF(R36=30, N17, 0)) -> 0
B37: =margins!S27 -> 9.5 | C37: 106.372 | D37: 106.522 | E37: 106.522 | G37: =B37 -> 9.5 | H37: 106.621 | I37: 106.771 | J37: 106.771 | L37: 3) Prepayment penalties not allowed on loans vested to individuals in IL & NJ | Q37: Pricing Special | R37: Choose a Selection | S37: =IF(R37="All NQHEM Products",0.25,IF(OR(R37="*Bank Statement w/ CLTV ≤ 80 & Loan Amt ≤ 1.25MM", R37="*Full Doc w/ CLTV ≤ 80 & Loan Amt ≤ 1.25MM"),0.5,0)) -> 0
B38: =margins!S28 -> 9.625 | C38: 106.591 | D38: 106.741 | E38: 106.741 | G38: =B38 -> 9.625 | H38: 106.84 | I38: 106.99 | J38: 106.99 | Q38: Total LLPAs | S38: =SUM(S19:S37) -> 0
B39: =margins!S29 -> 9.75 | C39: 106.81 | D39: 106.96 | E39: 106.96 | G39: =B39 -> 9.75 | H39: 107.059 | I39: 107.209 | J39: 107.209 | L39: 4) Prepayment penalties not allowed on loan amounts less than $329,411 in PA
Q40: Final Price ---> | S40: =IF(ISNUMBER(MATCH("NA", S19:S37, 0)), "NA", IF(R28="Investor",MIN(S38+S16,VLOOKUP(R32,$L$27:$N$32,3,FALSE)),MIN(S38+S16,N14))) -> 97.833
B41: =TEXT(TODAY(), "mmmm") & " Special" -> November Special | G41: =TEXT(TODAY(), "mmmm") & " Special" -> November Special
B42: All NQHEM Products | E42: 0.25 | G42: All NQHEM Products | J42: 0.25 | Q42: *NQHEM Pricer is a pricing tool only, please refer to the matrix for eligibility
B43: *Full Doc w/ CLTV ≤ 80 & Loan Amt ≤ 1.25MM | E43: 0.25 | G43: *Bank Statement w/ CLTV ≤ 80 & Loan Amt ≤ 1.25MM | J43: 0.25
B44: *Specials can be combined up to 50 bps | G44: *Specials can be combined up to 50 bps
B45: *Primary and 2nd Homes only | G45: *Primary and 2nd Homes only
B53: Full Doc LLPAs | E53: CLTV
D54: Choose a Selection | E54: <=50.00 | F54: 50.01-55.00 | G54: 55.01-60.00 | H54: 60.01-65.00 | I54: 65.01-70.00 | J54: 70.01-75.00 | K54: 75.01-80.00 | L54: 80.01-85.00 | M54: 85.01-90.00
B55: Full Doc - 2 Years | C55: 780+ | E55: 1 | F55: 1 | G55: 0.75 | H55: 0.625 | I55: 0.375 | J55: 0 | K55: -0.125 | L55: -1.625 | M55: -2.75
C56: 760-779 | E56: 1 | F56: 1 | G56: 0.75 | H56: 0.625 | I56: 0.375 | J56: 0 | K56: -0.25 | L56: -1.75 | M56: -2.875
C57: 740-759 | E57: 0.875 | F57: 0.875 | G57: 0.625 | H57: 0.5 | I57: 0.25 | J57: -0.125 | K57: -0.375 | L57: -2.125 | M57: -3.375
C58: 720-739 | E58: 0.75 | F58: 0.75 | G58: 0.5 | H58: 0.375 | I58: 0.125 | J58: -0.375 | K58: -0.875 | L58: -2.5 | M58: -4
C59: 700-719 | E59: 0.625 | F59: 0.625 | G59: 0.375 | H59: 0.25 | I59: -0.25 | J59: -1 | K59: -1.375 | L59: -3.5 | M59: -4.875
C60: 680-699 | E60: 0.375 | F60: 0.375 | G60: 0 | H60: -0.375 | I60: -0.875 | J60: -2.125 | K60: -2.5 | L60: -4.75 | M60: -6.625
C61: 660-679 | E61: -0.25 | F61: -0.5 | G61: -0.75 | H61: -1.5 | I61: -2.25 | J61: -2.875 | K61: -3.5 | L61: NA | M61: NA
C62: 640-659 | E62: -1.25 | F62: -1.25 | G62: -1.25 | H62: -1.875 | I62: -2.375 | J62: -3.125 | K62: -3.375 | L62: NA | M62: NA
C63: 620-639 | E63: -2.25 | F63: -2.25 | G63: -2.25 | H63: -2.625 | I63: -3.125 | J63: -4.875 | K63: -5.375 | L63: NA | M63: NA
B64: Alt Doc - 1 Year (+ 2 Year Full Doc Adj) | E64: 0 | F64: 0 | G64: 0 | H64: 0 | I64: 0 | J64: 0 | K64: 0 | L64: -0.25 | M64: -0.375
B66: Alt Doc LLPAs | E66: CLTV
E67: <=50.00 | F67: 50.01-55.00 | G67: 55.01-60.00 | H67: 60.01-65.00 | I67: 65.01-70.00 | J67: 70.01-75.00 | K67: 75.01-80.00 | L67: 80.01-85.00 | M67: 85.01-90.00
C68: 780+ | E68: 1.125 | F68: 1.125 | G68: 0.875 | H68: 0.75 | I68: 0.5 | J68: 0 | K68: -0.25 | L68: -1.75 | M68: -3
B69: Alt Doc | C69: 760-779 | E69: 1.125 | F69: 1.125 | G69: 0.875 | H69: 0.75 | I69: 0.5 | J69: 0 | K69: -0.375 | L69: -1.875 | M69: -3.125
B70: Bank Statement - 12/24 Months | C70: 740-759 | E70: 1 | F70: 1 | G70: 0.75 | H70: 0.625 | I70: 0.375 | J70: -0.125 | K70: -0.5 | L70: -2.375 | M70: -3.75
B71: CPA Prepared P&L - 12/24 Months | C71: 720-739 | E71: 0.875 | F71: 0.875 | G71: 0.625 | H71: 0.5 | I71: 0.25 | J71: -0.5 | K71: -1.125 | L71: -2.875 | M71: -4.375
B72: 1099 - 12/24 Months | C72: 700-719 | E72: 0.75 | F72: 0.75 | G72: 0.5 | H72: 0.375 | I72: -0.125 | J72: -1.125 | K72: -1.625 | L72: -3.875 | M72: -5.375
B73: Asset Utilization | C73: 680-699 | E73: 0.375 | F73: 0.375 | G73: 0 | H73: -0.5 | I73: -0.875 | J73: -2.375 | K73: -3 | L73: -5.25 | M73: -6.75
B74: WVOE | C74: 660-679 | E74: -0.25 | F74: -0.5 | G74: -0.875 | H74: -1.625 | I74: -2.5 | J74: -3.125 | K74: -3.75 | L74: NA | M74: NA
C75: 640-659 | E75: -1.25 | F75: -1.25 | G75: -1.25 | H75: -1.875 | I75: -2.75 | J75: -3.125 | K75: -4.125 | L75: NA | M75: NA
C76: 620-639 | E76: -2.5 | F76: -2.5 | G76: -2.5 | H76: -2.75 | I76: -3.25 | J76: -4.75 | K76: -5.5 | L76: NA | M76: NA
B77: Alt Doc Additional Adjustments | C77: Bank Statement - 12 Months | E77: 0 | F77: 0 | G77: 0 | H77: 0 | I77: 0 | J77: 0 | K77: 0 | L77: -0.25 | M77: -0.375
C78: 1099 - 12 Months | E78: 0 | F78: 0 | G78: 0 | H78: 0 | I78: 0 | J78: 0 | K78: 0 | L78: -0.25 | M78: -0.375
C79: WVOE | E79: -0.625 | F79: -0.625 | G79: -0.625 | H79: -0.625 | I79: -0.625 | J79: -0.625 | K79: -0.625 | L79: -2.75 | M79: NA
C80: CPA P&L - 12/24 Months | E80: -1 | F80: -1 | G80: -1 | H80: -1 | I80: -1 | J80: -1.125 | K80: -1.5 | L80: -5.125 | M80: NA
C81: CPA P&L Plus - 12/24 Months w/ 3 months Bank Statements | E81: 0 | F81: 0 | G81: 0 | H81: 0 | I81: -0.125 | J81: -0.25 | K81: -0.375 | L81: -0.5 | M81: NA
B83: Additional LLPAs | E83: CLTV
E84: <=50.00 | F84: 50.01-55.00 | G84: 55.01-60.00 | H84: 60.01-65.00 | I84: 65.01-70.00 | J84: 70.01-75.00 | K84: 75.01-80.00 | L84: 80.01-85.00 | M84: 85.01-90.00
B85: Housing History | C85: 1x30x12 | E85: -0.125 | F85: -0.25 | G85: -0.25 | H85: -0.375 | I85: -0.375 | J85: -0.375 | K85: -0.5 | L85: -0.5 | M85: NA
C86: 0x60x12 | E86: -0.875 | F86: -0.875 | G86: -0.875 | H86: -0.875 | I86: -0.875 | J86: -1.125 | K86: -1.125 | L86: NA | M86: NA
C87: 0x90x12 | E87: -1.25 | F87: -1.25 | G87: -1.25 | H87: -1.25 | I87: -1.5 | J87: NA | K87: NA | L87: NA | M87: NA
B88: Credit Event Seasoning | C88: >=36 Mo | E88: 0 | F88: 0 | G88: 0 | H88: 0 | I88: 0 | J88: 0 | K88: 0 | L88: 0 | M88: NA
C89: 24 - 35 Mo | E89: -0.75 | F89: -0.75 | G89: -0.75 | H89: -0.75 | I89: -0.75 | J89: -0.75 | K89: -0.75 | L89: NA | M89: NA
C90: 12 - 23 Mo | E90: -1 | F90: -1 | G90: -1 | H90: -1 | I90: -1 | J90: NA | K90: NA | L90: NA | M90: NA
B91: DTI | C91: 43.01%-50% | E91: 0 | F91: 0 | G91: 0 | H91: 0 | I91: 0 | J91: 0 | K91: 0 | L91: -0.25 | M91: -0.25
C92: > 50% | E92: -0.125 | F92: -0.125 | G92: -0.125 | H92: -0.125 | I92: -0.25 | J92: NA | K92: NA | L92: NA | M92: NA
B93: Loan Balance | C93: $100,000 - $150,000 | E93: -0.75 | F93: -0.75 | G93: -0.75 | H93: -0.875 | I93: -1 | J93: -1.125 | K93: -1.25 | L93: -1.375 | M93: -1.5
C94: $150,001 - $250,000 | E94: -0.25 | F94: -0.25 | G94: -0.25 | H94: -0.25 | I94: -0.5 | J94: -0.5 | K94: -0.5 | L94: -0.75 | M94: -0.875
C95: $250,001 - $750,000 | E95: 0 | F95: 0 | G95: 0 | H95: 0 | I95: 0 | J95: 0 | K95: 0 | L95: 0 | M95: 0
C96: $750,001 - $1,000,000 | E96: 0.125 | F96: 0.125 | G96: 0.125 | H96: 0.125 | I96: 0.125 | J96: 0.125 | K96: 0.125 | L96: 0 | M96: 0
C97: $1,000,001 - $1,500,000 | E97: 0.125 | F97: 0.125 | G97: 0.125 | H97: 0.125 | I97: 0.125 | J97: 0.125 | K97: 0 | L97: 0 | M97: -0.25
C98: $1,500,001 - $2,000,000 | E98: 0 | F98: 0 | G98: 0 | H98: 0 | I98: 0 | J98: 0 | K98: 0 | L98: -0.25 | M98: -1.5
C99: $2,000,001 - $2,500,000 | E99: 0 | F99: 0 | G99: -0.125 | H99: -0.125 | I99: -0.25 | J99: -0.25 | K99: -0.375 | L99: NA | M99: NA
C100: $2,500,001 - $3,000,000 | E100: -0.625 | F100: -0.625 | G100: -0.625 | H100: -0.625 | I100: -1 | J100: -1.5 | K100: -1.5 | L100: NA | M100: NA
C101: $3,000,001 - $3,500,000 | E101: -1 | F101: -1 | G101: -1 | H101: -1.5 | I101: -2 | J101: NA | K101: NA | L101: NA | M101: NA
C102: $3,500,001 - $4,000,000 | E102: -2 | F102: -2 | G102: -2 | H102: -2 | I102: -2.25 | J102: NA | K102: NA | L102: NA | M102: NA
B103: Purpose | C103: Purchase | E103: 0 | F103: 0 | G103: 0 | H103: 0 | I103: 0 | J103: 0 | K103: 0 | L103: 0 | M103: 0
C104: R/T Refi | E104: 0 | F104: 0 | G104: 0 | H104: 0 | I104: 0 | J104: 0 | K104: -0.125 | L104: -0.375 | M104: NA
C105: Cash-Out Refi | E105: -0.25 | F105: -0.25 | G105: -0.375 | H105: -0.5 | I105: -0.75 | J105: -0.875 | K105: -1.25 | L105: NA | M105: NA
B106: Occupancy | C106: 2nd Home | E106: 0 | F106: 0 | G106: 0 | H106: -0.125 | I106: -0.25 | J106: -0.25 | K106: -0.25 | L106: -0.5 | M106: NA
C107: Investor | E107: 0 | F107: 0 | G107: 0 | H107: -0.125 | I107: -0.25 | J107: -0.25 | K107: -0.25 | L107: -1.625 | M107: NA
B108: Property Type | C108: Condo | E108: -0.125 | F108: -0.125 | G108: -0.125 | H108: -0.125 | I108: -0.25 | J108: -0.375 | K108: -0.5 | L108: -0.75 | M108: -1.25
C109: Condotel | E109: -1.375 | F109: -1.375 | G109: -1.375 | H109: -1.375 | I109: -1.375 | J109: -1.375 | K109: -1.375 | L109: -1.375 | M109: NA
C110: 2-4 Unit | E110: -0.25 | F110: -0.25 | G110: -0.25 | H110: -0.25 | I110: -0.375 | J110: -0.375 | K110: -0.5 | L110: -0.5 | M110: -1
B111: Amortization | C111: 40 Year Term | E111: -0.25 | F111: -0.25 | G111: -0.25 | H111: -0.25 | I111: -0.25 | J111: -0.25 | K111: -0.25 | L111: -0.25 | M111: -0.25
B112: Interest Only | C112: Interest Only - 30 Year Term | E112: -0.25 | F112: -0.25 | G112: -0.25 | H112: -0.375 | I112: -0.5 | J112: -0.5 | K112: -0.75 | L112: -1 | M112: -1.25
C113: Interest Only - 40 Year Term | E113: -0.25 | F113: -0.25 | G113: -0.25 | H113: -0.375 | I113: -0.5 | J113: -0.5 | K113: -0.75 | L113: NA | M113: NA
B114: Other | C114: Escrow Waiver | E114: -0.125 | F114: -0.125 | G114: -0.125 | H114: -0.125 | I114: -0.125 | J114: -0.125 | K114: -0.125 | L114: NA | M114: NA
C115: First Time Investor (FTI) | E115: -0.5 | F115: -0.5 | G115: -0.5 | H115: -0.5 | I115: -0.5 | J115: -0.5 | K115: NA | L115: NA | M115: NA
B116: State | C116: CT, IL, NJ | E116: 0 | F116: 0 | G116: 0 | H116: 0 | I116: 0 | J116: 0 | K116: 0 | L116: -0.25 | M116: -0.25

Sheet Cover the2nd
F9: Effective Date: | H9: 46329
B12: theLender 2nds Rate Sheet
B14: LOCK DESK | I14: APPRAISAL ORDER PROCEDURES
J16: AMC selection can be made at: https://www.thelender.com/appraisals/
C18: CONTACT:
C19: E-mail: | D19: pricingdesk@thelender.com
C20: Direct: | D20: 833-381-8733
C21: Lock Desk Closes at 5:00 PM PST
B25: TABLE OF CONTENTS | I25: the 2nd Fees
C28: the2nd Products
C29: 2nd+ | G29: Page 2 | I29: 2ndOO and 2ndNOO: $999
C30: 2ndOO | G30: Page 3
C31: 2ndNOO | G31: Page 4
C32: 2nd Mortgage Matrix | G32: Page 5
E38: *EXTENSION FEES
F40: 2nds
G41: 5 day | J41: -0.125
G42: 7 day | J42: -0.175
G43: 10 day | J43: -0.25
G44: 15 day | J44: -0.375
E46: *3 total lock extensions allowed, up to 30 days
B48: Eligible States
B50: *See Matrix for restrictions and additional details.
B72: LOSS PAYEE
B74: Hometown Equity Mortgage, LLC dba theLender its successors and/or assigns
B75: 25531 Commercentre Dr #250, Lake Forest, CA 92630
B76: For use by mortgage professionals only. Mortgage Financing Provided by Hometown Equity Mortgage, LLC dba theLender NMLS #133519 . Rates, terms and programs subject to change without notice.

Sheet 2nd+
L3: Lock Desk Hours: 8am – 3:00pm PST
L4: Email: pricingdesk@thelender.com
L5: NMLS # 133519
C6: the2nd+
C7: Note Rate | D7: Full Doc | E7: Alt Doc | G7: MAX PRICE AND LOCK TERM | J7: Program Notes
C8: =margins!AP3 -> 7.125 | D8: 95.252 | E8: NA | G8: Max Price | H8: 101.25 | J8: 1. UW Fee $999 | S8: *2ndOO+ Pricer | U8: 46329.345
C9: =margins!AP4 -> 7.25 | D9: 96.127 | E9: NA | G9: 15 Lock Period | H9: 0 | J9: 2. Lock cutoff 5:00 PM PST
C10: =margins!AP5 -> 7.375 | D10: 96.939 | E10: NA | G10: 30 Lock Period | H10: -0.375 | J10: 3. Loan must be U/W Approved status to lock | S10: Category | T10: Inputs | U10: Price
C11: =margins!AP6 -> 7.5 | D11: 97.564 | E11: 95.252
C12: =margins!AP7 -> 7.625 | D12: 98.064 | E12: 96.127 | G12: Extension Fees*
C13: =margins!AP8 -> 7.75 | D13: 98.564 | E13: 96.939 | G13: 5 days | H13: -0.25 | J13: *Price Special | M13: 0.5 | S13: Alt Doc | T13: Yes
C14: =margins!AP9 -> 7.875 | D14: 99.064 | E14: 97.564 | G14: 7 days | H14: -0.325 | J14: *Loan Amount >=100,000 | S14: Interest Rate ---> | T14: 8.875 | U14: =IF(T13="No",VLOOKUP(T14,$C$8:$E$54,2,FALSE),VLOOKUP(T14,$C$8:$E$54,3,FALSE)) -> 101.451
C15: =margins!AP10 -> 8 | D15: 99.564 | E15: 98.064 | G15: 10 days | H15: -0.55 | S15: CLTV Range | T15: 65.01-70.00
C16: =margins!AP11 -> 8.125 | D16: 100.045 | E16: 98.564 | G16: 15 days | H16: -0.65 | S16: FICO Range FD | T16: Choose a Selection | U16: =IF(T16="Choose a Selection",0,(INDEX($I$21:$Q$27,MATCH(T16,$H$21:$H$27,0),MATCH($T$15,$I$20:$Q$20,0),1))) -> 0
C17: =margins!AP12 -> 8.25 | D17: 100.514 | E17: 99.064 | G17: *Extension Max: 15 days | S17: FD 1 Year + 2 Year Adj | T17: Choose a Selection | U17: =IF(T17="Choose a Selection",0,(INDEX($I$21:$Q$55,MATCH(T17,$H$21:$H$55,0),MATCH($T$15,$I$20:$Q$20,0),1))) -> 0
C18: =margins!AP13 -> 8.375 | D18: 100.982 | E18: 99.564 | S18: FICO Range AD | T18: Choose a Selection | U18: =IF(T18="Choose a Selection",0,(INDEX($I$29:$Q$35,MATCH(T18,$H$29:$H$35,0),MATCH($T$15,$I$20:$Q$20,0),1))) -> 0
C19: =margins!AP14 -> 8.5 | D19: 101.451 | E19: 100.045 | G19: Price Adjustments | I19: CLTV | S19: Add Alt Doc Adj | T19: Choose a Selection | U19: =IF(T19="Choose a Selection",0,(INDEX($I$21:$Q$55,MATCH(T19,$H$21:$H$55,0),MATCH($T$15,$I$20:$Q$20,0),1))) -> 0
C20: =margins!AP15 -> 8.625 | D20: 101.919 | E20: 100.514 | I20: <=50.00 | J20: 50.01-55.00 | K20: 55.01-60.00 | L20: 60.01-65.00 | M20: 65.01-70.00 | N20: 70.01-75.00 | O20: 75.01-80.00 | P20: 80.01-85.00 | Q20: 85.01-90.00 | S20: Product | T20: Choose a Selection | U20: =IF(T20="Choose a Selection",0,(INDEX($I$21:$Q$55,MATCH(T20,$H$21:$H$55,0),MATCH($T$15,$I$20:$Q$20,0),1))) -> 0
C21: =margins!AP16 -> 8.75 | D21: 102.388 | E21: 100.982 | G21: Full Doc - 2 Years | H21: 800+ | I21: 3 | J21: 2.875 | K21: 2.875 | L21: 2.75 | M21: 2.5 | N21: 2 | O21: 0.875 | P21: -2 | Q21: -3.5 | S21: Loan Amount | T21: Choose a Selection | U21: =IF(T21="Choose a Selection",0,(INDEX($I$21:$Q$55,MATCH(T21,$H$21:$H$55,0),MATCH($T$15,$I$20:$Q$20,0),1))) -> 0
C22: =margins!AP17 -> 8.875 | D22: 102.834 | E22: 101.451 | H22: 780 - 799 | I22: 3 | J22: 2.875 | K22: 2.875 | L22: 2.625 | M22: 2.25 | N22: 1.375 | O22: 0.5 | P22: -2.875 | Q22: -4.5 | S22: Occupancy | T22: Choose a Selection | U22: =IF(T22="Choose a Selection",0,(INDEX($I$21:$Q$55,MATCH(T22,$H$21:$H$55,0),MATCH($T$15,$I$20:$Q$20,0),1))) -> 0
C23: =margins!AP18 -> 9 | D23: 103.28 | E23: 101.919 | H23: 760 - 779 | I23: 2 | J23: 1.875 | K23: 1.875 | L23: 1.375 | M23: 1 | N23: 0.75 | O23: -0.5 | P23: -4 | Q23: -6.5 | S23: DTI | T23: Choose a Selection | U23: =IF(T23="Choose a Selection",0,(INDEX($I$21:$Q$55,MATCH(T23,$H$21:$H$55,0),MATCH($T$15,$I$20:$Q$20,0),1))) -> 0
C24: =margins!AP19 -> 9.125 | D24: 103.726 | E24: 102.388 | H24: 740 - 759 | I24: 1.25 | J24: 1.25 | K24: 1.25 | L24: 1 | M24: 0.625 | N24: 0.25 | O24: -1.75 | P24: -5.5 | Q24: -8.5 | S24: State 1 | T24: Choose a Selection | U24: =IF(T24="Choose a Selection",0,(INDEX($I$21:$Q$55,MATCH(T24,$H$21:$H$55,0),MATCH($T$15,$I$20:$Q$20,0),1))) -> 0
C25: =margins!AP20 -> 9.25 | D25: 104.171 | E25: 102.834 | H25: 720 - 739 | I25: 0.875 | J25: 0.875 | K25: 0.875 | L25: 0.5 | M25: 0.125 | N25: -0.5 | O25: -2.75 | P25: -7 | Q25: NA | S25: Property Type | T25: Choose a Selection | U25: =IF(T25="Choose a Selection",0,(INDEX($I$21:$Q$56,MATCH(T25,$H$21:$H$56,0),MATCH($T$15,$I$20:$Q$20,0),1))) -> 0
C26: =margins!AP21 -> 9.375 | D26: 104.544 | E26: 103.28 | H26: 700 - 719 | I26: 0.375 | J26: 0.375 | K26: 0.375 | L26: -0.125 | M26: -1 | N26: -2 | O26: -5 | P26: -8 | Q26: NA | S26: Lock Period | T26: 15 | U26: =IF(T26=15,0,H10) -> 0
C27: =margins!AP22 -> 9.5 | D27: 105 | E27: 103.726 | H27: 680 - 699 | I27: -0.25 | J27: -0.5 | K27: -0.75 | L27: -1 | M27: -3 | N27: -4 | O27: NA | P27: NA | Q27: NA | S27: Pricing Special | T27: Choose a Selection | U27: =IF(T27="Loan Amount >=100,000", 0.5, 0) -> 0
C28: =margins!AP23 -> 9.625 | D28: 105.437 | E28: 104.171 | G28: Full Doc - 1 Year (+ 2 Year Adj) | H28: Full Doc - 1 Year (+ 2 Year Adj) | I28: 0 | J28: 0 | K28: 0 | L28: 0 | M28: -0.125 | N28: -0.125 | O28: -0.125 | P28: -0.25 | Q28: -0.375 | S28: Total LLPAs | U28: =SUM(U16:U27) -> 0
C29: =margins!AP24 -> 9.75 | D29: 105.812 | E29: 104.544 | H29: 800+ | I29: 3 | J29: 2.875 | K29: 2.875 | L29: 2.75 | M29: 2.5 | N29: 2 | O29: 0.875 | P29: -2.25 | Q29: NA
C30: =margins!AP25 -> 9.875 | D30: 106.187 | E30: 105 | H30: 780 - 799 | I30: 3 | J30: 2.875 | K30: 2.875 | L30: 2.625 | M30: 2.25 | N30: 1.375 | O30: 0.5 | P30: -3.125 | Q30: NA | S30: Final Price ---> | U30: =IF(ISNUMBER(MATCH("NA", U16:U27, 0)), "NA", MIN(H8,(U14+U28))) -> 101.25
C31: =margins!AP26 -> 10 | D31: 106.561 | E31: 105.437 | G31: Alt Doc | H31: 760 - 779 | I31: 2 | J31: 1.875 | K31: 1.875 | L31: 1.375 | M31: 1 | N31: 0.75 | O31: -0.5 | P31: -4.25 | Q31: NA
C32: =margins!AP27 -> 10.125 | D32: 106.935 | E32: 105.812 | G32: Bank Statement - 12/24 Months | H32: 740 - 759 | I32: 1.25 | J32: 1.25 | K32: 1.25 | L32: 1 | M32: 0.625 | N32: 0.25 | O32: -1.75 | P32: -6 | Q32: NA | S32: *2nd Pricer is a pricing tool only, please refer to the matrix for eligibility
C33: =margins!AP28 -> 10.25 | D33: 107.308 | E33: 106.187 | G33: 1099 - 12/24 Months | H33: 720 - 739 | I33: 0.875 | J33: 0.875 | K33: 0.875 | L33: 0.5 | M33: 0.125 | N33: -0.5 | O33: -2.75 | P33: NA | Q33: NA
C34: =margins!AP29 -> 10.375 | D34: 107.673 | E34: 106.561 | G34: WVOE | H34: 700 - 719 | I34: 0.125 | J34: 0.125 | K34: 0.125 | L34: -0.375 | M34: -1.25 | N34: -2.25 | O34: -5.5 | P34: NA | Q34: NA
C35: =margins!AP30 -> 10.5 | D35: 108.037 | E35: 106.935 | H35: 680 - 699 | I35: -0.5 | J35: -0.75 | K35: -1 | L35: -1.25 | M35: -3.25 | N35: -4.5 | O35: NA | P35: NA | Q35: NA
C36: =margins!AP31 -> 10.625 | D36: 108.394 | E36: 107.308 | G36: Additional Alt Doc Adj | H36: Bank Statement - 12 Months | I36: 0 | J36: 0 | K36: 0 | L36: 0 | M36: -0.125 | N36: -0.125 | O36: -0.125 | P36: -0.25 | Q36: NA
C37: =margins!AP32 -> 10.75 | D37: 108.751 | E37: 107.673 | H37: 1099 - 12 Months | I37: 0 | J37: 0 | K37: 0 | L37: 0 | M37: -0.125 | N37: -0.125 | O37: -0.125 | P37: -0.25 | Q37: NA
C38: =margins!AP33 -> 10.875 | D38: 109.001 | E38: 108.037 | H38: WVOE | I38: -0.25 | J38: -0.25 | K38: -0.25 | L38: -0.25 | M38: -0.25 | N38: -0.375 | O38: -0.375 | P38: NA | Q38: NA
C39: =margins!AP34 -> 11 | D39: 109.251 | E39: 108.394 | G39: Product | H39: 10yr Fixed | I39: 0.1 | J39: 0.1 | K39: 0.1 | L39: 0.1 | M39: 0.1 | N39: 0.1 | O39: 0.1 | P39: 0.1 | Q39: 0.1
C40: =margins!AP35 -> 11.125 | D40: 109.501 | E40: 108.751 | H40: 15yr Fixed | I40: 0.1 | J40: 0.1 | K40: 0.1 | L40: 0.1 | M40: 0.1 | N40: 0.1 | O40: 0.1 | P40: 0.1 | Q40: 0.1
C41: =margins!AP36 -> 11.25 | D41: 109.851 | E41: 109.001 | H41: 20yr Fixed | I41: 0.1 | J41: 0.1 | K41: 0.1 | L41: 0.1 | M41: 0.1 | N41: 0.1 | O41: 0.1 | P41: 0.1 | Q41: 0.1
C42: =margins!AP37 -> 11.375 | D42: 110.101 | E42: 109.251 | H42: 25yr Fixed | I42: 0.1 | J42: 0.1 | K42: 0.1 | L42: 0.1 | M42: 0.1 | N42: 0.1 | O42: 0.1 | P42: 0.1 | Q42: 0.1
C43: =margins!AP38 -> 11.5 | D43: 110.351 | E43: 109.501 | H43: 30yr Fixed | I43: 0 | J43: 0 | K43: 0 | L43: 0 | M43: 0 | N43: 0 | O43: 0 | P43: 0 | Q43: 0
C44: =margins!AP39 -> 11.625 | D44: 110.601 | E44: 109.851 | G44: Loan Amount | H44: 50,000 - 100k | I44: -0.25 | J44: -0.25 | K44: -0.25 | L44: -0.25 | M44: -0.25 | N44: -0.25 | O44: -0.25 | P44: -0.375 | Q44: -0.375
C45: =margins!AP40 -> 11.75 | D45: 110.851 | E45: 110.101 | H45: 100,001 - 150k | I45: -0.125 | J45: -0.125 | K45: -0.125 | L45: -0.125 | M45: -0.125 | N45: -0.125 | O45: -0.125 | P45: -0.25 | Q45: -0.25
C46: =margins!AP41 -> 11.875 | D46: 111.101 | E46: 110.351 | H46: 150,001 - 200k | I46: 0 | J46: 0 | K46: 0 | L46: 0 | M46: 0 | N46: 0 | O46: 0 | P46: 0 | Q46: 0
C47: =margins!AP42 -> 12 | D47: 111.351 | E47: 110.601 | H47: 200,001 - 350k | I47: 0.25 | J47: 0.25 | K47: 0.25 | L47: 0.25 | M47: 0.25 | N47: 0.25 | O47: 0.25 | P47: 0 | Q47: 0
C48: =margins!AP43 -> 12.125 | D48: 111.476 | E48: 110.851 | H48: 350,001 - 500k | I48: 0.375 | J48: 0.375 | K48: 0.375 | L48: 0.375 | M48: 0.375 | N48: 0.375 | O48: 0.375 | P48: 0 | Q48: NA
C49: =margins!AP44 -> 12.25 | D49: 111.601 | E49: 111.101 | G49: Occupancy | H49: 2nd Home | I49: -1 | J49: -1 | K49: -1 | L49: -1 | M49: -1 | N49: -1 | O49: -1 | P49: NA | Q49: NA
C50: =margins!AP45 -> 12.375 | D50: 111.726 | E50: 111.351 | H50: Investor | I50: -1.875 | J50: -1.875 | K50: -2.375 | L50: -2.875 | M50: -3.375 | N50: -4 | O50: NA | P50: NA | Q50: NA
C51: =margins!AP46 -> 12.5 | D51: 111.851 | E51: 111.476 | G51: DTI | H51: <= 40 | I51: 0 | J51: 0 | K51: 0 | L51: 0 | M51: 0 | N51: 0 | O51: 0 | P51: 0 | Q51: 0
C52: =margins!AP47 -> 12.625 | D52: 111.976 | E52: 111.601 | H52: 40.01 - 45 | I52: -0.375 | J52: -0.375 | K52: -0.375 | L52: -0.375 | M52: -0.375 | N52: -0.375 | O52: -0.5 | P52: -0.75 | Q52: -1
C53: =margins!AP48 -> 12.75 | D53: 112.101 | E53: 111.726 | H53: 45.01 - 50 | I53: -0.5 | J53: -0.5 | K53: -0.5 | L53: -0.5 | M53: -0.5 | N53: -0.5 | O53: -0.75 | P53: NA | Q53: NA
C54: =margins!AP49 -> 12.875 | D54: 112.226 | E54: 111.851 | G54: State Zone 1 | H54: CT, IL | I54: -1 | J54: -1 | K54: -1.25 | L54: -1.25 | M54: -1.5 | N54: -1.5 | O54: -2 | P54: NA | Q54: NA
G55: Property Type | H55: Condo-Warrantable | I55: -0.25 | J55: -0.25 | K55: -0.25 | L55: -0.25 | M55: -0.375 | N55: -0.375 | O55: -0.5 | P55: NA | Q55: NA
H56: 2-4 Units | I56: -0.5 | J56: -0.5 | K56: -0.5 | L56: -0.5 | M56: -0.5 | N56: -0.5 | O56: NA | P56: NA | Q56: NA

Sheet 2nd+Test
J2: Effective Date: | K2: =NOW() -> 46329.345
K3: Wholesale Rate Sheet
L5: Page 2
A10: the2nd+ | O10: *2ndOO+ Pricer
O12: Category | P12: Inputs | Q12: Price
B13: Rate | C13: Full Doc | D13: Alt Doc | F13: MAX PRICE AND LOCK TERM | I13: Program Notes
B14: =margins!AP3 -> 7.125 | C14: 95.252 | D14: NA | F14: Max Price | G14: 100 | I14: 1. UW Fee $999
B15: =margins!AP4 -> 7.25 | C15: 96.127 | D15: NA | F15: 15 Lock Period | G15: 0 | I15: 2. Borrower Paid Comp Only with Max 1.5 pts allowed | O15: Alt Doc | P15: Yes
B16: =margins!AP5 -> 7.375 | C16: 96.939 | D16: NA | F16: 30 Lock Period | G16: -0.375 | O16: Interest Rate ---> | P16: 10 | Q16: =IF(P15="No",VLOOKUP(P16,$B$14:$D$60,2,FALSE),VLOOKUP(P16,$B$14:$D$60,3,FALSE)) -> 105.437
B17: =margins!AP6 -> 7.5 | C17: 97.564 | D17: 95.252 | I17: 3. Lock cutoff 3:00 PM PST | O17: CLTV Range | P17: 75.01-80.00
B18: =margins!AP7 -> 7.625 | C18: 98.064 | D18: 96.127 | I18: 4. Loan must be U/W Approved status to lock | O18: FICO Range FD | P18: 740 - 759 | Q18: =IF(P18="Choose a Selection",0,(INDEX($D$65:$L$71,MATCH(P18,$C$65:$C$71,0),MATCH($P$17,$D$64:$L$64,0),1))) -> -1.75
B19: =margins!AP8 -> 7.75 | C19: 98.564 | D19: 96.939 | F19: Extension Fees | O19: FD 1 Year + 2 Year Adj | P19: Choose a Selection | Q19: =IF(P19="Choose a Selection",0,(INDEX($D$72:$L$72,1,MATCH($P$17,$D$64:$L$64,0),1))) -> 0
B20: =margins!AP9 -> 7.875 | C20: 99.064 | D20: 97.564 | F20: 5 days | G20: -0.25 | O20: FICO Range AD | P20: Choose a Selection | Q20: =IF(P20="Choose a Selection",0,(INDEX($I$29:$Q$35,MATCH(P20,$H$29:$H$35,0),MATCH($T$15,$I$20:$Q$20,0),1))) -> 0
B21: =margins!AP10 -> 8 | C21: 99.564 | D21: 98.064 | F21: 7 days | G21: -0.325 | O21: Add Alt Doc Adj | P21: Choose a Selection | Q21: =IF(P21="Choose a Selection",0,(INDEX($I$21:$Q$55,MATCH(P21,$H$21:$H$55,0),MATCH($T$15,$I$20:$Q$20,0),1))) -> 0
B22: =margins!AP11 -> 8.125 | C22: 100.045 | D22: 98.564 | F22: 10 days | G22: -0.55 | O22: Product | P22: Choose a Selection | Q22: =IF(P22="Choose a Selection",0,(INDEX($I$21:$Q$55,MATCH(P22,$H$21:$H$55,0),MATCH($T$15,$I$20:$Q$20,0),1))) -> 0
B23: =margins!AP12 -> 8.25 | C23: 100.514 | D23: 99.064 | F23: 15 days | G23: -0.65 | O23: Loan Amount | P23: Choose a Selection | Q23: =IF(P23="Choose a Selection",0,(INDEX($I$21:$Q$55,MATCH(P23,$H$21:$H$55,0),MATCH($T$15,$I$20:$Q$20,0),1))) -> 0
B24: =margins!AP13 -> 8.375 | C24: 100.982 | D24: 99.564 | F24: *Extension Max: 15 days | O24: Occupancy | P24: Choose a Selection | Q24: =IF(P24="Choose a Selection",0,(INDEX($I$21:$Q$55,MATCH(P24,$H$21:$H$55,0),MATCH($T$15,$I$20:$Q$20,0),1))) -> 0
B25: =margins!AP14 -> 8.5 | C25: 101.451 | D25: 100.045 | O25: DTI | P25: Choose a Selection | Q25: =IF(P25="Choose a Selection",0,(INDEX($I$21:$Q$55,MATCH(P25,$H$21:$H$55,0),MATCH($T$15,$I$20:$Q$20,0),1))) -> 0
B26: =margins!AP15 -> 8.625 | C26: 101.919 | D26: 100.514 | O26: State 1 | P26: Choose a Selection | Q26: =IF(P26="Choose a Selection",0,(INDEX($I$21:$Q$55,MATCH(P26,$H$21:$H$55,0),MATCH($T$15,$I$20:$Q$20,0),1))) -> 0
B27: =margins!AP16 -> 8.75 | C27: 102.388 | D27: 100.982 | O27: Property Type | P27: Choose a Selection | Q27: =IF(P27="Choose a Selection",0,(INDEX($I$21:$Q$56,MATCH(P27,$H$21:$H$56,0),MATCH($T$15,$I$20:$Q$20,0),1))) -> 0
B28: =margins!AP17 -> 8.875 | C28: 102.834 | D28: 101.451 | O28: Lock Period | P28: Choose a Selection | Q28: =IF(P28=15,0, IF(P28=30, D12, 0)) -> 0
B29: =margins!AP18 -> 9 | C29: 103.28 | D29: 101.919 | O29: Total LLPAs | Q29: =SUM(Q18:Q28) -> -1.75
B30: =margins!AP19 -> 9.125 | C30: 103.726 | D30: 102.388
B31: =margins!AP20 -> 9.25 | C31: 104.171 | D31: 102.834 | O31: Final Price ---> | Q31: =IF(ISNUMBER(MATCH("NA", Q18:Q28, 0)), "NA",MIN(G14,(Q16+Q29))) -> 100
B32: =margins!AP21 -> 9.375 | C32: 104.544 | D32: 103.28
B33: =margins!AP22 -> 9.5 | C33: 105 | D33: 103.726 | O33: *2nd Pricer is a pricing tool only, please refer to the matrix for eligibility
B34: =margins!AP23 -> 9.625 | C34: 105.437 | D34: 104.171
B35: =margins!AP24 -> 9.75 | C35: 105.812 | D35: 104.544
B36: =margins!AP25 -> 9.875 | C36: 106.187 | D36: 105
B37: =margins!AP26 -> 10 | C37: 106.561 | D37: 105.437
B38: =margins!AP27 -> 10.125 | C38: 106.935 | D38: 105.812
B39: =margins!AP28 -> 10.25 | C39: 107.308 | D39: 106.187
B40: =margins!AP29 -> 10.375 | C40: 107.673 | D40: 106.561
B41: =margins!AP30 -> 10.5 | C41: 108.037 | D41: 106.935
B42: =margins!AP31 -> 10.625 | C42: 108.394 | D42: 107.308
B43: =margins!AP32 -> 10.75 | C43: 108.751 | D43: 107.673
B44: =margins!AP33 -> 10.875 | C44: 109.001 | D44: 108.037
B45: =margins!AP34 -> 11 | C45: 109.251 | D45: 108.394
... B60: =margins!AP49 -> 12.875 | C60: 112.226 | D60: 111.851
B63: Price Adjustments | D63: CLTV
C64: Choose a Selection | D64: <=50.00 | E64: 50.01-55.00 | F64: 55.01-60.00 | G64: 60.01-65.00 | H64: 65.01-70.00 | I64: 70.01-75.00 | J64: 75.01-80.00 | K64: 80.01-85.00 | L64: 85.01-90.00
B65: Full Doc - 2 Years | C65: 800+ | D65: 3 | E65: 2.875 | F65: 2.875 | G65: 2.75 | H65: 2.5 | I65: 2 | J65: 0.875 | K65: -2 | L65: -3.5
C66: 780 - 799 | D66: 3 | E66: 2.875 | F66: 2.875 | G66: 2.625 | H66: 2.25 | I66: 1.375 | J66: 0.5 | K66: -2.875 | L66: -4.5
C67: 760 - 779 | D67: 2 | E67: 1.875 | F67: 1.875 | G67: 1.375 | H67: 1 | I67: 0.75 | J67: -0.5 | K67: -4 | L67: -6.5
C68: 740 - 759 | D68: 1.25 | E68: 1.25 | F68: 1.25 | G68: 1 | H68: 0.625 | I68: 0.25 | J68: -1.75 | K68: -5.5 | L68: -8.5
C69: 720 - 739 | D69: 0.875 | E69: 0.875 | F69: 0.875 | G69: 0.5 | H69: 0.125 | I69: -0.5 | J69: -2.75 | K69: -7 | L69: NA
C70: 700 - 719 | D70: 0.375 | E70: 0.375 | F70: 0.375 | G70: -0.125 | H70: -1 | I70: -2 | J70: -5 | K70: -8 | L70: NA
C71: 680 - 699 | D71: -0.25 | E71: -0.5 | F71: -0.75 | G71: -1 | H71: -3 | I71: -4 | J71: NA | K71: NA | L71: NA
B72: Full Doc - 1 Year (+ 2 Year Adj) | D72: 0 | E72: 0 | F72: 0 | G72: 0 | H72: -0.125 | I72: -0.125 | J72: -0.125 | K72: -0.25 | L72: -0.375
C73: 800+ | D73: 3 | E73: 2.875 | F73: 2.875 | G73: 2.75 | H73: 2.5 | I73: 2 | J73: 0.875 | K73: -2.25 | L73: NA
B74: Alt Doc | C74: 780 - 799 | D74: 3 | E74: 2.875 | F74: 2.875 | G74: 2.625 | H74: 2.25 | I74: 1.375 | J74: 0.5 | K74: -3.125 | L74: NA
B75: Bank Statement - 12/24 Months | C75: 760 - 779 | D75: 2 | E75: 1.875 | F75: 1.875 | G75: 1.375 | H75: 1 | I75: 0.75 | J75: -0.5 | K75: -4.25 | L75: NA
C76: 740 - 759 | D76: 1.25 | E76: 1.25 | F76: 1.25 | G76: 1 | H76: 0.625 | I76: 0.25 | J76: -1.75 | K76: -6 | L76: NA
B77: 1099 - 12/24 Months | C77: 720 - 739 | D77: 0.875 | E77: 0.875 | F77: 0.875 | G77: 0.5 | H77: 0.125 | I77: -0.5 | J77: -2.75 | K77: NA | L77: NA
B78: WVOE | C78: 700 - 719 | D78: 0.125 | E78: 0.125 | F78: 0.125 | G78: -0.375 | H78: -1.25 | I78: -2.25 | J78: -5.5 | K78: NA | L78: NA
C79: 680 - 699 | D79: -0.5 | E79: -0.75 | F79: -1 | G79: -1.25 | H79: -3.25 | I79: -4.5 | J79: NA | K79: NA | L79: NA
B80: Additional Alt Doc Adj | C80: Bank Statement - 12 Months | D80: 0 | E80: 0 | F80: 0 | G80: 0 | H80: -0.125 | I80: -0.125 | J80: -0.125 | K80: -0.25 | L80: NA
C81: 1099 - 12 Months | D81: 0 | E81: 0 | F81: 0 | G81: 0 | H81: -0.125 | I81: -0.125 | J81: -0.125 | K81: -0.25 | L81: NA
C82: WVOE | D82: -0.25 | E82: -0.25 | F82: -0.25 | G82: -0.25 | H82: -0.25 | I82: -0.375 | J82: -0.375 | K82: NA | L82: NA
B83: Product | C83: 10yr Fixed | D83: 0.1 | E83: 0.1 | F83: 0.1 | G83: 0.1 | H83: 0.1 | I83: 0.1 | J83: 0.1 | K83: 0.1 | L83: 0.1
C84: 15yr Fixed | D84: 0.1 | E84: 0.1 | F84: 0.1 | G84: 0.1 | H84: 0.1 | I84: 0.1 | J84: 0.1 | K84: 0.1 | L84: 0.1
C85: 20yr Fixed | D85: 0.1 | E85: 0.1 | F85: 0.1 | G85: 0.1 | H85: 0.1 | I85: 0.1 | J85: 0.1 | K85: 0.1 | L85: 0.1
C86: 25yr Fixed | D86: 0.1 | E86: 0.1 | F86: 0.1 | G86: 0.1 | H86: 0.1 | I86: 0.1 | J86: 0.1 | K86: 0.1 | L86: 0.1
C87: 30yr Fixed | D87: 0 | E87: 0 | F87: 0 | G87: 0 | H87: 0 | I87: 0 | J87: 0 | K87: 0 | L87: 0
B88: Loan Amount | C88: 50,000 - 100k | D88: -0.25 | E88: -0.25 | F88: -0.25 | G88: -0.25 | H88: -0.25 | I88: -0.25 | J88: -0.25 | K88: -0.375 | L88: -0.375
C89: 100,001 - 150k | D89: -0.125 | E89: -0.125 | F89: -0.125 | G89: -0.125 | H89: -0.125 | I89: -0.125 | J89: -0.125 | K89: -0.25 | L89: -0.25
C90: 150,001 - 200k | D90: 0 | E90: 0 | F90: 0 | G90: 0 | H90: 0 | I90: 0 | J90: 0 | K90: 0 | L90: 0
C91: 200,001 - 350k | D91: 0.25 | E91: 0.25 | F91: 0.25 | G91: 0.25 | H91: 0.25 | I91: 0.25 | J91: 0.25 | K91: 0 | L91: 0
C92: 350,001 - 500k | D92: 0.375 | E92: 0.375 | F92: 0.375 | G92: 0.375 | H92: 0.375 | I92: 0.375 | J92: 0.375 | K92: 0 | L92: NA
B93: Occupancy | C93: 2nd Home | D93: -1 | E93: -1 | F93: -1 | G93: -1 | H93: -1 | I93: -1 | J93: -1 | K93: NA | L93: NA
C94: Investor | D94: -1.875 | E94: -1.875 | F94: -2.375 | G94: -2.875 | H94: -3.375 | I94: -4 | J94: NA | K94: NA | L94: NA
B95: DTI | C95: <= 40 | D95: 0 | E95: 0 | F95: 0 | G95: 0 | H95: 0 | I95: 0 | J95: 0 | K95: 0 | L95: 0
C96: 40.01 - 45 | D96: -0.375 | E96: -0.375 | F96: -0.375 | G96: -0.375 | H96: -0.375 | I96: -0.375 | J96: -0.5 | K96: -0.75 | L96: -1
C97: 45.01 - 50 | D97: -0.5 | E97: -0.5 | F97: -0.5 | G97: -0.5 | H97: -0.5 | I97: -0.5 | J97: -0.75 | K97: NA | L97: NA
B98: State Zone 1 | C98: CT, IL | D98: -1 | E98: -1 | F98: -1.25 | G98: -1.25 | H98: -1.5 | I98: -1.5 | J98: -2 | K98: NA | L98: NA
B99: Property Type | C99: Condo-Warrantable | D99: -0.25 | E99: -0.25 | F99: -0.25 | G99: -0.25 | H99: -0.375 | I99: -0.375 | J99: -0.5 | K99: NA | L99: NA
C100: 2-4 Units | D100: -0.5 | E100: -0.5 | F100: -0.5 | G100: -0.5 | H100: -0.5 | I100: -0.5 | J100: NA | K100: NA | L100: NA
B134: For use by mortgage professionals only. Mortgage Financing Provided by Hometown Equity Mortgage, LLC dba theLender NMLS #133519 . Rates, terms and programs subject to change without notice.

Sheet 2ndOOTest
J2: Effective Date: | K2: =NOW() -> 46329.345
K3: Wholesale Rate Sheet
L5: Page 3
A10: the2nd+ | O10: *2ndOO Pricer
O12: Category | P12: Inputs | Q12: Price
B13: Rate | C13: Fixed Rate | E13: MAX PRICE AND LOCK TERM | H13: Program Notes
B14: =margins!AH3 -> 12.25 | C14: 107.15 | E14: Max Price | F14: 100 | H14: 1. UW Fee $999
B15: =margins!AH4 -> 12.125 | C15: 107.025 | E15: 15 Lock Period | F15: 0 | H15: 2. Borrower Paid Comp Only with Max 1.5 pts allowed | O15: Interest Rate ---> | P15: 10 | Q15: =VLOOKUP(P15,$B$14:$C$54,2,FALSE) -> 103.9
B16: =margins!AH5 -> 12 | C16: 106.9 | E16: 30 Lock Period | F16: -0.375 | O16: CLTV Range | P16: 70.01-75.00
B17: =margins!AH6 -> 11.99 | C17: 106.9 | H17: 3. Lock cutoff 3:00 PM PST | O17: FICO Range | P17: 700 - 719
B18: =margins!AH7 -> 11.875 | C18: 106.775 | H18: 4. Loan must be U/W Approved status to lock | O18: Product | P18: 30yr Fixed | Q18: =IF(P18="Choose a Selection",0,(INDEX($D$59:$L$114,MATCH(P18,$C$59:$C$114,0),MATCH($P$16,$D$58:$L$58,0),1))) -> 0
B19: =margins!AH8 -> 11.75 | C19: 106.65 | E19: Extension Fees | O19: Full Doc | P19: Choose a Selection | Q19: =IF(P19="Full Doc",INDEX($D$59:$L$66,MATCH(P17,C59:C66,0),MATCH(P16,$D$58:$L$58,0),1),0) -> 0
B20: =margins!AH9 -> 11.625 | C20: 106.525 | E20: 5 days | F20: -0.25 | O20: Bank Statement/1099 | P20: Choose a Selection | Q20: =IF(P20="Choose a Selection",0,(INDEX($D$67:$L$74,MATCH($P$17,C67:C74,0),MATCH($P$16,$D$58:$L$58,0),1))) -> 0
B21: =margins!AH10 -> 11.5 | C21: 106.4 | E21: 7 days | F21: -0.325 | O21: Bank Statements type | P21: Choose a Selection | Q21: =IF(P21="Choose a Selection",0,(INDEX($D$83:$L$85,MATCH($P$17,C83:C85,0),MATCH($P$16,$D$58:$L$58,0),1))) -> 0
B22: =margins!AH11 -> 11.375 | C22: 106.275 | E22: 10 days | F22: -0.55 | O22: P&L / WVOE | P22: Choose a Selection | Q22: =IF(P22="Choose a Selection",0,(INDEX($D$75:$L$82,MATCH($P$17,C75:C82,0),MATCH($P$16,$D$58:$L$58,0),1))) -> 0
B23: =margins!AH12 -> 11.25 | C23: 106.15 | E23: 15 days | F23: -0.65 | O23: Loan Amount | P23: Choose a Selection | Q23: =IF(P23="Choose a Selection",0,(INDEX($D$59:$L$114,MATCH(P23,$C$59:$C$114,0),MATCH($P$16,$D$58:$L$58,0),1))) -> 0
B24: =margins!AH13 -> 11.125 | C24: 106.025 | E24: *Extension Max: 15 days | O24: DTI | P24: Choose a Selection | Q24: =IF(P24="Choose a Selection",0,(INDEX($D$59:$L$114,MATCH(P24,$C$59:$C$114,0),MATCH($P$16,$D$58:$L$58,0),1))) -> 0
B25: =margins!AH14 -> 11 | C25: 105.9 | O25: Purpose | P25: Choose a Selection | Q25: =IF(P25="Choose a Selection",0,(INDEX($D$59:$L$114,MATCH(P25,$C$59:$C$114,0),MATCH($P$16,$D$58:$L$58,0),1))) -> 0
B26: =margins!AH15 -> 10.99 | C26: 105.9 | O26: Occupancy | P26: Choose a Selection | Q26: =IF(P26="Choose a Selection",0,(INDEX($D$59:$L$114,MATCH(P26,$C$59:$C$114,0),MATCH($P$16,$D$58:$L$58,0),1))) -> 0
B27: =margins!AH16 -> 10.875 | C27: 105.775 | O27: Property Type | P27: Choose a Selection | Q27: =IF(P27="Choose a Selection",0,(INDEX($D$59:$L$114,MATCH(P27,$C$59:$C$114,0),MATCH($P$16,$D$58:$L$58,0),1))) -> 0
B28: =margins!AH17 -> 10.75 | C28: 105.525 | O28: Lock Period | P28: Choose a Selection | Q28: =IF(P28=15,0, IF(P28=30, F16, 0)) -> 0
B29: =margins!AH18 -> 10.625 | C29: 105.275 | O29: Total LLPAs | Q29: =SUM(Q18:Q28) -> 0
B30: =margins!AH19 -> 10.5 | C30: 105.025
B31: =margins!AH20 -> 10.375 | C31: 104.775 | O31: Final Price ---> | Q31: =IF(ISNUMBER(MATCH("NA", Q18:Q28, 0)), "NA", MIN(F14,(Q15+Q29))) -> 100
B32: =margins!AH21 -> 10.25 | C32: 104.525
B33: =margins!AH22 -> 10.125 | C33: 104.275 | O33: *2nd Pricer is a pricing tool only, please refer to the matrix for eligibility
B34: =margins!AH23 -> 10 | C34: 103.9
B35: =margins!AH24 -> 9.99 | C35: 103.9
B36: =margins!AH25 -> 9.875 | C36: 103.525
B37: =margins!AH26 -> 9.75 | C37: 103.15
B38: =margins!AH27 -> 9.625 | C38: 102.775
B39: =margins!AH28 -> 9.5 | C39: 102.4
B40: =margins!AH29 -> 9.375 | C40: 102.025
B41: =margins!AH30 -> 9.25 | C41: 101.65
B42: =margins!AH31 -> 9.125 | C42: 101.275
B43: =margins!AH32 -> 9 | C43: 100.9
B44: =margins!AH33 -> 8.99 | C44: 100.9
B45: =margins!AH34 -> 8.875 | C45: 100.525
... B54: =margins!AH43 -> 7.875 | C54: 95.775
B57: Price Adjustments | D57: CLTV
C58: Choose a Selection | D58: <=50.00 | E58: 50.01-55.00 | F58: 55.01-60.00 | G58: 60.01-65.00 | H58: 65.01-70.00 | I58: 70.01-75.00 | J58: 75.01-80.00 | K58: 80.01-85.00 | L58: 85.01-90.00
C59: 800+ | D59: 1.875 | E59: 1.875 | F59: 1.625 | G59: 1.375 | H59: 1.125 | I59: 0.25 | J59: -0.625 | K59: -4.5 | L59: -6.125
C60: 780 - 799 | D60: 1.875 | E60: 1.875 | F60: 1.625 | G60: 1.375 | H60: 1.125 | I60: 0.125 | J60: -0.75 | K60: -4.75 | L60: -6.375
C61: 760 - 779 | D61: 1.375 | E61: 1.375 | F61: 1.125 | G61: 0.875 | H61: 0.625 | I61: -0.5 | J61: -1.5 | K61: -5.375 | L61: -7.375
B62: Full Doc - 2 Years | C62: 740 - 759 | D62: 1 | E62: 1 | F62: 0.625 | G62: 0.375 | H62: 0.125 | I62: -1.125 | J62: -2.75 | K62: -6.75 | L62: -9
B63: Full Doc W-2 | C63: 720 - 739 | D63: 0.125 | E63: 0.125 | F63: -0.375 | G63: -0.75 | H63: -1 | I63: -2 | J63: -4 | K63: -8.125 | L63: -10
C64: 700 - 719 | D64: -0.75 | E64: -0.75 | F64: -1.375 | G64: -1.875 | H64: -2.375 | I64: -3.125 | J64: -5.5 | K64: -9.375 | L64: -11.5
C65: 680 - 699 | D65: -3 | E65: -3 | F65: -3.75 | G65: -4.125 | H65: -4.75 | I65: -5.75 | J65: -8.375 | K65: -11.125 | L65: NA
C66: 660 - 679 | D66: -4.25 | E66: -4.375 | F66: -4.875 | G66: -5.5 | H66: -6 | I66: -7.25 | J66: -10.25 | K66: NA | L66: NA
C67: 800+ | D67: 0.875 | E67: 0.875 | F67: 0.625 | G67: 0.25 | H67: 0 | I67: -1 | J67: -1.875 | K67: -5.875 | L67: -7.625
C68: 780 - 799 | D68: 0.875 | E68: 0.875 | F68: 0.625 | G68: 0.25 | H68: 0 | I68: -1.125 | J68: -2 | K68: -6.125 | L68: -7.875
C69: 760 - 779 | D69: 0.375 | E69: 0.375 | F69: 0.125 | G69: -0.25 | H69: -0.5 | I69: -1.75 | J69: -2.75 | K69: -6.75 | L69: -8.875
B70: Bank Statement | C70: 740 - 759 | D70: 0 | E70: 0 | F70: -0.375 | G70: -0.75 | H70: -1 | I70: -2.375 | J70: -4 | K70: -8.25 | L70: -10.75
B71: 1099 | C71: 720 - 739 | D71: -0.625 | E71: -0.625 | F71: -1.125 | G71: -1.625 | H71: -1.875 | I71: -3 | J71: -5.125 | K71: -9.625 | L71: -11.75
C72: 700 - 719 | D72: -1.625 | E72: -1.625 | F72: -2.25 | G72: -2.875 | H72: -3.375 | I72: -4.25 | J72: -6.75 | K72: -11.25 | L72: NA
C73: 680 - 699 | D73: -4 | E73: -4 | F73: -4.75 | G73: -5.25 | H73: -5.875 | I73: -7 | J73: -9.75 | K73: NA | L73: NA
C74: 660 - 679 | D74: -5.75 | E74: -5.875 | F74: -6.375 | G74: -7.125 | H74: -7.625 | I74: -9 | J74: NA | K74: NA | L74: NA
C75: 800+ | D75: -0.5 | E75: -0.5 | F75: -0.75 | G75: -1.375 | H75: -1.625 | I75: -2.75 | J75: -3.75 | K75: -7.875 | L75: NA
C76: 780 - 799 | D76: -0.5 | E76: -0.5 | F76: -0.75 | G76: -1.375 | H76: -1.625 | I76: -2.875 | J76: -4 | K76: -8.125 | L76: NA
C77: 760 - 779 | D77: -1 | E77: -1 | F77: -1.25 | G77: -1.875 | H77: -2.125 | I77: -3.5 | J77: -4.75 | K77: -8.75 | L77: NA
B78: P&L Only | C78: 740 - 759 | D78: -1.375 | E78: -1.375 | F78: -1.75 | G78: -2.375 | H78: -2.625 | I78: -4.125 | J78: -6 | K78: -10.25 | L78: NA
B79: WVOE | C79: 720 - 739 | D79: -2.125 | E79: -2.125 | F79: -2.625 | G79: -3.375 | H79: -3.625 | I79: -4.875 | J79: -7.25 | K79: -11.875 | L79: NA
C80: 700 - 719 | D80: -3.375 | E80: -3.375 | F80: -4 | G80: -4.75 | H80: -5.25 | I80: -6.25 | J80: -9 | K80: NA | L80: NA
C81: 680 - 699 | D81: -5.75 | E81: -5.75 | F81: -6.5 | G81: -7.125 | H81: -7.75 | I81: -9 | J81: NA | K81: NA | L81: NA
C82: 660 - 679 | D82: -7.75 | E82: -7.875 | F82: -8.375 | G82: -9.375 | H82: -9.875 | I82: NA | J82: NA | K82: NA | L82: NA
C83: No Bank Stmt | D83: 0 | E83: 0 | F83: 0 | G83: 0 | H83: 0 | I83: 0 | J83: 0 | K83: 0 | L83: 0
B84: Bank Statements | C84: 12mo Bank Stmt | D84: 0 | E84: 0 | F84: 0 | G84: 0 | H84: 0 | I84: 0 | J84: 0 | K84: 0 | L84: 0
C85: 24mo Bank Stmt | D85: 0 | E85: 0 | F85: 0 | G85: 0 | H85: 0 | I85: 0 | J85: 0 | K85: 0 | L85: 0
B86: Product | C86: 10yr Fixed | D86: 0.5 | E86: 0.5 | F86: 0.5 | G86: 0.5 | H86: 0.5 | I86: 0.5 | J86: 0.5 | K86: 0.5 | L86: 0.5
C87: 15yr Fixed | D87: 0.5 | E87: 0.5 | F87: 0.5 | G87: 0.5 | H87: 0.5 | I87: 0.5 | J87: 0.5 | K87: 0.5 | L87: 0.5
C88: 20yr Fixed | D88: 0.5 | E88: 0.5 | F88: 0.5 | G88: 0.5 | H88: 0.5 | I88: 0.5 | J88: 0.5 | K88: 0.5 | L88: 0.5
C89: 30yr Fixed | D89: 0 | E89: 0 | F89: 0 | G89: 0 | H89: 0 | I89: 0 | J89: 0 | K89: 0 | L89: 0
B90: Loan Amount | C90: 75,000 - 125k | D90: -0.25 | E90: -0.25 | F90: -0.25 | G90: -0.25 | H90: -0.25 | I90: -0.25 | J90: -0.25 | K90: -0.25 | L90: -0.25
C91: 125,001 - 150k | D91: 0 | E91: 0 | F91: 0 | G91: 0 | H91: 0 | I91: 0 | J91: 0 | K91: 0 | L91: 0
C92: 150,001 - 175k | D92: 0 | E92: 0 | F92: 0 | G92: 0 | H92: 0 | I92: 0 | J92: 0 | K92: 0 | L92: 0
C93: 175,001 - 200k | D93: 0 | E93: 0 | F93: 0 | G93: 0 | H93: 0 | I93: 0 | J93: 0 | K93: 0 | L93: 0
C94: 200,001 - 300k | D94: 0 | E94: 0 | F94: 0 | G94: 0 | H94: 0 | I94: 0 | J94: 0 | K94: 0 | L94: 0
C95: 300,001 - 400k | D95: 0 | E95: 0 | F95: 0 | G95: 0 | H95: 0 | I95: 0 | J95: 0 | K95: 0 | L95: 0
C96: 400,001 - 450k | D96: 0 | E96: 0 | F96: 0 | G96: 0 | H96: 0 | I96: 0 | J96: 0 | K96: 0 | L96: 0
C97: 450,001 - 600k | D97: 0 | E97: 0 | F97: 0 | G97: 0 | H97: 0 | I97: 0 | J97: 0 | K97: 0 | L97: 0
C98: 600,001 - 750k | D98: 0 | E98: 0 | F98: 0 | G98: 0 | H98: 0 | I98: 0 | J98: 0 | K98: 0 | L98: 0
B99: DTI | C99: 43.01 - 45 | D99: -0.25 | E99: -0.25 | F99: -0.25 | G99: -0.375 | H99: -0.375 | I99: -0.375 | J99: -0.5 | K99: -0.75 | L99: -0.75
C100: 45.01 - 50 | D100: -0.75 | E100: -0.75 | F100: -0.75 | G100: -0.75 | H100: -0.75 | I100: -0.75 | J100: -1 | K100: -1.25 | L100: -1.25
C101: Purchase | D101: 0 | E101: 0 | F101: 0 | G101: 0 | H101: 0 | I101: 0 | J101: 0 | K101: 0 | L101: 0
B102: Purpose | C102: Rate-Term | D102: 0 | E102: 0 | F102: 0 | G102: 0 | H102: 0 | I102: 0 | J102: 0 | K102: 0 | L102: 0
C103: Cash-Out | D103: 0 | E103: 0 | F103: 0 | G103: 0 | H103: 0 | I103: 0 | J103: 0 | K103: 0 | L103: 0
B104: Occupancy | C104: Owner Occupied | D104: 0 | E104: 0 | F104: 0 | G104: 0 | H104: 0 | I104: 0 | J104: 0 | K104: 0 | L104: 0
C105: Second Home | D105: -0.5 | E105: -0.5 | F105: -0.5 | G105: -0.5 | H105: -0.625 | I105: -0.75 | J105: -0.75 | K105: NA | L105: NA
B106: Property Type | C106: SFR | D106: 0 | E106: 0 | F106: 0 | G106: 0 | H106: 0 | I106: 0 | J106: 0 | K106: 0 | L106: 0
C107: D-PUD | D107: 0 | E107: 0 | F107: 0 | G107: 0 | H107: 0 | I107: 0 | J107: 0 | K107: 0 | L107: 0
C108: PUD | D108: 0 | E108: 0 | F108: 0 | G108: 0 | H108: 0 | I108: 0 | J108: 0 | K108: 0 | L108: 0
C109: Townhouse | D109: 0 | E109: 0 | F109: 0 | G109: 0 | H109: 0 | I109: 0 | J109: 0 | K109: 0 | L109: 0
C110: Rowhouse | D110: 0 | E110: 0 | F110: 0 | G110: 0 | H110: 0 | I110: 0 | J110: 0 | K110: 0 | L110: 0
C111: Site Condo | D111: 0 | E111: 0 | F111: 0 | G111: 0 | H111: 0 | I111: 0 | J111: 0 | K111: 0 | L111: 0
C112: Condo-Warrantable | D112: -0.25 | E112: -0.25 | F112: -0.25 | G112: -0.375 | H112: -0.375 | I112: -0.5 | J112: NA | K112: NA | L112: NA
C113: Modular | D113: -2 | E113: -2 | F113: -2 | G113: -2 | H113: -2 | I113: -2 | J113: -2 | K113: -2 | L113: -2
C114: 2-4 Units | D114: -0.5 | E114: -0.5 | F114: -0.5 | G114: -0.5 | H114: -0.5 | I114: -0.5 | J114: NA | K114: NA | L114: NA
B134: For use by mortgage professionals only. Mortgage Financing Provided by Hometown Equity Mortgage, LLC dba theLender NMLS #133519 . Rates, terms and programs subject to change without notice.

Sheet 2ndOO
K3: Lock Desk Hours: 8am – 3:00pm PST
K4: Email: pricingdesk@thelender.com
K5: NMLS # 133519
C6: the2nd OO
C7: Note Rate | D7: Fixed Rate | F7: MAX PRICE AND LOCK TERM | I7: Program Notes
C8: =margins!AH3 -> 12.25 | D8: 107.15 | F8: Max Price | G8: 100.5 | I8: 1. UW Fee $999 | R8: *2ndOO Pricer | T8: 46329.345
C9: =margins!AH4 -> 12.125 | D9: 107.025 | F9: 15 Lock Period | G9: 0 | I9: 2. Lock cutoff 5:00 PM PST
C10: =margins!AH5 -> 12 | D10: 106.9 | F10: 30 Lock Period | G10: -0.375 | I10: 3. Loan must be U/W Approved status to lock | R10: Category | S10: Inputs | T10: Price
C11: =margins!AH6 -> 11.99 | D11: 106.9
C12: =margins!AH7 -> 11.875 | D12: 106.775 | F12: Extension Fees*
C13: =margins!AH8 -> 11.75 | D13: 106.65 | F13: 5 days | G13: -0.25 | I13: *Price Special | L13: 0.5 | R13: Interest Rate ---> | S13: 9.5 | T13: =VLOOKUP(S13,$C$8:$D$48,2,FALSE) -> 102.4
C14: =margins!AH9 -> 11.625 | D14: 106.525 | F14: 7 days | G14: -0.325 | I14: *Loan Amount >=100,000 | R14: CLTV Range | S14: 65.01-70.00
C15: =margins!AH10 -> 11.5 | D15: 106.4 | F15: 10 days | G15: -0.55 | R15: FICO Range | S15: 680 - 699
C16: =margins!AH11 -> 11.375 | D16: 106.275 | F16: 15 days | G16: -0.65 | R16: Product | S16: 30yr Fixed | T16: =IF(S16="Choose a Selection",0,(INDEX($H$21:$P$76,MATCH(S16,$G$21:$G$76,0),MATCH($S$14,$H$20:$P$20,0),1))) -> 0
C17: =margins!AH12 -> 11.25 | D17: 106.15 | F17: *Extension Max: 15 days | R17: Full Doc | S17: Choose a Selection | T17: =IF(S17="Full Doc",INDEX($H$21:$P$28,MATCH(S15,G21:G28,0),MATCH(S14,$H$20:$P$20,0),1),0) -> 0
C18: =margins!AH13 -> 11.125 | D18: 106.025 | R18: Bank Statement/1099 | S18: Choose a Selection | T18: =IF(S18="Choose a Selection",0,(INDEX($H$29:$P$36,MATCH($S$15,G29:G36,0),MATCH($S$14,$H$20:$P$20,0),1))) -> 0
C19: =margins!AH14 -> 11 | D19: 105.9 | F19: Price Adjustments | H19: CLTV | R19: Bank Statements type | S19: Choose a Selection | T19: =IF(S19="Choose a Selection",0,(INDEX($H$45:$P$47,MATCH(S19,G45:G47,0),MATCH($S$14,$H$20:$P$20,0),1))) -> 0
C20: =margins!AH15 -> 10.99 | D20: 105.9 | H20: <=50.00 | I20: 50.01-55.00 | J20: 55.01-60.00 | K20: 60.01-65.00 | L20: 65.01-70.00 | M20: 70.01-75.00 | N20: 75.01-80.00 | O20: 80.01-85.00 | P20: 85.01-90.00 | R20: P&L / WVOE/Asset Depletion | S20: Choose a Selection | T20: =IF(S20="Choose a Selection",0,(INDEX($H$37:$P$44,MATCH($S$15,G37:G44,0),MATCH($S$14,$H$20:$P$20,0),1))) -> 0
C21: =margins!AH16 -> 10.875 | D21: 105.775 | F21: Full Doc | G21: ≥ 800 | H21: 2.875 | I21: 2.875 | J21: 2.875 | K21: 2.375 | L21: 2.125 | M21: 1.25 | N21: 0 | O21: -4.25 | P21: -6.125 | R21: Loan Amount | S21: Choose a Selection | T21: =IF(S21="Choose a Selection",0,(INDEX($H$21:$P$77,MATCH(S21,$G$21:$G$77,0),MATCH($S$14,$H$20:$P$20,0),1))) -> 0
C22: =margins!AH17 -> 10.75 | D22: 105.525 | F22: Full Doc W-2 | G22: 780 - 799 | H22: 2.875 | I22: 2.875 | J22: 2.875 | K22: 2.375 | L22: 2.125 | M22: 1.125 | N22: -0.125 | O22: -4.5 | P22: -6.375 | R22: DTI | S22: Choose a Selection | T22: =IF(S22="Choose a Selection",0,(INDEX($H$21:$P$77,MATCH(S22,$G$21:$G$77,0),MATCH($S$14,$H$20:$P$20,0),1))) -> 0
C23: =margins!AH18 -> 10.625 | D23: 105.275 | G23: 760 - 779 | H23: 2.375 | I23: 2.375 | J23: 2.375 | K23: 1.875 | L23: 1.625 | M23: 0.5 | N23: -0.875 | O23: -5.125 | P23: -7.375 | R23: Purpose | S23: Choose a Selection | T23: =IF(S23="Choose a Selection",0,(INDEX($H$21:$P$77,MATCH(S23,$G$21:$G$77,0),MATCH($S$14,$H$20:$P$20,0),1))) -> 0
C24: =margins!AH19 -> 10.5 | D24: 105.025 | G24: 740 - 759 | H24: 1.75 | I24: 1.75 | J24: 1.375 | K24: 1.125 | L24: 0.875 | M24: -0.375 | N24: -2.25 | O24: -6.5 | P24: -9 | R24: Occupancy | S24: Owner Occupied | T24: =IF(S24="Choose a Selection",0,(INDEX($H$21:$P$77,MATCH(S24,$G$21:$G$77,0),MATCH($S$14,$H$20:$P$20,0),1))) -> 0
C25: =margins!AH20 -> 10.375 | D25: 104.775 | G25: 720 - 739 | H25: 0.875 | I25: 0.875 | J25: 0.375 | K25: 0 | L25: -0.25 | M25: -1.25 | N25: -3.5 | O25: -7.875 | P25: -10 | R25: Property Type | S25: SFR | T25: =IF(S25="Choose a Selection",0,(INDEX($H$21:$P$77,MATCH(S25,$G$21:$G$77,0),MATCH($S$14,$H$20:$P$20,0),1))) -> 0
C26: =margins!AH21 -> 10.25 | D26: 104.525 | G26: 700 - 719 | H26: -0.375 | I26: -0.375 | J26: -1 | K26: -1.5 | L26: -2 | M26: -2.75 | N26: -5.125 | O26: -9.25 | P26: -11.5 | R26: Lock Period | S26: Choose a Selection | T26: =IF(S26<>30,0,G10) -> 0
C27: =margins!AH22 -> 10.125 | D27: 104.275 | G27: 680 - 699 | H27: -3.125 | I27: -3.125 | J27: -3.875 | K27: -4.25 | L27: -4.875 | M27: -5.875 | N27: -8.5 | O27: -11.25 | P27: NA | R27: Pricing Special | S27: Choose a Selection | T27: =IF(S27="Loan Amount >=100,000", 0.5, 0) -> 0
C28: =margins!AH23 -> 10 | D28: 103.9 | G28: 660 - 679 | H28: -4.375 | I28: -4.5 | J28: -5 | K28: -5.625 | L28: -6.125 | M28: -7.375 | N28: -10.375 | O28: NA | P28: NA | R28: Total LLPAs | T28: =SUM(T15:T27) -> 0
C29: =margins!AH24 -> 9.99 | D29: 103.9 | F29: Bank Statement | G29: ≥ 800 | H29: 1 | I29: 1 | J29: 0.75 | K29: 0.375 | L29: 0.125 | M29: -0.875 | N29: -1.75 | O29: -5.75 | P29: -7.625
C30: =margins!AH25 -> 9.875 | D30: 103.525 | F30: 1099 | G30: 780 - 799 | H30: 1 | I30: 1 | J30: 0.75 | K30: 0.375 | L30: 0.125 | M30: -1 | N30: -1.875 | O30: -6 | P30: -7.875 | R30: Final Price ---> | T30: =IF(ISNUMBER(MATCH("NA", T16:T27, 0)), "NA", MIN(G8,(T13+T28))) -> 100.5
C31: =margins!AH26 -> 9.75 | D31: 103.15 | G31: 760 - 779 | H31: 0.5 | I31: 0.5 | J31: 0.25 | K31: -0.125 | L31: -0.375 | M31: -1.625 | N31: -2.625 | O31: -6.625 | P31: -8.875
C32: =margins!AH27 -> 9.625 | D32: 102.775 | G32: 740 - 759 | H32: 0.125 | I32: 0.125 | J32: -0.25 | K32: -0.625 | L32: -0.875 | M32: -2.25 | N32: -3.875 | O32: -8.125 | P32: -10.75 | R32: *2nd Pricer is a pricing tool only, please refer to the matrix for eligibility
C33: =margins!AH28 -> 9.5 | D33: 102.4 | G33: 720 - 739 | H33: -0.5 | I33: -0.5 | J33: -1 | K33: -1.5 | L33: -1.75 | M33: -2.875 | N33: -5 | O33: -9.5 | P33: -11.75
C34: =margins!AH29 -> 9.375 | D34: 102.025 | G34: 700 - 719 | H34: -1.625 | I34: -1.625 | J34: -2.25 | K34: -2.875 | L34: -3.375 | M34: -4.25 | N34: -6.75 | O34: -11.25 | P34: NA
C35: =margins!AH30 -> 9.25 | D35: 101.65 | G35: 680 - 699 | H35: -4.125 | I35: -4.125 | J35: -4.875 | K35: -5.375 | L35: -6 | M35: -7.125 | N35: -9.875 | O35: NA | P35: NA
C36: =margins!AH31 -> 9.125 | D36: 101.275 | G36: 660 - 679 | H36: -5.875 | I36: -6 | J36: -6.5 | K36: -7.25 | L36: -7.75 | M36: -9.125 | N36: NA | O36: NA | P36: NA
C37: =margins!AH32 -> 9 | D37: 100.9 | F37: P&L Only | G37: ≥ 800 | H37: -0.5 | I37: -0.5 | J37: -0.75 | K37: -1.375 | L37: -1.625 | M37: -2.75 | N37: -3.75 | O37: -7.875 | P37: NA
C38: =margins!AH33 -> 8.99 | D38: 100.9 | F38: WVOE | G38: 780 - 799 | H38: -0.5 | I38: -0.5 | J38: -0.75 | K38: -1.375 | L38: -1.625 | M38: -2.875 | N38: -4 | O38: -8.125 | P38: NA
C39: =margins!AH34 -> 8.875 | D39: 100.525 | F39: Asset Depletion | G39: 760 - 779 | H39: -1 | I39: -1 | J39: -1.25 | K39: -1.875 | L39: -2.125 | M39: -3.5 | N39: -4.75 | O39: -8.75 | P39: NA
C40: =margins!AH35 -> 8.75 | D40: 100.025 | G40: 740 - 759 | H40: -1.375 | I40: -1.375 | J40: -1.75 | K40: -2.375 | L40: -2.625 | M40: -4.125 | N40: -6 | O40: -10.25 | P40: NA
C41: =margins!AH36 -> 8.625 | D41: 99.525 | G41: 720 - 739 | H41: -2.125 | I41: -2.125 | J41: -2.625 | K41: -3.375 | L41: -3.625 | M41: -4.875 | N41: -7.25 | O41: -11.875 | P41: NA
C42: =margins!AH37 -> 8.5 | D42: 99.025 | G42: 700 - 719 | H42: -3.375 | I42: -3.375 | J42: -4 | K42: -4.75 | L42: -5.25 | M42: -6.25 | N42: -9 | O42: NA | P42: NA
C43: =margins!AH38 -> 8.375 | D43: 98.4 | G43: 680 - 699 | H43: -5.875 | I43: -5.875 | J43: -6.625 | K43: -7.25 | L43: -7.875 | M43: -9.125 | N43: NA | O43: NA | P43: NA
C44: =margins!AH39 -> 8.25 | D44: 97.775 | G44: 660 - 679 | H44: -7.875 | I44: -8 | J44: -8.5 | K44: -9.5 | L44: -10 | M44: NA | N44: NA | O44: NA | P44: NA
F45: Bank Statements | G45: No Bank Stmt | H45: 0 | I45: 0 | J45: 0 | K45: 0 | L45: 0 | M45: 0 | N45: 0 | O45: 0 | P45: 0
G46: 12mo Bank Stmt | H46: 0 | I46: 0 | J46: 0 | K46: 0 | L46: 0 | M46: 0 | N46: 0 | O46: 0 | P46: 0
G47: 24mo Bank Stmt | H47: 0 | I47: 0 | J47: 0 | K47: 0 | L47: 0 | M47: 0 | N47: 0 | O47: 0 | P47: 0
F48: Product | G48: 10yr Fixed | H48: 0.5 | I48: 0.5 | J48: 0.5 | K48: 0.5 | L48: 0.5 | M48: 0.5 | N48: 0.5 | O48: 0.5 | P48: 0.5
G49: 15yr Fixed | H49: 0.5 | I49: 0.5 | J49: 0.5 | K49: 0.5 | L49: 0.5 | M49: 0.5 | N49: 0.5 | O49: 0.5 | P49: 0.5
G50: 20yr Fixed | H50: 0.5 | I50: 0.5 | J50: 0.5 | K50: 0.5 | L50: 0.5 | M50: 0.5 | N50: 0.5 | O50: 0.5 | P50: 0.5
G51: 30yr Fixed | H51: 0 | I51: 0 | J51: 0 | K51: 0 | L51: 0 | M51: 0 | N51: 0 | O51: 0 | P51: 0
F52: Loan Amount | G52: 75,000-125k | H52: -0.25 | I52: -0.25 | J52: -0.25 | K52: -0.25 | L52: -0.25 | M52: -0.25 | N52: -0.25 | O52: -0.25 | P52: -0.25
G53: 125,001-150k | H53: 0 | I53: 0 | J53: 0 | K53: 0 | L53: 0 | M53: 0 | N53: 0 | O53: 0 | P53: 0
G54: 150,001-175k | H54: 0 | I54: 0 | J54: 0 | K54: 0 | L54: 0 | M54: 0 | N54: 0 | O54: 0 | P54: 0
G55: 175,001-200k | H55: 0 | I55: 0 | J55: 0 | K55: 0 | L55: 0 | M55: 0 | N55: 0 | O55: 0 | P55: 0
G56: 200,001-300k | H56: 0 | I56: 0 | J56: 0 | K56: 0 | L56: 0 | M56: 0 | N56: 0 | O56: 0 | P56: 0
G57: 300,001-400k | H57: 0 | I57: 0 | J57: 0 | K57: 0 | L57: 0 | M57: 0 | N57: 0 | O57: 0 | P57: 0
G58: 400,001-450k | H58: 0 | I58: 0 | J58: 0 | K58: 0 | L58: 0 | M58: 0 | N58: 0 | O58: 0 | P58: 0
G59: 450,001-600k | H59: 0 | I59: 0 | J59: 0 | K59: 0 | L59: 0 | M59: 0 | N59: 0 | O59: 0 | P59: 0
G60: 600,001-750k | H60: 0 | I60: 0 | J60: 0 | K60: 0 | L60: 0 | M60: 0 | N60: 0 | O60: 0 | P60: 0
G61: 750,001-850k | H61: -0.25 | I61: -0.25 | J61: -0.25 | K61: -0.375 | L61: -0.375 | M61: -0.5 | N61: 0 | O61: 0 | P61: 0
F62: DTI | G62: 43.01-45 | H62: -0.25 | I62: -0.25 | J62: -0.25 | K62: -0.375 | L62: -0.375 | M62: -0.375 | N62: -0.5 | O62: -0.75 | P62: -0.75
G63: 45.01-50 | H63: -0.75 | I63: -0.75 | J63: -0.75 | K63: -0.75 | L63: -0.75 | M63: -0.75 | N63: -1 | O63: -1.25 | P63: -1.25
F64: Purpose | G64: Purchase | H64: 0 | I64: 0 | J64: 0 | K64: 0 | L64: 0 | M64: 0 | N64: 0 | O64: 0 | P64: 0
G65: Rate-Term | H65: 0 | I65: 0 | J65: 0 | K65: 0 | L65: 0 | M65: 0 | N65: 0 | O65: 0 | P65: 0
G66: Cash-Out | H66: 0 | I66: 0 | J66: 0 | K66: 0 | L66: 0 | M66: 0 | N66: 0 | O66: 0 | P66: 0
F67: Occupancy | G67: Owner Occupied | H67: 0 | I67: 0 | J67: 0 | K67: 0 | L67: 0 | M67: 0 | N67: 0 | O67: 0 | P67: 0
G68: Second Home | H68: -0.5 | I68: -0.5 | J68: -0.5 | K68: -0.5 | L68: -0.625 | M68: -0.75 | N68: -0.75 | O68: NA | P68: NA
F69: Property Type | G69: SFR | H69: 0 | I69: 0 | J69: 0 | K69: 0 | L69: 0 | M69: 0 | N69: 0 | O69: 0 | P69: 0
G70: D-PUD | H70: 0 | I70: 0 | J70: 0 | K70: 0 | L70: 0 | M70: 0 | N70: 0 | O70: 0 | P70: 0
G71: PUD | H71: 0 | I71: 0 | J71: 0 | K71: 0 | L71: 0 | M71: 0 | N71: 0 | O71: 0 | P71: 0
G72: Townhouse | H72: 0 | I72: 0 | J72: 0 | K72: 0 | L72: 0 | M72: 0 | N72: 0 | O72: 0 | P72: 0
G73: Rowhouse | H73: 0 | I73: 0 | J73: 0 | K73: 0 | L73: 0 | M73: 0 | N73: 0 | O73: 0 | P73: 0
G74: Site Condo | H74: 0 | I74: 0 | J74: 0 | K74: 0 | L74: 0 | M74: 0 | N74: 0 | O74: 0 | P74: 0
G75: Condo-Warrantable | H75: -0.25 | I75: -0.25 | J75: -0.25 | K75: -0.375 | L75: -0.375 | M75: -0.5 | N75: NA | O75: NA | P75: NA
G76: Modular | H76: -2 | I76: -2 | J76: -2 | K76: -2 | L76: -2 | M76: -2 | N76: -2 | O76: -2 | P76: -2
G77: 2-4 Units | H77: -0.5 | I77: -0.5 | J77: -0.5 | K77: -0.5 | L77: -0.5 | M77: -0.5 | N77: NA | O77: NA | P77: NA

Sheet 2ndNOO
I3: Lock Desk Hours: 8am – 3:00pm PST
I4: Email: pricingdesk@thelender.com
I5: NMLS # 133519
C6: the2nd NOO
C7: Note Rate | D7: Fixed Rate | F7: MAX PRICE AND LOCK TERM | I7: Program Notes
C8: =margins!AL3 -> 12.75 | D8: 106.65 | F8: Max Price | G8: 100.5 | I8: 1. UW Fee $999; Doc Fee $599 (DSCR Only) | R8: *2ndNOO Pricer | T8: 46329.345
C9: =margins!AL4 -> 12.625 | D9: 106.525 | F9: 15 Lock Period | G9: 0 | I9: 2. Borrower Paid Comp Only
C10: =margins!AL5 -> 12.5 | D10: 106.4 | F10: 30 Lock Period | G10: -0.375 | I10: 3. Lock cutoff 5:00 PM PST | R10: Category | S10: Inputs | T10: Price
C11: =margins!AL6 -> 12.375 | D11: 106.275 | I11: 4. Loan must be U/W Approved status to lock
C12: =margins!AL7 -> 12.25 | D12: 106.15 | F12: Extension Fees
C13: =margins!AL8 -> 12.125 | D13: 106.025 | F13: 5 days | G13: -0.25 | I13: *Price Special | L13: 0.5 | R13: Interest Rate ---> | S13: 10 | T13: =_xlfn.IFNA(VLOOKUP(S13,$C$8:$D$48,2,FALSE), "NA") -> 102.275
C14: =margins!AL9 -> 12 | D14: 105.9 | F14: 7 days | G14: -0.325 | I14: *Loan Amount >=100,000 | R14: CLTV Range | S14: 65.01-70.00
C15: =margins!AL10 -> 11.875 | D15: 105.775 | F15: 10 days | G15: -0.55 | R15: FICO Range | S15: 700 - 719
C16: =margins!AL11 -> 11.75 | D16: 105.65 | F16: 15 days | G16: -0.65 | R16: Product | S16: 30yr Fixed | T16: =IF(S16="Choose a Selection",0,(INDEX($H$22:$N$85,MATCH(S16,$G$22:$G$85,0),MATCH($S$14,$H$21:$N$21,0),1))) -> 0
C17: =margins!AL12 -> 11.625 | D17: 105.525 | F17: *Extension Max: 15 days | R17: Full Doc | S17: Choose a Selection | T17: =IF(S17="Full Doc",INDEX($H$22:$N$29,MATCH(S15,G22:G29,0),MATCH(S14,$H$21:$N$21,0),1),0) -> 0
C18: =margins!AL13 -> 11.5 | D18: 105.4 | R18: Bank Statement/1099 | S18: Choose a Selection | T18: =IF(S18="Choose a Selection",0,(INDEX($H$30:$N$37,MATCH($S$15,G30:G37,0),MATCH($S$14,$H$21:$N$21,0),1))) -> 0
C19: =margins!AL14 -> 11.375 | D19: 105.275 | R19: Bank Statements type | S19: Choose a Selection | T19: =IF(S19="Choose a Selection",0,(INDEX($H$53:$N$55,MATCH(S19,G53:G55,0),MATCH($S$14,$H$21:$N$21,0),1))) -> 0
C20: =margins!AL15 -> 11.25 | D20: 105.15 | F20: Price Adjustments | H20: CLTV | R20: P&L / WVOE | S20: Choose a Selection | T20: =IF(S20="Choose a Selection",0,(INDEX($H$38:$N$45,MATCH($S$15,G38:G45,0),MATCH($S$14,$H$21:$N$21,0),1))) -> 0
C21: =margins!AL16 -> 11.125 | D21: 104.9 | H21: <=50.00 | I21: 50.01-55.00 | J21: 55.01-60.00 | K21: 60.01-65.00 | L21: 65.01-70.00 | M21: 70.01-75.00 | N21: 75.01-80.00 | R21: DSCR | S21: Choose a Selection | T21: =IF(S21="Choose a Selection",0,(INDEX($H$46:$N$52,MATCH($S$15,G46:G52,0),MATCH($S$14,$H$21:$N$21,0),1))) -> 0
C22: =margins!AL17 -> 11 | D22: 104.65 | F22: Full Doc 2Yr | G22: ≥ 800 | H22: 2.875 | I22: 2.875 | J22: 2.875 | K22: 2.375 | L22: 2.125 | M22: 1.25 | N22: 0 | R22: DSCR Ratio | S22: Choose a Selection | T22: =IF(S22="Choose a Selection",0,(INDEX($H$71:$N$74,MATCH($S$22,G71:G74,0),MATCH($S$14,$H$21:$N$21,0),1))) -> 0
C23: =margins!AL18 -> 10.875 | D23: 104.4 | F23: Full Doc 1Yr | G23: 780 - 799 | H23: 2.875 | I23: 2.875 | J23: 2.875 | K23: 2.375 | L23: 2.125 | M23: 1.125 | N23: -0.125 | R23: Loan Amount | S23: Choose a Selection | T23: =IF(S23="Choose a Selection",0,(INDEX($H$22:$N$85,MATCH(S23,$G$22:$G$85,0),MATCH($S$14,$H$21:$N$21,0),1))) -> 0
C24: =margins!AL19 -> 10.75 | D24: 104.15 | G24: 760 - 779 | H24: 2.375 | I24: 2.375 | J24: 2.375 | K24: 1.875 | L24: 1.625 | M24: 0.5 | N24: -0.875 | R24: DTI | S24: Choose a Selection | T24: =IF(S24="Choose a Selection",0,(INDEX($H$22:$N$85,MATCH(S24,$G$22:$G$85,0),MATCH($S$14,$H$21:$N$21,0),1))) -> 0
C25: =margins!AL20 -> 10.625 | D25: 103.9 | G25: 740 - 759 | H25: 1.75 | I25: 1.75 | J25: 1.375 | K25: 1.125 | L25: 0.875 | M25: -0.375 | N25: -2.25 | R25: Citizenship | S25: Choose a Selection | T25: =IF(S25="Choose a Selection",0,(INDEX($H$22:$N$85,MATCH(S25,$G$22:$G$85,0),MATCH($S$14,$H$21:$N$21,0),1))) -> 0
C26: =margins!AL21 -> 10.5 | D26: 103.65 | G26: 720 - 739 | H26: 0.875 | I26: 0.875 | J26: 0.375 | K26: 0 | L26: -0.25 | M26: -1.25 | N26: -3.5 | R26: 5% Fixed PPP | S26: Choose a Selection | T26: =IF(S26="Choose a Selection",0,(INDEX($H$86:$N$90,MATCH(S26,$G$86:$G$90,0),MATCH($S$14,$H$21:$N$21,0),1))) -> 0
C27: =margins!AL22 -> 10.375 | D27: 103.4 | G27: 700 - 719 | H27: -0.375 | I27: -0.375 | J27: -1 | K27: -1.5 | L27: -2 | M27: -2.75 | N27: -5.125 | R27: Other PPP | S27: Choose a Selection | T27: =IF(S27="Choose a Selection",0,(INDEX($H$91:$N$95,MATCH(S27,$G$91:$G$95,0),MATCH($S$14,$H$21:$N$21,0),1))) -> 0
C28: =margins!AL23 -> 10.25 | D28: 103.025 | G28: 680 - 699 | H28: -3.125 | I28: -3.125 | J28: -3.875 | K28: -4.25 | L28: -4.875 | M28: -5.875 | N28: NA | R28: No PPP State | S28: Choose a Selection | T28: 0
C29: =margins!AL24 -> 10.125 | D29: 102.65 | G29: 660 - 679 | H29: -4.375 | I29: -4.5 | J29: -5 | K29: -5.625 | L29: -6.125 | M29: NA | N29: NA | R29: Property Type | S29: Choose a Selection | T29: =IF(S29="Choose a Selection",0,(INDEX($H$22:$N$85,MATCH(S29,$G$22:$G$85,0),MATCH($S$14,$H$21:$N$21,0),1))) -> 0
C30: =margins!AL25 -> 10 | D30: 102.275 | F30: Bank Statement | G30: ≥ 800 | H30: 1 | I30: 1 | J30: 0.75 | K30: 0.375 | L30: 0.125 | M30: -0.875 | N30: -1.75 | R30: Lock Period | S30: 15 | T30: =IF(S30=15,0,G10) -> 0
C31: =margins!AL26 -> 9.875 | D31: 101.9 | F31: 1099 | G31: 780 - 799 | H31: 1 | I31: 1 | J31: 0.75 | K31: 0.375 | L31: 0.125 | M31: -1 | N31: -1.875 | R31: Pricing Special | S31: Choose a Selection | T31: =IF(S31="Loan Amount >=100,000", 0.5, 0) -> 0
C32: =margins!AL27 -> 9.75 | D32: 101.525 | G32: 760 - 779 | H32: 0.5 | I32: 0.5 | J32: 0.25 | K32: -0.125 | L32: -0.375 | M32: -1.625 | N32: -2.625 | R32: Total LLPAs | T32: =SUM(T16:T31) -> 0
C33: =margins!AL28 -> 9.625 | D33: 101.15 | G33: 740 - 759 | H33: 0.125 | I33: 0.125 | J33: -0.25 | K33: -0.625 | L33: -0.875 | M33: -2.25 | N33: -3.875
C34: =margins!AL29 -> 9.5 | D34: 100.65 | G34: 720 - 739 | H34: -0.5 | I34: -0.5 | J34: -1 | K34: -1.5 | L34: -1.75 | M34: -2.875 | N34: -5 | R34: Final Price ---> | T34: =IFERROR(IF(ISNUMBER(MATCH("NA", T16:T31, 0)), "NA", IF(AND(S28="No PPP", OR(S26<>"Choose a Selection", S27<>"Choose a Selection")), "False", MIN(G8,(T13+T32)))), "NA") -> 100.5
C35: =margins!AL30 -> 9.375 | D35: 100.15 | G35: 700 - 719 | H35: -1.625 | I35: -1.625 | J35: -2.25 | K35: -2.875 | L35: -3.375 | M35: -4.25 | N35: NA
C36: =margins!AL31 -> 9.25 | D36: 99.65 | G36: 680 - 699 | H36: -4.125 | I36: -4.125 | J36: -4.875 | K36: -5.375 | L36: -6 | M36: NA | N36: NA | R36: *2nd Pricer is a pricing tool only, please refer to the matrix for eligibility
C37: =margins!AL32 -> 9.125 | D37: 99.15 | G37: 660 - 679 | H37: -5.875 | I37: -6 | J37: -6.5 | K37: NA | L37: NA | M37: NA | N37: NA
C38: =margins!AL33 -> 9 | D38: 98.525 | F38: P&L Only | G38: ≥ 800 | H38: -0.5 | I38: -0.5 | J38: -0.75 | K38: -1.375 | L38: -1.625 | M38: -2.75 | N38: -3.75
C39: =margins!AL34 -> 8.875 | D39: 97.9 | F39: WVOE | G39: 780 - 799 | H39: -0.5 | I39: -0.5 | J39: -0.75 | K39: -1.375 | L39: -1.625 | M39: -2.875 | N39: -4
C40: =margins!AL35 -> 8.75 | D40: 97.275 | G40: 760 - 779 | H40: -1 | I40: -1 | J40: -1.25 | K40: -1.875 | L40: -2.125 | M40: -3.5 | N40: -4.75
C41: =margins!AL36 -> 8.625 | D41: 96.65 | G41: 740 - 759 | H41: -1.375 | I41: -1.375 | J41: -1.75 | K41: -2.375 | L41: -2.625 | M41: -4.125 | N41: -6
C42: =margins!AL37 -> 8.5 | D42: 96.025 | G42: 720 - 739 | H42: -2.125 | I42: -2.125 | J42: -2.625 | K42: -3.375 | L42: -3.625 | M42: -4.875 | N42: -7.25
C43: =margins!AL38 -> 8.375 | D43: 95.275 | G43: 700 - 719 | H43: -3.375 | I43: -3.375 | J43: -4 | K43: -4.75 | L43: -5.25 | M43: NA | N43: NA
G44: 680 - 699 | H44: -5.875 | I44: -5.875 | J44: -6.625 | K44: -7.25 | L44: NA | M44: NA | N44: NA
G45: 660 - 679 | H45: -7.875 | I45: -8 | J45: -8.5 | K45: NA | L45: NA | M45: NA | N45: NA
F46: DSCR | G46: ≥ 800 | H46: -0.625 | I46: -0.625 | J46: -0.875 | K46: -1.5 | L46: -1.75 | M46: -3.5 | N46: -4.75
G47: 780 - 799 | H47: -0.625 | I47: -0.625 | J47: -0.875 | K47: -1.5 | L47: -1.75 | M47: -3.625 | N47: -5
G48: 760 - 779 | H48: -1.125 | I48: -1.125 | J48: -1.375 | K48: -2 | L48: -2.25 | M48: -4.25 | N48: -5.75
G49: 740 - 759 | H49: -1.5 | I49: -1.5 | J49: -1.875 | K49: -2.5 | L49: -2.75 | M49: -4.875 | N49: -7
G50: 720 - 739 | H50: -2.375 | I50: -2.375 | J50: -2.875 | K50: -3.625 | L50: -3.875 | M50: -5.625 | N50: -8.25
G51: 700 - 719 | H51: -3.625 | I51: -3.625 | J51: -4.25 | K51: -5 | L51: -5.5 | M51: -7 | N51: NA
G52: 680 - 699 | H52: -6.25 | I52: -6.25 | J52: -7 | K52: -7.625 | L52: -8.25 | M52: NA | N52: NA
F53: Bank Statements | G53: No Bank Stmt | H53: 0 | I53: 0 | J53: 0 | K53: 0 | L53: 0 | M53: 0 | N53: 0
G54: 12mo Bank Stmt | H54: 0 | I54: 0 | J54: 0 | K54: 0 | L54: 0 | M54: 0 | N54: 0
G55: 24mo Bank Stmt | H55: 0 | I55: 0 | J55: 0 | K55: 0 | L55: 0 | M55: 0 | N55: 0
F56: Product | G56: 10yr Fixed | H56: 0.5 | I56: 0.5 | J56: 0.5 | K56: 0.5 | L56: 0.5 | M56: 0.5 | N56: 0.5
G57: 15yr Fixed | H57: 0.5 | I57: 0.5 | J57: 0.5 | K57: 0.5 | L57: 0.5 | M57: 0.5 | N57: 0.5
G58: 20yr Fixed | H58: 0.375 | I58: 0.375 | J58: 0.375 | K58: 0.375 | L58: 0.375 | M58: 0.375 | N58: 0.375
G59: 30yr Fixed | H59: 0 | I59: 0 | J59: 0 | K59: 0 | L59: 0 | M59: 0 | N59: 0
F60: Loan Amount | G60: 75,000-125k | H60: -0.25 | I60: -0.25 | J60: -0.25 | K60: -0.25 | L60: -0.25 | M60: -0.25 | N60: -0.25
G61: 125,001-150k | H61: 0 | I61: 0 | J61: 0 | K61: 0 | L61: 0 | M61: 0 | N61: 0
G62: 150,001-175k | H62: 0 | I62: 0 | J62: 0 | K62: 0 | L62: 0 | M62: 0 | N62: 0
G63: 175,001-200k | H63: 0 | I63: 0 | J63: 0 | K63: 0 | L63: 0 | M63: 0 | N63: 0
G64: 200,001-300k | H64: 0 | I64: 0 | J64: 0 | K64: 0 | L64: 0 | M64: 0 | N64: 0
G65: 300,001-400k | H65: 0 | I65: 0 | J65: 0 | K65: 0 | L65: 0 | M65: 0 | N65: 0
G66: 400,001-450k | H66: 0 | I66: 0 | J66: 0 | K66: 0 | L66: 0 | M66: 0 | N66: 0
G67: 450,001-600k | H67: 0 | I67: 0 | J67: 0 | K67: 0 | L67: 0 | M67: 0 | N67: 0
G68: 600,001-750k | H68: 0 | I68: 0 | J68: 0 | K68: 0 | L68: 0 | M68: 0 | N68: 0
F69: DTI | G69: 43.01-45 | H69: -0.25 | I69: -0.25 | J69: -0.25 | K69: -0.375 | L69: -0.375 | M69: -0.375 | N69: -0.5
G70: 45.01-50 | H70: -0.75 | I70: -0.75 | J70: -0.75 | K70: -0.75 | L70: -0.75 | M70: -0.75 | N70: -1
F71: DSCR | G71: DSCR ≥1.50 | H71: 0.5 | I71: 0.5 | J71: 0.5 | K71: 0.5 | L71: 0.5 | M71: 0.5 | N71: 0.5
G72: DSCR 1.25-1.49 | H72: 0.25 | I72: 0.25 | J72: 0.25 | K72: 0.25 | L72: 0.25 | M72: 0.25 | N72: 0.25
G73: DSCR 1.10-1.24 | H73: 0 | I73: 0 | J73: 0 | K73: 0 | L73: 0 | M73: -0.125 | N73: -0.125
G74: DSCR 1.00-1.09 | H74: -0.375 | I74: -0.375 | J74: -0.375 | K74: -0.375 | L74: -0.375 | M74: -0.5 | N74: -0.5
F75: Property Type | G75: SFR | H75: 0 | I75: 0 | J75: 0 | K75: 0 | L75: 0 | M75: 0 | N75: 0
G76: D-PUD | H76: 0 | I76: 0 | J76: 0 | K76: 0 | L76: 0 | M76: 0 | N76: 0
G77: PUD | H77: 0 | I77: 0 | J77: 0 | K77: 0 | L77: 0 | M77: 0 | N77: 0
G78: Townhouse | H78: 0 | I78: 0 | J78: 0 | K78: 0 | L78: 0 | M78: 0 | N78: 0
G79: Rowhouse | H79: 0 | I79: 0 | J79: 0 | K79: 0 | L79: 0 | M79: 0 | N79: 0
G80: Site Condo | H80: 0 | I80: 0 | J80: 0 | K80: 0 | L80: 0 | M80: 0 | N80: 0
G81: Condo-Warrantable | H81: -0.25 | I81: -0.25 | J81: -0.25 | K81: -0.375 | L81: -0.375 | M81: -0.5 | N81: NA
G82: Modular | H82: -2 | I82: -2 | J82: -2 | K82: -2 | L82: -2 | M82: -2 | N82: -2
G83: 2-4 Units | H83: -0.5 | I83: -0.5 | J83: -0.5 | K83: -0.5 | L83: -0.5 | M83: NA | N83: NA
F84: Citizenship | G84: Permanent Resident Alien | H84: 0 | I84: 0 | J84: 0 | K84: 0 | L84: 0 | M84: 0 | N84: 0
G85: Non-Perm Resident Alien | H85: 0 | I85: 0 | J85: 0 | K85: 0 | L85: 0 | M85: 0 | N85: 0
F86: Prepay Penalty - 5% | G86: 1yr Prepay | H86: 0.375 | I86: 0.375 | J86: 0.375 | K86: 0.375 | L86: 0.375 | M86: 0.375 | N86: 0.375
G87: 2yr Prepay | H87: 0.625 | I87: 0.625 | J87: 0.625 | K87: 0.625 | L87: 0.625 | M87: 0.625 | N87: 0.625
G88: 3yr Prepay | H88: 1.75 | I88: 1.75 | J88: 1.75 | K88: 1.75 | L88: 1.75 | M88: 1.75 | N88: 1.75
G89: 4yr Prepay | H89: 2.125 | I89: 2.125 | J89: 2.125 | K89: 2.125 | L89: 2.125 | M89: 2.125 | N89: 2.125
G90: 5yr Prepay | H90: 2.375 | I90: 2.375 | J90: 2.375 | K90: 2.375 | L90: 2.375 | M90: 2.375 | N90: 2.375
F91: Prepay Penalty: | G91: 1yr Prepay | H91: 0.125 | I91: 0.125 | J91: 0.125 | K91: 0.125 | L91: 0.125 | M91: 0.125 | N91: 0.125
F92: • 3% | G92: 2yr Prepay | H92: 0.25 | I92: 0.25 | J92: 0.25 | K92: 0.25 | L92: 0.25 | M92: 0.25 | N92: 0.25
F93: • 6 months interest | G93: 3yr Prepay | H93: 0.375 | I93: 0.375 | J93: 0.375 | K93: 0.375 | L93: 0.375 | M93: 0.375 | N93: 0.375
F94: • Declining | G94: 4yr Prepay | H94: 0.5 | I94: 0.5 | J94: 0.5 | K94: 0.5 | L94: 0.5 | M94: 0.5 | N94: 0.5
G95: 5yr Prepay | H95: 0.625 | I95: 0.625 | J95: 0.625 | K95: 0.625 | L95: 0.625 | M95: 0.625 | N95: 0.625
F96: No Prepay States: | G96: No Prepay
F97: AK, DC, IL, KS, MD, MN, MS, | H97: 0 | I97: 0 | J97: 0 | K97: 0 | L97: 0 | M97: 0 | N97: 0
F98: NC, NJ, NM, OH, PA, RI, VA

Sheet 2ndNOOTest
J2: Effective Date: | K2: =NOW() -> 46329.345
K3: Wholesale Rate Sheet
L5: Page 3
A10: the2nd NOO | O10: *2ndOO Pricer
O12: Category | P12: Inputs | Q12: Price
B13: Rate | C13: Fixed Rate | E13: MAX PRICE AND LOCK TERM | H13: Program Notes
B14: =margins!AL3 -> 12.75 | C14: 106.65 | E14: Max Price | F14: 100 | H14: 1. UW Fee $999
B15: =margins!AL4 -> 12.625 | C15: 106.525 | E15: 15 Lock Period | F15: 0 | H15: 2. Borrower Paid Comp Only with Max 1.5 pts allowed | O15: Interest Rate ---> | P15: 10 | Q15: =VLOOKUP(P15,$B$14:$C$53,2,FALSE) -> #N/A
B16: =margins!AL5 -> 12.5 | C16: 106.4 | E16: 30 Lock Period | F16: -0.375 | O16: CLTV Range | P16: 70.01-75.00
B17: =margins!AL6 -> 12.375 | C17: 106.275 | H17: 3. Lock cutoff 3:00 PM PST | O17: FICO Range | P17: 700 - 719
B18: =margins!AL7 -> 12.25 | C18: 106.15 | H18: 4. Loan must be U/W Approved status to lock | O18: Product | P18: 30yr Fixed | Q18: =IF(P18="Choose a Selection",0,(INDEX($D$57:$J$107,MATCH(P18,$C$57:$C$107,0),MATCH($P$16,$D$56:$J$56,0),1))) -> 0
B19: =margins!AL8 -> 12.125 | C19: 106.025 | E19: Extension Fees | O19: Full Doc | P19: Choose a Selection | Q19: =IF(P19="Full Doc",INDEX($D$57:$J$64,MATCH(P17,C57:C64,0),MATCH(P16,$D$56:$J$56,0),1),0) -> 0
B20: =margins!AL9 -> 12 | C20: 105.9 | E20: 5 days | F20: -0.25 | O20: Bank Statement/1099 | P20: Choose a Selection | Q20: =IF(P20="Choose a Selection",0,(INDEX($D$65:$J$72,MATCH($P$17,C65:C72,0),MATCH($P$16,$D$56:$J$56,0),1))) -> 0
B21: =margins!AL10 -> 11.875 | C21: 105.775 | E21: 7 days | F21: -0.325 | O21: Bank Statements type | P21: Choose a Selection | Q21: =IF(P21="Choose a Selection",0,(INDEX($D$81:$J$83,MATCH($P$17,C81:C83,0),MATCH($P$16,$D$56:$J$56,0),1))) -> 0
B22: =margins!AL11 -> 11.75 | C22: 105.65 | E22: 10 days | F22: -0.55 | O22: P&L / WVOE | P22: Choose a Selection | Q22: =IF(P22="Choose a Selection",0,(INDEX($D$73:$J$80,MATCH($P$17,C73:C80,0),MATCH($P$16,$D$56:$J$56,0),1))) -> 0
B23: =margins!AL12 -> 11.625 | C23: 105.525 | E23: 15 days | F23: -0.65 | O23: Loan Amount | P23: Choose a Selection | Q23: =IF(P23="Choose a Selection",0,(INDEX($D$57:$J$107,MATCH(P23,$C$57:$C$107,0),MATCH($P$16,$D$56:$J$56,0),1))) -> 0
B24: =margins!AL13 -> 11.5 | C24: 105.4 | E24: *Extension Max: 15 days | O24: DTI | P24: Choose a Selection | Q24: =IF(P24="Choose a Selection",0,(INDEX($D$57:$J$107,MATCH(P24,$C$57:$C$107,0),MATCH($P$16,$D$56:$J$56,0),1))) -> 0
B25: =margins!AL14 -> 11.375 | C25: 105.275 | O25: Property Type | P25: Choose a Selection | Q25: =IF(P25="Choose a Selection",0,(INDEX($D$57:$J$107,MATCH(P25,$C$57:$C$107,0),MATCH($P$16,$D$56:$J$56,0),1))) -> 0
B26: =margins!AL15 -> 11.25 | C26: 105.15 | O26: Lock Period | P26: Choose a Selection | Q26: =IF(P26=15,0, IF(P26=30, F16, 0)) -> 0
B27: =margins!AL16 -> 11.125 | C27: 104.9 | O27: Total LLPAs | Q27: =SUM(Q18:Q26) -> 0
B28: =margins!AL17 -> 11 | C28: 104.65
B29: =margins!AL18 -> 10.875 | C29: 104.4 | O29: Final Price ---> | Q29: =IF(ISNUMBER(MATCH("NA", Q18:Q26, 0)), "NA", MIN(F14,(Q15+Q27))) -> #N/A
B30: =margins!AL19 -> 10.75 | C30: 104.15
B31: =margins!AL20 -> 10.625 | C31: 103.9 | O31: *2nd Pricer is a pricing tool only, please refer to the matrix for eligibility
B32: =margins!AL21 -> 10.5 | C32: 103.65
B33: =margins!AL22 -> 10.375 | C33: 103.4
B34: =margins!AL23 -> 10.25 | C34: #N/A
B35: =margins!AL24 -> 10.125 | C35: #N/A
B36: =margins!AL25 -> 10 | C36: #N/A
B37: =margins!AL26 -> 9.875 | C37: #N/A
B38: =margins!AL27 -> 9.75 | C38: #N/A
B39: =margins!AL28 -> 9.625 | C39: #N/A
B40: =margins!AL29 -> 9.5 | C40: #N/A
B41: =margins!AL30 -> 9.375 | C41: #N/A
B42: =margins!AL31 -> 9.25 | C42: #N/A
B43: =margins!AL32 -> 9.125 | C43: #N/A
B44: =margins!AL33 -> 9 | C44: #N/A
B45: =margins!AL34 -> 8.875 | C45: #N/A
... B53: =margins!AL42 -> 0 | C53: #N/A
B55: Price Adjustments | D55: CLTV
C56: Choose a Selection | D56: <=50.00 | E56: 50.01-55.00 | F56: 55.01-60.00 | G56: 60.01-65.00 | H56: 65.01-70.00 | I56: 70.01-75.00 | J56: 75.01-80.00
C57: 800+ | D57: 1.875 | E57: 1.875 | F57: 1.625 | G57: 1.375 | H57: 1.125 | I57: 0.25 | J57: -0.625
C58: 780 - 799 | D58: 1.875 | E58: 1.875 | F58: 1.625 | G58: 1.375 | H58: 1.125 | I58: 0.125 | J58: -0.75
C59: 760 - 779 | D59: 1.375 | E59: 1.375 | F59: 1.125 | G59: 0.875 | H59: 0.625 | I59: -0.5 | J59: -1.5
B60: Full Doc - 2 Years | C60: 740 - 759 | D60: 1 | E60: 1 | F60: 0.625 | G60: 0.375 | H60: 0.125 | I60: -1.125 | J60: -2.75
B61: Full Doc - 1 Year | C61: 720 - 739 | D61: 0.125 | E61: 0.125 | F61: -0.375 | G61: -0.75 | H61: -1 | I61: -2 | J61: -4
C62: 700 - 719 | D62: -0.75 | E62: -0.75 | F62: -1.375 | G62: -1.875 | H62: -2.375 | I62: -3.125 | J62: -5.5
C63: 680 - 699 | D63: -3 | E63: -3 | F63: -3.75 | G63: -4.125 | H63: -4.75 | I63: -5.75 | J63: NA
C64: 660 - 679 | D64: -4.25 | E64: -4.375 | F64: -4.875 | G64: -5.5 | H64: -6 | I64: NA | J64: NA
C65: 800+ | D65: 0.875 | E65: 0.875 | F65: 0.625 | G65: 0.25 | H65: 0 | I65: -1 | J65: -1.875
C66: 780 - 799 | D66: 0.875 | E66: 0.875 | F66: 0.625 | G66: 0.25 | H66: 0 | I66: -1.125 | J66: -2
C67: 760 - 779 | D67: 0.375 | E67: 0.375 | F67: 0.125 | G67: -0.25 | H67: -0.5 | I67: -1.75 | J67: -2.75
B68: Bank Statement | C68: 740 - 759 | D68: 0 | E68: 0 | F68: -0.375 | G68: -0.75 | H68: -1 | I68: -2.375 | J68: -4
B69: 1099 | C69: 720 - 739 | D69: -0.625 | E69: -0.625 | F69: -1.125 | G69: -1.625 | H69: -1.875 | I69: -3 | J69: -5.125
C70: 700 - 719 | D70: -1.625 | E70: -1.625 | F70: -2.25 | G70: -2.875 | H70: -3.375 | I70: -4.25 | J70: NA
C71: 680 - 699 | D71: -4 | E71: -4 | F71: -4.75 | G71: -5.25 | H71: -5.875 | I71: NA | J71: NA
C72: 660 - 679 | D72: -5.75 | E72: -5.875 | F72: -6.375 | G72: NA | H72: NA | I72: NA | J72: NA
C73: 800+ | D73: -0.5 | E73: -0.5 | F73: -0.75 | G73: -1.375 | H73: -1.625 | I73: -2.75 | J73: -3.75
C74: 780 - 799 | D74: -0.5 | E74: -0.5 | F74: -0.75 | G74: -1.375 | H74: -1.625 | I74: -2.875 | J74: -4
C75: 760 - 779 | D75: -1 | E75: -1 | F75: -1.25 | G75: -1.875 | H75: -2.125 | I75: -3.5 | J75: -4.75
B76: P&L Only | C76: 740 - 759 | D76: -1.375 | E76: -1.375 | F76: -1.75 | G76: -2.375 | H76: -2.625 | I76: -4.125 | J76: -6
B77: WVOE | C77: 720 - 739 | D77: -2.125 | E77: -2.125 | F77: -2.625 | G77: -3.375 | H77: -3.625 | I77: -4.875 | J77: -7.25
C78: 700 - 719 | D78: -3.375 | E78: -3.375 | F78: -4 | G78: -4.75 | H78: -5.25 | I78: NA | J78: NA
C79: 680 - 699 | D79: -5.75 | E79: -5.75 | F79: -6.5 | G79: -7.125 | H79: NA | I79: NA | J79: NA
C80: 660 - 679 | D80: -7.75 | E80: -7.875 | F80: -8.375 | G80: NA | H80: NA | I80: NA | J80: NA
C81: No Bank Stmt | D81: 0 | E81: 0 | F81: 0 | G81: 0 | H81: 0 | I81: 0 | J81: 0
B82: Bank Statements | C82: 12mo Bank Stmt | D82: 0 | E82: 0 | F82: 0 | G82: 0 | H82: 0 | I82: 0 | J82: 0
C83: 24mo Bank Stmt | D83: 0 | E83: 0 | F83: 0 | G83: 0 | H83: 0 | I83: 0 | J83: 0
B84: Product | C84: 10yr Fixed | D84: 0.5 | E84: 0.5 | F84: 0.5 | G84: 0.5 | H84: 0.5 | I84: 0.5 | J84: 0.5
C85: 15yr Fixed | D85: 0.5 | E85: 0.5 | F85: 0.5 | G85: 0.5 | H85: 0.5 | I85: 0.5 | J85: 0.5
C86: 20yr Fixed | D86: 0.375 | E86: 0.375 | F86: 0.375 | G86: 0.375 | H86: 0.375 | I86: 0.375 | J86: 0.375
C87: 30yr Fixed | D87: 0 | E87: 0 | F87: 0 | G87: 0 | H87: 0 | I87: 0 | J87: 0
B88: Loan Amount | C88: 75,000 - 125k | D88: -0.25 | E88: -0.25 | F88: -0.25 | G88: -0.25 | H88: -0.25 | I88: -0.25 | J88: -0.25
C89: 125,001 - 150k | D89: 0 | E89: 0 | F89: 0 | G89: 0 | H89: 0 | I89: 0 | J89: 0
C90: 150,001 - 175k | D90: 0 | E90: 0 | F90: 0 | G90: 0 | H90: 0 | I90: 0 | J90: 0
C91: 175,001 - 200k | D91: 0 | E91: 0 | F91: 0 | G91: 0 | H91: 0 | I91: 0 | J91: 0
C92: 200,001 - 300k | D92: 0 | E92: 0 | F92: 0 | G92: 0 | H92: 0 | I92: 0 | J92: 0
C93: 300,001 - 400k | D93: 0 | E93: 0 | F93: 0 | G93: 0 | H93: 0 | I93: 0 | J93: 0
C94: 400,001 - 450k | D94: 0 | E94: 0 | F94: 0 | G94: 0 | H94: 0 | I94: 0 | J94: 0
C95: 450,001 - 600k | D95: 0 | E95: 0 | F95: 0 | G95: 0 | H95: 0 | I95: 0 | J95: 0
C96: 600,001 - 750k | D96: 0 | E96: 0 | F96: 0 | G96: 0 | H96: 0 | I96: 0 | J96: 0
B97: DTI | C97: 43.01 - 45 | D97: -0.25 | E97: -0.25 | F97: -0.25 | G97: -0.375 | H97: -0.375 | I97: -0.375 | J97: -0.5
C98: 45.01 - 50 | D98: -0.75 | E98: -0.75 | F98: -0.75 | G98: -0.75 | H98: -0.75 | I98: -0.75 | J98: -1
B99: Property Type | C99: SFR | D99: 0 | E99: 0 | F99: 0 | G99: 0 | H99: 0 | I99: 0 | J99: 0
C100: D-PUD | D100: 0 | E100: 0 | F100: 0 | G100: 0 | H100: 0 | I100: 0 | J100: 0
C101: PUD | D101: 0 | E101: 0 | F101: 0 | G101: 0 | H101: 0 | I101: 0 | J101: 0
C102: Townhouse | D102: 0 | E102: 0 | F102: 0 | G102: 0 | H102: 0 | I102: 0 | J102: 0
C103: Rowhouse | D103: 0 | E103: 0 | F103: 0 | G103: 0 | H103: 0 | I103: 0 | J103: 0
C104: Site Condo | D104: 0 | E104: 0 | F104: 0 | G104: 0 | H104: 0 | I104: 0 | J104: 0
C105: Condo-Warrantable | D105: -0.25 | E105: -0.25 | F105: -0.25 | G105: -0.375 | H105: -0.375 | I105: -0.5 | J105: NA
C106: Modular | D106: -2 | E106: -2 | F106: -2 | G106: -2 | H106: -2 | I106: -2 | J106: -2
C107: 2-4 Units | D107: -0.5 | E107: -0.5 | F107: -0.5 | G107: -0.5 | H107: -0.5 | I107: NA | J107: NA
B108: Citizenship | C108: Permanent Resident Alien | D108: 0 | E108: 0 | F108: 0 | G108: 0 | H108: 0 | I108: 0 | J108: 0
C109: Non-Perm Resident Alien | D109: 0 | E109: 0 | F109: 0 | G109: 0 | H109: 0 | I109: 0 | J109: 0
B134: For use by mortgage professionals only. Mortgage Financing Provided by Hometown Equity Mortgage, LLC dba theLender NMLS #133519 . Rates, terms and programs subject to change without notice.

Sheet Cover ITIN
F9: Effective Date: | H9: 46329
B12: theLender ITIN Rate Sheet
B14: LOCK DESK | I14: APPRAISAL ORDER PROCEDURES
J16: AMC selection can be made at: https://www.thelender.com/appraisals/
C18: CONTACT:
C19: E-mail: | D19: pricingdesk@thelender.com
C20: Direct: | D20: 833-381-8733
C21: Lock Desk Closes at 5:00 PM PST
B25: TABLE OF CONTENTS | I25: NON QM Fees
C28: ITIN | I28: Underwriting Fee: $1,995
C29: theITIN | G29: Page 2
C30: theITIN Matrix | G30: Page 3
E38: *EXTENSION FEES
E40: NON QM
G41: 5 day | J41: -0.125
G42: 7 day | J42: -0.175
G43: 10 day | J43: -0.25
G44: 15 day | J44: -0.375
E46: *3 total lock extensions allowed, up to 30 days
B48: Eligible States
C50: AK*, AL, AR, AZ, CA, CO, CT, DC, DE, FL, GA, HI, IA, ID, IL, IN, KS*, KY, LA, MA, MD, ME, MI*, MN*, MO, MS, MT,
C51: NC, ND, NE, NH, NJ, NM*, NV, OH*, OK, OR, PA, RI*, SC, SD, TN, TX, UT, VA, VT, WA, WI, WV, WY
C53: *See Matrix for restrictions and additional details regarding Prepayment Penalty
B72: LOSS PAYEE
B74: Hometown Equity Mortgage, LLC dba theLender its successors and/or assigns
B75: 25531 Commercentre Dr #250, Lake Forest, CA 92630
B76: For use by mortgage professionals only. Mortgage Financing Provided by Hometown Equity Mortgage, LLC dba theLender NMLS #133519 . Rates, terms and programs subject to change without notice.

Sheet ITIN
C2: ITIN
P5: *ITIN Pricer | R5: 46329.345
A7: Product Pricing 15 Day Locks | F7: FICO/CLTV Price Adjusters | P7: Category | Q7: Inputs | R7: Price
A8: Note Rate | B8: 5/6 ARM | C8: 7/6 ARM | D8: 30 Yr Fixed | H8: <=50.00 | I8: 50.01-55.00 | J8: 55.01-60.00 | K8: 60.01-65.00 | L8: 65.01-70.00 | M8: 70.01-75.00 | N8: 75.01-80.00
A9: 8.625 | B9: 82.741375 | C9: 82.741375 | D9: 82.741375 | G9: 760+ | H9: 0.25 | I9: 0.25 | J9: 0.25 | K9: 0.125 | L9: 0 | M9: -0.5 | N9: -2.5 | P9: Product | Q9: 7/6 Arm
A10: 8.75 | B10: 82.991375 | C10: 82.991375 | D10: 82.991375 | G10: 740 - 759 | H10: 0.125 | I10: 0.125 | J10: 0.125 | K10: 0 | L10: -0.25 | M10: -0.625 | N10: -3 | P10: Interest Rate ---> | Q10: 9.25 | R10: =IF(Q9="7/6 Arm",VLOOKUP(Q10,$A$8:$D$34,3,FALSE),IF(Q9="5/6 Arm",VLOOKUP(Q10,$A$8:$D$34,2,FALSE),VLOOKUP(Q10,$A$8:$D$34,4,FALSE))) -> 83.991375
A11: 8.875 | B11: 83.241375 | C11: 83.241375 | D11: 83.241375 | G11: 720 - 739 | H11: 0 | I11: 0 | J11: -0.125 | K11: -0.25 | L11: -0.625 | M11: -1 | N11: NA | P11: CLTV Range | Q11: <=50.00
A12: 8.99 | B12: 83.491375 | C12: 83.491375 | D12: 83.491375 | G12: 700 -719 | H12: -0.125 | I12: -0.25 | J12: -0.375 | K12: -0.5 | L12: -0.75 | M12: NA | N12: NA | P12: FICO Range | Q12: 720 - 739 | R12: =IFERROR(INDEX($H$9:$N$13,MATCH(Q12,$G$9:$G$13,0),MATCH($Q$11,$H$8:$N$8,0),1),0) -> 0
A13: 9.125 | B13: 83.741375 | C13: 83.741375 | D13: 83.741375 | G13: 680 - 699 | H13: -0.5 | I13: -0.875 | J13: -1.125 | K13: -1.5 | L13: NA | M13: NA | N13: NA | P13: Doc Type | Q13: Choose a Selection | R13: =IFERROR(INDEX($H$17:$N$26,MATCH(Q13,$G$17:$G$26,0),MATCH($Q$11,$H$16:$N$16,0),1),0) -> 0
A14: 9.25 | B14: 83.991375 | C14: 83.991375 | D14: 83.991375 | P14: Condo | Q14: Choose a Selection | R14: =IFERROR(INDEX($H$17:$N$26,MATCH(Q14,$G$17:$G$26,0),MATCH($Q$11,$H$16:$N$16,0),1),0) -> 0
A15: 9.375 | B15: 84.241375 | C15: 84.241375 | D15: 84.241375 | F15: Additional Loan Level Price Adjusters | P15: NW Condo | Q15: Choose a Selection | R15: =IFERROR(INDEX($H$17:$N$26,MATCH(Q15,$G$17:$G$26,0),MATCH($Q$11,$H$16:$N$16,0),1),0) -> 0
A16: 9.49 | B16: 84.491375 | C16: 84.491375 | D16: 84.491375 | G16: CLTV | H16: <=50.00 | I16: 50.01-55.00 | J16: 55.01-60.00 | K16: 60.01-65.00 | L16: 65.01-70.00 | M16: 70.01-75.00 | N16: 75.01-80.00 | P16: DTI | Q16: Choose a Selection | R16: =IFERROR(INDEX($H$17:$N$26,MATCH(Q16,$G$17:$G$26,0),MATCH($Q$11,$H$16:$N$16,0),1),0) -> 0
A17: 9.625 | B17: 84.741375 | C17: 84.741375 | D17: 84.741375 | G17: 12 Mnth Full Doc | H17: 0 | I17: 0 | J17: 0 | K17: 0 | L17: 0 | M17: 0 | N17: 0 | P17: 2-4 Units | Q17: Choose a Selection | R17: =IFERROR(INDEX($H$17:$N$26,MATCH(Q17,$G$17:$G$26,0),MATCH($Q$11,$H$16:$N$16,0),1),0) -> 0
A18: 9.75 | B18: 84.991375 | C18: 84.991375 | D18: 84.991375 | G18: 12 Mnth Bank Statement/1099 | H18: -0.25 | I18: -0.25 | J18: -0.25 | K18: -0.25 | L18: -0.25 | M18: -0.25 | N18: -0.5 | P18: Housing Lates | Q18: Choose a Selection | R18: =IFERROR(INDEX($H$17:$N$26,MATCH(Q18,$G$17:$G$26,0),MATCH($Q$11,$H$16:$N$16,0),1),0) -> 0
A19: 9.875 | B19: 85.241375 | C19: 85.241375 | D19: 85.241375 | G19: WVOE | H19: -0.25 | I19: -0.25 | J19: -0.375 | K19: -0.5 | L19: -0.625 | M19: -0.75 | N19: -1 | P19: UPB | Q19: Choose a Selection | R19: =IFERROR(INDEX($H$17:$N$26,MATCH(Q19,$G$17:$G$26,0),MATCH($Q$11,$H$16:$N$16,0),1),0) -> 0
A20: 10 | B20: 85.491375 | C20: 85.491375 | D20: 85.491375 | G20: Condo | H20: -0.25 | I20: -0.25 | J20: -0.25 | K20: -0.25 | L20: -0.25 | M20: -0.5 | N20: -0.5 | P20: Lock Period | Q20: 30 | R20: =IF(Q20=15,0,IF(Q20=30,H33)) -> -0.25
A21: 10.125 | B21: 85.741375 | C21: 85.741375 | D21: 85.741375 | G21: Non-Warrantable Condo | H21: -0.25 | I21: -0.25 | J21: -0.25 | K21: -0.25 | L21: -0.5 | M21: -0.5 | N21: NA | P21: Total LLPAs | R21: =SUM(R12:R20) -> -0.25
A22: 10.25 | B22: 85.991375 | C22: 85.991375 | D22: 85.991375 | G22: 2-4 Units | H22: -0.25 | I22: -0.25 | J22: -0.5 | K22: -0.5 | L22: -0.5 | M22: -0.5 | N22: -0.75
A23: 10.375 | B23: 86.241375 | C23: 86.241375 | D23: 86.241375 | G23: DTI > 45 | H23: -0.25 | I23: -0.25 | J23: -0.25 | K23: -0.25 | L23: -0.25 | M23: -0.25 | N23: NA | P23: Final Price ---> | R23: =IF(ISNUMBER(MATCH("NA", R12:R19, 0)), "NA",MIN(R21+R10,D36)) -> 83.741375
A24: 10.5 | B24: 86.491375 | C24: 86.491375 | D24: 86.491375 | G24: 1x30 in 12 Mo | H24: -0.5 | I24: -0.5 | J24: -0.5 | K24: -0.5 | L24: -0.75 | M24: -0.75 | N24: -1.25
A25: 10.625 | B25: 86.741375 | C25: 86.741375 | D25: 86.741375 | G25: UPB <150k | H25: -0.25 | I25: -0.25 | J25: -0.25 | K25: -0.25 | L25: -0.5 | M25: -0.75 | N25: -1 | P25: *ITIN Pricer is a pricing tool only, please refer to the matrix for eligibility
A26: 10.75 | B26: 86.991375 | C26: 86.991375 | D26: 86.991375 | G26: UPB > $1.0mm | H26: 0 | I26: 0 | J26: 0 | K26: -0.25 | L26: -0.5 | M26: -0.75 | N26: NA
A27: 10.875 | B27: 87.241375 | C27: 87.241375 | D27: 87.241375
A28: 11 | B28: 87.491375 | C28: 87.491375 | D28: 87.491375 | F28: Program Products
A29: 11.125 | B29: 87.741375 | C29: 87.741375 | D29: 87.741375 | F29: 5/6mo | G29: Margin: 3.75%, Index- SOFR 30 Day Avg: 2/1/5 Cap, 6MO Reset Period
A30: 11.25 | B30: 87.991375 | C30: 87.991375 | D30: 87.991375 | F30: 7/6mo | G30: Margin: 3.75%, Index- SOFR 30 Day Avg: 5/1/5 Cap, 6MO Reset Period
A31: 11.375 | B31: 88.241375 | C31: 88.241375 | D31: 88.241375
A32: 11.5 | B32: 88.491375 | C32: 88.491375 | D32: 88.491375 | G32: Days | H32: Price Adj | J32: Additional Eligibility Criteria
A33: 11.625 | B33: 88.741375 | C33: 88.741375 | D33: 88.741375 | F33: Lock Period | G33: 30 | H33: -0.25
A34: 11.75 | B34: 88.991375 | C34: 88.991375 | D34: 88.991375 | J34: Loan Amt | L34: Min Amount | N34: 125000
L35: Max Amount | N35: 1500000
A36: Max Price | D36: 100.5 | L36: >$1.0M | N36: Max 75 LTV
J37: DTI | L37: Max DTI | N37: 50
J38: Credit Event | L38: Seasoning (Mnth) | N38: 48
L39: Credit Event Max LTV | N39: 0.75

Sheet ITINTest
J2: Effective Date: | K2: =NOW() -> 46329.345
K3: Wholesale Rate Sheet
L5: Page 3
A10: the2nd NOO | O10: *ITIN Pricer
O12: Category | P12: Inputs | Q12: Price
B13: Product Pricing 15 Day Locks | G13: LOCK TERMS
B14: Rate | C14: 5/6 ARM | D14: 7/6 ARM | E14: 30 Yr Fixed | G14: 15 Lock Period | H14: 0 | O14: Product | P14: 7/6 Arm
B15: 8.625 | C15: 83.129375 | D15: 83.129375 | E15: 83.129375 | G15: 30 Lock Period | H15: -0.25 | O15: Interest Rate ---> | P15: 9.25 | Q15: =IF(P14="7/6 Arm",VLOOKUP(P15,$B$15:$E$41,3,FALSE),IF(P14="5/6 Arm",VLOOKUP(P15,$B$15:$E$41,2,FALSE),VLOOKUP(P15,$B$15:$E$41,4,FALSE))) -> 84.379375
B16: 8.75 | C16: 83.379375 | D16: 83.379375 | E16: 83.379375 | O16: CLTV Range | P16: <=50.00
B17: 8.875 | C17: 83.629375 | D17: 83.629375 | E17: 83.629375 | O17: FICO Range | P17: 720 - 739 | Q17: =IFERROR(INDEX($C$45:$I$49,MATCH(P17,$B$45:$B$49,0),MATCH($Q$11,$C$44:$I$44,0),1),0) -> 0
B18: 8.99 | C18: 83.879375 | D18: 83.879375 | E18: 83.879375 | G18: Program Products | O18: Doc Type | P18: Choose a Selection | Q18: =IFERROR(INDEX($C$53:$I$62,MATCH(P18,$B$53:$B$62,0),MATCH($Q$11,$C$52:$I$52,0),1),0) -> 0
B19: 9.125 | C19: 84.129375 | D19: 84.129375 | E19: 84.129375 | G19: 5/6mo | H19: Margin: 3.75%, Index- SOFR 30 Day Avg: 2/1/5 Cap, 6MO Reset Period | O19: Condo | P19: Choose a Selection | Q19: =IFERROR(INDEX($C$53:$I$62,MATCH(P19,$B$53:$B$62,0),MATCH($Q$11,$C$52:$I$52,0),1),0) -> 0
B20: 9.25 | C20: 84.379375 | D20: 84.379375 | E20: 84.379375 | G20: 7/6mo | H20: Margin: 3.75%, Index- SOFR 30 Day Avg: 5/1/5 Cap, 6MO Reset Period | O20: NW Condo | P20: Choose a Selection | Q20: =IFERROR(INDEX($C$53:$I$62,MATCH(P20,$B$53:$B$62,0),MATCH($Q$11,$C$52:$I$52,0),1),0) -> 0
B21: 9.375 | C21: 84.629375 | D21: 84.629375 | E21: 84.629375 | O21: DTI | P21: Choose a Selection | Q21: =IFERROR(INDEX($C$53:$I$62,MATCH(P21,$B$53:$B$62,0),MATCH($Q$11,$C$52:$I$52,0),1),0) -> 0
B22: 9.49 | C22: 84.879375 | D22: 84.879375 | E22: 84.879375 | O22: 2-4 Units | P22: Choose a Selection | Q22: =IFERROR(INDEX($C$53:$I$62,MATCH(P22,$B$53:$B$62,0),MATCH($Q$11,$C$52:$I$52,0),1),0) -> 0
B23: 9.625 | C23: 85.129375 | D23: 85.129375 | E23: 85.129375 | G23: Additional Eligibility Criteria | O23: Housing Lates | P23: Choose a Selection | Q23: =IFERROR(INDEX($C$53:$I$62,MATCH(P23,$B$53:$B$62,0),MATCH($Q$11,$C$52:$I$52,0),1),0) -> 0
B24: 9.75 | C24: 85.379375 | D24: 85.379375 | E24: 85.379375 | G24: Loan Amt | I24: Min Amount | K24: 125000 | O24: UPB | P24: Choose a Selection | Q24: =IFERROR(INDEX($C$53:$I$62,MATCH(P24,$B$53:$B$62,0),MATCH($Q$11,$C$52:$I$52,0),1),0) -> 0
B25: 9.875 | C25: 85.629375 | D25: 85.629375 | E25: 85.629375 | I25: Max Amount | K25: 1500000 | O25: Lock Period | P25: 30 | Q25: =IF(P25=15,0,IF(P25=30,H15)) -> -0.25
B26: 10 | C26: 85.879375 | D26: 85.879375 | E26: 85.879375 | I26: >$1.0M | K26: Max 75 LTV | O26: Total LLPAs | Q26: =Q17+Q18+Q19+Q20+Q21+Q22+Q23+Q24+Q25 -> -0.25
B27: 10.125 | C27: 86.129375 | D27: 86.129375 | E27: 86.129375 | G27: DTI | I27: Max DTI | K27: 50
B28: 10.25 | C28: 86.379375 | D28: 86.379375 | E28: 86.379375 | G28: Credit Event | I28: Seasoning (Mnth) | K28: 48 | O28: Final Price ---> | Q28: =IF(ISNUMBER(MATCH("NA", Q17:Q24, 0)), "NA",MIN(Q26+Q15,C41)) -> 84.129375
B29: 10.375 | C29: 86.629375 | D29: 86.629375 | E29: 86.629375 | I29: Credit Event Max LTV | K29: 0.75
B30: 10.5 | C30: 86.879375 | D30: 86.879375 | E30: 86.879375 | O30: *ITIN Pricer is a pricing tool only, please refer to the matrix for eligibility
B31: 10.625 | C31: 87.129375 | D31: 87.129375 | E31: 87.129375 | O31: *2nd Pricer is a pricing tool only, please refer to the matrix for eligibility
B32: 10.75 | C32: 87.379375 | D32: 87.379375 | E32: 87.379375
B33: 10.875 | C33: 87.629375 | D33: 87.629375 | E33: 87.629375
B34: 11 | C34: 87.879375 | D34: 87.879375 | E34: 87.879375
B35: 11.125 | C35: 88.129375 | D35: 88.129375 | E35: 88.129375
B36: 11.25 | C36: 88.379375 | D36: 88.379375 | E36: 88.379375
B37: 11.375 | C37: 88.629375 | D37: 88.629375 | E37: 88.629375
B38: 11.5 | C38: 88.879375 | D38: 88.879375 | E38: 88.879375
B39: 11.625 | C39: 89.129375 | D39: 89.129375 | E39: 89.129375
B40: 11.75 | C40: 89.379375 | D40: 89.379375 | E40: 89.379375
B43: Price Adjustments | C43: CLTV
B44: Choose a Selection | C44: <=50.00 | D44: 50.01-55.00 | E44: 55.01-60.00 | F44: 60.01-65.00 | G44: 65.01-70.00 | H44: 70.01-75.00 | I44: 75.01-80.00
B45: 760+ | C45: 0.25 | D45: 0.25 | E45: 0.25 | F45: 0.125 | G45: 0 | H45: -0.5 | I45: -2.5
B46: 740 - 759 | C46: 0.125 | D46: 0.125 | E46: 0.125 | F46: 0 | G46: -0.25 | H46: -0.625 | I46: -3
B47: 720 - 739 | C47: 0 | D47: 0 | E47: -0.125 | F47: -0.25 | G47: -0.625 | H47: -1 | I47: NA
B48: 700 - 719 | C48: -0.125 | D48: -0.25 | E48: -0.375 | F48: -0.5 | G48: -0.75 | H48: NA | I48: NA
B49: 680 - 699 | C49: -0.5 | D49: -0.875 | E49: -1.125 | F49: -1.5 | G49: NA | H49: NA | I49: NA
B51: Additional LLPAs | C51: CLTV
B52: Choose a Selection | C52: <=50.00 | D52: 50.01-55.00 | E52: 55.01-60.00 | F52: 60.01-65.00 | G52: 65.01-70.00 | H52: 70.01-75.00 | I52: 75.01-80.00
B53: 12 Mnth Full Doc | C53: 0 | D53: 0 | E53: 0 | F53: 0 | G53: 0 | H53: 0 | I53: 0
B54: 12 Month Bank Statement/1099 | C54: -0.25 | D54: -0.25 | E54: -0.25 | F54: -0.25 | G54: -0.25 | H54: -0.25 | I54: -0.5
B55: WVOE | C55: -0.25 | D55: -0.25 | E55: -0.375 | F55: -0.5 | G55: -0.625 | H55: -0.75 | I55: -1
B56: Condo | C56: -0.25 | D56: -0.25 | E56: -0.25 | F56: -0.25 | G56: -0.25 | H56: -0.5 | I56: -0.5
B57: Non-Warrantable Condo | C57: -0.25 | D57: -0.25 | E57: -0.25 | F57: -0.25 | G57: -0.5 | H57: -0.5 | I57: NA
B58: 2-4 Units | C58: -0.25 | D58: -0.25 | E58: -0.5 | F58: -0.5 | G58: -0.5 | H58: -0.5 | I58: -0.75
B59: DTI > 45 | C59: -0.25 | D59: -0.25 | E59: -0.25 | F59: -0.25 | G59: -0.25 | H59: -0.25 | I59: NA
B60: 1x30 in 12 Mo | C60: -0.5 | D60: -0.5 | E60: -0.5 | F60: -0.5 | G60: -0.75 | H60: -0.75 | I60: -1.25
B61: UPB <150k | C61: -0.25 | D61: -0.25 | E61: -0.25 | F61: -0.25 | G61: -0.5 | H61: -0.75 | I61: -1
B62: UPB > $1.0mm | C62: 0 | D62: 0 | E62: 0 | F62: -0.25 | G62: -0.5 | H62: -0.75 | I62: NA
B95: For use by mortgage professionals only. Mortgage Financing Provided by Hometown Equity Mortgage, LLC dba theLender NMLS #133519 . Rates, terms and programs subject to change without notice.

Sheet Cover theBlanket
F9: Effective Date: | H9: 46329
B12: theBlanket (Cross Collateral) Rate Sheet
B14: LOCK DESK | I14: APPRAISAL ORDER PROCEDURES
J16: AMC selection can be made at: https://www.thelender.com/appraisals/
C18: CONTACT:
C19: E-mail: | D19: pricingdesk@thelender.com
C20: Direct: | D20: 833-381-8733
C21: Lock Desk Closes at 3:00 PM PST
B25: TABLE OF CONTENTS | I25: *EXTENSION FEES
K27: 5 day | M27: -0.125
C28: theBlanket Product | K28: 7 day | M28: -0.175
C29: theBlanket | G29: Page 2 | K29: 10 day | M29: -0.25
C30: theBlanket Matrix | G30: Page 3 | K30: 15 day | M30: -0.375
I32: *3 total lock extensions allowed, up to 30 days
B37: Eligible States
C39: AK*, AL, AR, AZ, CA, CO, CT, DC, DE, FL, GA, HI, IA, ID, IL, IN, KS*, KY, LA, MA, MD, ME, MI*, MN*, MO, MS, MT,
C40: NC, ND, NE, NH, NJ, NM*, NV, NY, OH*, OK, OR, PA, RI*, SC, SD, TN, TX, UT, VA, VT, WA, WI, WV, WY
C42: *See Matrix for restrictions and additional details regarding Prepayment Penalty
B46: theBlanket Fees
B72: LOSS PAYEE
B74: Hometown Equity Mortgage, LLC dba theLender its successors and/or assigns
B75: 25531 Commercentre Dr #250, Lake Forest, CA 92630
B76: For use by mortgage professionals only. Mortgage Financing Provided by Hometown Equity Mortgage, LLC dba theLender NMLS #133519 . Rates, terms and programs subject to change without notice.

Sheet theBlanket
C2: DSCR CC
I3: =TODAY() -> 46329
B7: 15 Day Price | K7: *DSCR CC Pricer | M7: 46329.345
A8: Note Rate | B8: 7/6 ARM | C8: 10/ 6 ARM | D8: 30 Yr Fx | F8: Prepay Term | G8: Max Price
A9: =margins!$AZ3 -> 6.75 | B9: =margins!BA3-margins!BD3 -> 93.889 | C9: =margins!BB3-margins!BD3 -> 93.789 | D9: =margins!BC3-margins!BD3 -> 93.789 | F9: 60 Months | G9: 101 | K9: Category | L9: Inputs | M9: Price
A10: =margins!$AZ4 -> 6.875 | B10: =margins!BA4-margins!BD4 -> 94.889 | C10: =margins!BB4-margins!BD4 -> 94.789 | D10: =margins!BC4-margins!BD4 -> 94.789 | F10: 48 Months | G10: 101
A11: =margins!$AZ5 -> 7 | B11: =margins!BA5-margins!BD5 -> 95.889 | C11: =margins!BB5-margins!BD5 -> 95.789 | D11: =margins!BC5-margins!BD5 -> 95.789 | F11: 36 Months | G11: 101 | K11: Product | L11: 30 Yr Fx
A12: =margins!$AZ6 -> 7.125 | B12: =margins!BA6-margins!BD6 -> 96.826 | C12: =margins!BB6-margins!BD6 -> 96.726 | D12: =margins!BC6-margins!BD6 -> 96.726 | F12: 24 Months | G12: 101 | K12: Interest Rate ---> | L12: 7.25 | M12: =IF(L11="7/6 Arm",VLOOKUP(L12,$A$8:$D$37,2,FALSE),IF(L11="10/6 Arm",VLOOKUP(L12,$A$8:$D$37,3,FALSE),VLOOKUP(L12,$A$8:$D$37,4,FALSE))) -> 97.664
A13: =margins!$AZ7 -> 7.25 | B13: =margins!BA7-margins!BD7 -> 97.764 | C13: =margins!BB7-margins!BD7 -> 97.664 | D13: =margins!BC7-margins!BD7 -> 97.664 | F13: 12 Months | G13: 100 | K13: CLTV Range | L13: Choose a Selection
A14: =margins!$AZ8 -> 7.375 | B14: =margins!BA8-margins!BD8 -> 98.701 | C14: =margins!BB8-margins!BD8 -> 98.601 | D14: =margins!BC8-margins!BD8 -> 98.601 | F14: No Penalty | G14: =101-2.5 -> 98.5 | K14: FICO Range | L14: 760+ | M14: =IFERROR(INDEX($C$42:$G$47,MATCH(L14,B42:B47,0),MATCH(L13,C41:G41,0),1),0) -> 0
A15: =margins!$AZ9 -> 7.5 | B15: =margins!BA9-margins!BD9 -> 99.576 | C15: =margins!BB9-margins!BD9 -> 99.476 | D15: =margins!BC9-margins!BD9 -> 99.476 | K15: Housing History | L15: Choose a Selection | M15: =IFERROR(INDEX($C$51:$G$74,MATCH(L15,$B$51:$B$74,0),MATCH($L$13,$C$41:$G$41,0),1),0) -> 0
A16: =margins!$AZ10 -> 7.625 | B16: =margins!BA10-margins!BD10 -> 100.451 | C16: =margins!BB10-margins!BD10 -> 100.351 | D16: =margins!BC10-margins!BD10 -> 100.351 | F16: PREPAY PENALTY NOTES | K16: Housing Events | L16: Choose a Selection | M16: =IFERROR(INDEX($C$51:$G$74,MATCH(L16,$B$51:$B$74,0),MATCH($L$13,$C$41:$G$41,0),1),0) -> 0
A17: =margins!$AZ11 -> 7.75 | B17: =margins!BA11-margins!BD11 -> 101.139 | C17: =margins!BB11-margins!BD11 -> 101.039 | D17: =margins!BC11-margins!BD11 -> 101.039 | F17: 1. AK, KS, MI, MN, NM, OH, & RI must buyout PPP | K17: Loan Balance | L17: Choose a Selection | M17: =IFERROR(INDEX($C$51:$G$74,MATCH(L17,$B$51:$B$74,0),MATCH($L$13,$C$41:$G$41,0),1),0) -> 0
A18: =margins!$AZ12 -> 7.875 | B18: =margins!BA12-margins!BD12 -> 101.826 | C18: =margins!BB12-margins!BD12 -> 101.726 | D18: =margins!BC12-margins!BD12 -> 101.726 | K18: Purpose | L18: Choose a Selection | M18: =IFERROR(INDEX($C$51:$G$74,MATCH(L18,$B$51:$B$74,0),MATCH($L$13,$C$41:$G$41,0),1),0) -> 0
A19: =margins!$AZ13 -> 8 | B19: =margins!BA13-margins!BD13 -> 102.483 | C19: =margins!BB13-margins!BD13 -> 102.383 | D19: =margins!BC13-margins!BD13 -> 102.383 | F19: 2. IL & NJ -Prepayment penalties not allowed on loans vested to individuals | K19: Interest Only | L19: Choose a Selection | M19: =IFERROR(INDEX($C$51:$G$74,MATCH(L19,$B$51:$B$74,0),MATCH($L$13,$C$41:$G$41,0),1),0) -> 0
A20: =margins!$AZ14 -> 8.125 | B20: =margins!BA14-margins!BD14 -> 103.108 | C20: =margins!BB14-margins!BD14 -> 103.008 | D20: =margins!BC14-margins!BD14 -> 103.008 | K20: 5% PPP | L20: 60 Months | M20: =IFERROR(INDEX($C$62:$G$67,MATCH(L20,B62:B67,0),MATCH($L$13,$C$41:$G$41,0),1),0) -> 0
A21: =margins!$AZ15 -> 8.25 | B21: =margins!BA15-margins!BD15 -> 103.702 | C21: =margins!BB15-margins!BD15 -> 103.602 | D21: =margins!BC15-margins!BD15 -> 103.602 | F21: 3. PA - Loan amounts < $329,411 cannot have a prepayment penalty | K21: Declining PPP | L21: Choose a Selection | M21: =IFERROR(INDEX($C$68:$G$71,MATCH(L21,B68:B71,0),MATCH($L$13,$C$41:$G$41,0),1),0) -> 0
A22: =margins!$AZ16 -> 8.375 | B22: =margins!BA16-margins!BD16 -> 104.233 | C22: =margins!BB16-margins!BD16 -> 104.133 | D22: =margins!BC16-margins!BD16 -> 104.133 | K22: Escrow Waiver | L22: Choose a Selection | M22: =IFERROR(INDEX($C$51:$G$74,MATCH(L22,$B$51:$B$74,0),MATCH($L$13,$C$41:$G$41,0),1),0) -> 0
A23: =margins!$AZ17 -> 8.5 | B23: =margins!BA17-margins!BD17 -> 104.733 | C23: =margins!BB17-margins!BD17 -> 104.633 | D23: =margins!BC17-margins!BD17 -> 104.633 | F23: 4. Only declining prepayment penalty structures allowed in MS | K23: ACH Waiver | L23: Choose a Selection | M23: =IFERROR(INDEX($C$51:$G$74,MATCH(L23,$B$51:$B$74,0),MATCH($L$13,$C$41:$G$41,0),1),0) -> 0
A24: =margins!$AZ18 -> 8.625 | B24: =margins!BA18-margins!BD18 -> 105.171 | C24: =margins!BB18-margins!BD18 -> 105.071 | D24: =margins!BC18-margins!BD18 -> 105.071 | K24: Foreign National | L24: Choose a Selection | M24: =IFERROR(INDEX($C$51:$G$74,MATCH(L24,$B$51:$B$74,0),MATCH($L$13,$C$41:$G$41,0),1),0) -> 0
A25: =margins!$AZ19 -> 8.75 | B25: =margins!BA19-margins!BD19 -> 105.608 | C25: =margins!BB19-margins!BD19 -> 105.508 | D25: =margins!BC19-margins!BD19 -> 105.508 | K25: Lock Period | L25: Choose a Selection | M25: =IF(L25=15,0,IF(L25=30,G37,IF(L25=45,G38,0))) -> 0
A26: =margins!$AZ20 -> 8.875 | B26: =margins!BA20-margins!BD20 -> 106.046 | C26: =margins!BB20-margins!BD20 -> 105.946 | D26: =margins!BC20-margins!BD20 -> 105.946 | K26: Total LLPAs | M26: =SUM(M14:M25) -> 0
A27: =margins!$AZ21 -> 9 | B27: =margins!BA21-margins!BD21 -> 106.483 | C27: =margins!BB21-margins!BD21 -> 106.383 | D27: =margins!BC21-margins!BD21 -> 106.383
A28: =margins!$AZ22 -> 9.125 | B28: =margins!BA22-margins!BD22 -> 106.858 | C28: =margins!BB22-margins!BD22 -> 106.758 | D28: =margins!BC22-margins!BD22 -> 106.758 | K28: Final Price ---> | M28: =IF(ISNUMBER(MATCH("NA",M14:M25,0)),"NA",IF(L20="Choose a Selection",MIN(M26+M12,INDEX($G$9:$G$12,MATCH($L$21,margins!$AO$161:$AO$164,0))),MIN(M26+M12,VLOOKUP($L$20,$F$9:$G$14,2,FALSE)))) -> 97.664
A29: =margins!$AZ23 -> 9.25 | B29: =margins!BA23-margins!BD23 -> 107.233 | C29: =margins!BB23-margins!BD23 -> 107.133 | D29: =margins!BC23-margins!BD23 -> 107.133
A30: =margins!$AZ24 -> 9.375 | B30: =margins!BA24-margins!BD24 -> 107.545 | C30: =margins!BB24-margins!BD24 -> 107.445 | D30: =margins!BC24-margins!BD24 -> 107.445 | F30: ARM Requirements | K30: *DSCR CC Pricer is a pricing tool only, please refer to the matrix for eligibility
A31: =margins!$AZ25 -> 9.5 | B31: =margins!BA25-margins!BD25 -> 107.858 | C31: =margins!BB25-margins!BD25 -> 107.758 | D31: =margins!BC25-margins!BD25 -> 107.758 | F31: ARM Index | G31: SOFR 30AVG
A32: =margins!$AZ26 -> 9.625 | B32: =margins!BA26-margins!BD26 -> 108.171 | C32: =margins!BB26-margins!BD26 -> 108.071 | D32: =margins!BC26-margins!BD26 -> 108.071 | F32: ARM Margin | G32: 6.5
A33: =margins!$AZ27 -> 9.75 | B33: =margins!BA27-margins!BD27 -> 108.483 | C33: =margins!BB27-margins!BD27 -> 108.383 | D33: =margins!BC27-margins!BD27 -> 108.383 | F33: 7yr/10yr ARM Caps | G33: 5/1/5
A34: =margins!$AZ28 -> 9.875 | B34: =margins!BA28-margins!BD28 -> 108.796 | C34: =margins!BB28-margins!BD28 -> 108.696 | D34: =margins!BC28-margins!BD28 -> 108.696 | F34: Reset Frequency | G34: 6 mo
A35: =margins!$AZ29 -> 10 | B35: =margins!BA29-margins!BD29 -> 109.046 | C35: =margins!BB29-margins!BD29 -> 108.946 | D35: =margins!BC29-margins!BD29 -> 108.946
A36: =margins!$AZ30 -> 10.125 | B36: =margins!BA30-margins!BD30 -> 109.296 | C36: =margins!BB30-margins!BD30 -> 109.196 | D36: =margins!BC30-margins!BD30 -> 109.196 | F36: Lock Period Adjustments
A37: =margins!$AZ31 -> 10.25 | B37: =margins!BA31-margins!BD31 -> 109.546 | C37: =margins!BB31-margins!BD31 -> 109.446 | D37: =margins!BC31-margins!BD31 -> 109.446 | F37: 30 days | G37: -0.25
F38: 45 days | G38: -0.375
A40: FICO/CLTV LLPAs (Price Adjustments)
B41: Choose a Selection | C41: <=50.00 | D41: 50.01-55.00 | E41: 55.01-60.00 | F41: 60.01-65.00 | G41: 65.01-70.00
B42: 760+ | C42: 1.5 | D42: 1.375 | E42: 1.25 | F42: 0.875 | G42: 0.25
B43: 740-759 | C43: 1.5 | D43: 1.375 | E43: 1.125 | F43: 0.75 | G43: 0
B44: 720-739 | C44: 1.25 | D44: 1.125 | E44: 0.875 | F44: 0.5 | G44: -0.25
A45: DSCR | B45: 700-719 | C45: 0.875 | D45: 0.75 | E45: 0.375 | F45: -0.125 | G45: -1
A46: >= 1.20 | B46: 680-699 | C46: 0.5 | D46: 0.125 | E46: -0.125 | F46: -0.625 | G46: NA
B47: 660-679 | C47: 0 | D47: -0.375 | E47: -0.875 | F47: -1.625 | G47: NA
B48: Choose a Selection
A49: OTHER LLPAs (Price Adjustments)
B50: CLTV | C50: <=50.00 | D50: 50.01-55.00 | E50: 55.01-60.00 | F50: 60.01-65.00 | G50: 65.01-70.00
A51: Housing History | B51: 1x30x12 | C51: -0.25 | D51: -0.25 | E51: -0.25 | F51: -0.25 | G51: -0.25
B52: 2x30x24 | C52: -0.25 | D52: -0.25 | E52: -0.25 | F52: -0.25 | G52: -0.25
A53: Housing Event Seasoning | B53: >=36 Mo | C53: 0 | D53: 0 | E53: 0 | F53: 0 | G53: 0
B54: 400,000-500,000 | C54: 0 | D54: 0 | E54: 0 | F54: 0 | G54: 0
B55: 500,001-1,000,000 | C55: 0 | D55: 0 | E55: 0 | F55: 0 | G55: 0
A56: Loan Balance | B56: 1,000,001-1,500,000 | C56: 0 | D56: 0 | E56: 0 | F56: 0 | G56: 0
B57: 1,500,001-2,000,000 | C57: 0 | D57: 0 | E57: 0 | F57: 0 | G57: 0
B58: 2,000,001-2,500,000 | C58: 0 | D58: 0 | E58: 0 | F58: 0 | G58: 0
B59: 2,500,001-3,000,000 | C59: 0 | D59: 0 | E59: 0 | F59: 0 | G59: 0
A60: Purpose | B60: CO Refi | C60: -0.375 | D60: -0.375 | E60: -0.375 | F60: -0.5 | G60: NA
A61: Amortization | B61: Interest Only | C61: -0.5 | D61: -0.5 | E61: -0.5 | F61: -0.5 | G61: -0.625
B62: 60 Months | C62: 1 | D62: 1 | E62: 1 | F62: 1 | G62: 1.125
A63: 5% Fixed | B63: 48 Months | C63: 0.75 | D63: 0.75 | E63: 0.75 | F63: 0.75 | G63: 0.875
A64: Prepayment | B64: 36 Months | C64: 0.25 | D64: 0.25 | E64: 0.25 | F64: 0.25 | G64: 0.25
A65: Penalty Term | B65: 24 Months | C65: -0.375 | D65: -0.375 | E65: -0.375 | F65: -0.375 | G65: -0.5
B66: 12 Months | C66: -1.125 | D66: -1.125 | E66: -1.375 | F66: -1.375 | G66: -1.625
B67: No Penalty | C67: -1.75 | D67: -1.75 | E67: -2 | F67: -2 | G67: -2.25
A68: Declining PrePay | B68: 5%,4%,3%,2%,1% | C68: 0.75 | D68: 0.75 | E68: 0.75 | F68: 0.75 | G68: 0.875
B69: 5%,4%,3%,2% | C69: 0.5 | D69: 0.5 | E69: 0.5 | F69: 0.5 | G69: 0.625
B70: 5%,4%,3% | C70: 0 | D70: 0 | E70: 0 | F70: 0 | G70: 0
B71: 5%,4% | C71: -0.375 | D71: -0.375 | E71: -0.375 | F71: -0.375 | G71: -0.5
A72: Other | B72: Escrow Waiver | C72: NA | D72: NA | E72: NA | F72: NA | G72: NA
B73: ACH Waiver | C73: -0.25 | D73: -0.25 | E73: -0.25 | F73: -0.25 | G73: -0.25
A74: Citizenship | B74: Foreign National | C74: NA | D74: NA | E74: NA | F74: NA | G74: NA

Sheet theBlanketTest
J2: Effective Date: | K2: =NOW() -> 46329.345
K3: Wholesale Rate Sheet
L5: Page 2
A10: DSCR CC | O10: *DSCR CC Pricer
C12: 15 Day Price | O12: Category | P12: Inputs | Q12: Price
B13: Rate | C13: 7/6 ARM | D13: 10/6 ARM | E13: 30YR FIXED | G13: MAX PRICE | J13: Lock Period Adjustments
B14: =margins!$AZ3 -> 6.75 | C14: =margins!BA3-margins!BD3 -> 93.889 | D14: =margins!BB3-margins!BD3 -> 93.789 | E14: =margins!BC3-margins!BD3 -> 93.789 | G14: Prepay Term | H14: Max Price | J14: 30 Day Lock | K14: -0.25 | O14: Product | P14: 7/6 Arm
B15: =margins!$AZ4 -> 6.875 | C15: =margins!BA4-margins!BD4 -> 94.889 | D15: =margins!BB4-margins!BD4 -> 94.789 | E15: =margins!BC4-margins!BD4 -> 94.789 | F15: 5%,4%,3%,2%,1% | G15: 60 Months | H15: 101 | J15: 45 Day Lock | K15: -0.375 | O15: Interest Rate ---> | P15: 7.875 | Q15: =IF(P14="7/6 Arm",VLOOKUP(P15,$B$14:$E$42,2,FALSE),IF(P14="10/6 Arm",VLOOKUP(P15,$B$14:$E$42,3,FALSE),VLOOKUP(P15,$B$14:$E$42,4,FALSE))) -> 101.826
B16: =margins!$AZ5 -> 7 | C16: =margins!BA5-margins!BD5 -> 95.889 | D16: =margins!BB5-margins!BD5 -> 95.789 | E16: =margins!BC5-margins!BD5 -> 95.789 | F16: 5%,4%,3%,2% | G16: 48 Months | H16: 101 | O16: CLTV Range | P16: 60.01-65.00
B17: =margins!$AZ6 -> 7.125 | C17: =margins!BA6-margins!BD6 -> 96.826 | D17: =margins!BB6-margins!BD6 -> 96.726 | E17: =margins!BC6-margins!BD6 -> 96.726 | F17: 5%,4%,3% | G17: 36 Months | H17: 101 | O17: FICO Range | P17: 660-679 | Q17: =IFERROR(INDEX($E$47:$I$52,MATCH(P17,C47:C52,0),MATCH(P16,E46:I46,0),1),0) -> 0
B18: =margins!$AZ7 -> 7.25 | C18: =margins!BA7-margins!BD7 -> 97.764 | D18: =margins!BB7-margins!BD7 -> 97.664 | E18: =margins!BC7-margins!BD7 -> 97.664 | F18: 5%,4% | G18: 24 Months | H18: 101 | J18: PREPAY PENALTY NOTES | O18: Housing History | P18: Choose a Selection | Q18: =IFERROR(INDEX($E$56:$I$78,MATCH(P18,$C$56:$C$78,0),MATCH($P$16,$E$55:$I$55,0),1),0) -> 0
B19: =margins!$AZ8 -> 7.375 | C19: =margins!BA8-margins!BD8 -> 98.701 | D19: =margins!BB8-margins!BD8 -> 98.601 | E19: =margins!BC8-margins!BD8 -> 98.601 | G19: 12 Months | H19: 100 | J19: 1) Prepayment penalties not allowed in AK, KS, MI, MN, MS, NM, OH, and RI | O19: Housing Events | P19: Choose a Selection | Q19: =IFERROR(INDEX($E$56:$I$78,MATCH(P19,$C$56:$C$78,0),MATCH($P$16,$E$55:$I$55,0),1),0) -> 0
B20: =margins!$AZ9 -> 7.5 | C20: =margins!BA9-margins!BD9 -> 99.576 | D20: =margins!BB9-margins!BD9 -> 99.476 | E20: =margins!BC9-margins!BD9 -> 99.476 | G20: No Penalty | H20: 98.5 | O20: Loan Balance | P20: 400,001-500,000 | Q20: =IFERROR(INDEX($E$56:$I$78,MATCH(P20,$C$56:$C$78,0),MATCH($P$16,$E$55:$I$55,0),1),0) -> 0
B21: =margins!$AZ10 -> 7.625 | C21: =margins!BA10-margins!BD10 -> 100.451 | D21: =margins!BB10-margins!BD10 -> 100.351 | E21: =margins!BC10-margins!BD10 -> 100.351 | J21: 2) Prepayment penalties not allowed on loans vested to individuals in NJ | O21: Purpose | P21: Choose a Selection | Q21: =IFERROR(INDEX($E$56:$I$78,MATCH(P21,$C$56:$C$78,0),MATCH($P$16,$E$55:$I$55,0),1),0) -> 0
B22: =margins!$AZ11 -> 7.75 | C22: =margins!BA11-margins!BD11 -> 101.139 | D22: =margins!BB11-margins!BD11 -> 101.039 | E22: =margins!BC11-margins!BD11 -> 101.039 | O22: Interest Only | P22: Choose a Selection | Q22: =IFERROR(INDEX($E$56:$I$78,MATCH(P22,$C$56:$C$78,0),MATCH($P$16,$E$55:$I$55,0),1),0) -> 0
B23: =margins!$AZ12 -> 7.875 | C23: =margins!BA12-margins!BD12 -> 101.826 | D23: =margins!BB12-margins!BD12 -> 101.726 | E23: =margins!BC12-margins!BD12 -> 101.726 | G23: ARM TERMS | J23: 3) Prepayment penalties not allowed on loan amounts less than $312,159 in PA | O23: 5% PPP | P23: Choose a Selection | Q23: =IFERROR(INDEX($E$56:$I$78,MATCH(P23,$C$56:$C$78,0),MATCH($P$16,$E$55:$I$55,0),1),0) -> 0
B24: =margins!$AZ13 -> 8 | C24: =margins!BA13-margins!BD13 -> 102.483 | D24: =margins!BB13-margins!BD13 -> 102.383 | E24: =margins!BC13-margins!BD13 -> 102.383 | G24: Term | H24: 7/6 & 10/6 ARM | O24: Declining PPP | P24: Choose a Selection | Q24: =IFERROR(INDEX($E$56:$I$78,MATCH(P24,$C$56:$C$78,0),MATCH($P$16,$E$55:$I$55,0),1),0) -> 0
B25: =margins!$AZ14 -> 8.125 | C25: =margins!BA14-margins!BD14 -> 103.108 | D25: =margins!BB14-margins!BD14 -> 103.008 | E25: =margins!BC14-margins!BD14 -> 103.008 | G25: Margin | H25: 6.5 | J25: 4) Only declining prepayment penalty structures allowed in MS | O25: Escrow Waiver | P25: Choose a Selection | Q25: =IFERROR(INDEX($E$56:$I$78,MATCH(P25,$C$56:$C$78,0),MATCH($P$16,$E$55:$I$55,0),1),0) -> 0
B26: =margins!$AZ15 -> 8.25 | C26: =margins!BA15-margins!BD15 -> 103.702 | D26: =margins!BB15-margins!BD15 -> 103.602 | E26: =margins!BC15-margins!BD15 -> 103.602 | G26: Index | H26: 30 Day Average SOFR | O26: ACH Waiver | P26: Choose a Selection | Q26: =IFERROR(INDEX($E$56:$I$78,MATCH(P26,$C$56:$C$78,0),MATCH($P$16,$E$55:$I$55,0),1),0) -> 0
B27: =margins!$AZ16 -> 8.375 | C27: =margins!BA16-margins!BD16 -> 104.233 | D27: =margins!BB16-margins!BD16 -> 104.133 | E27: =margins!BC16-margins!BD16 -> 104.133 | G27: Caps | H27: 5/1/5 | O27: Foreign National | P27: Choose a Selection | Q27: =IFERROR(INDEX($E$56:$I$78,MATCH(P27,$C$56:$C$78,0),MATCH($P$16,$E$55:$I$55,0),1),0) -> 0
B28: =margins!$AZ17 -> 8.5 | C28: =margins!BA17-margins!BD17 -> 104.733 | D28: =margins!BB17-margins!BD17 -> 104.633 | E28: =margins!BC17-margins!BD17 -> 104.633 | G28: Adj. Period | H28: 6 Months | O28: Lock Period | P28: 45 | Q28: =IF(P28=15,0,IF(P28=30,K32,IF(P28=45,K33,0))) -> 0
B29: =margins!$AZ18 -> 8.625 | C29: =margins!BA18-margins!BD18 -> 105.171 | D29: =margins!BB18-margins!BD18 -> 105.071 | E29: =margins!BC18-margins!BD18 -> 105.071 | O29: Total LLPAs | Q29: =Q18+Q19+Q20+Q21+Q22+Q23+Q24+Q25+Q26+Q28+Q17+Q27 -> 0
B30: =margins!$AZ19 -> 8.75 | C30: =margins!BA19-margins!BD19 -> 105.608 | D30: =margins!BB19-margins!BD19 -> 105.508 | E30: =margins!BC19-margins!BD19 -> 105.508
B31: =margins!$AZ20 -> 8.875 | C31: =margins!BA20-margins!BD20 -> 106.046 | D31: =margins!BB20-margins!BD20 -> 105.946 | E31: =margins!BC20-margins!BD20 -> 105.946 | O31: Final Price ---> | Q31: =IF(ISNUMBER(MATCH("NA", Q17:Q28, 0)), "NA", IF(P23="Choose a Selection",(MIN(Q29+Q15,VLOOKUP($P$24,$F$15:$H$20,3,FALSE))),MIN(Q29+Q15,VLOOKUP($P$23,$G$15:$H$20,2,FALSE)))) -> #N/A
B32: =margins!$AZ21 -> 9 | C32: =margins!BA21-margins!BD21 -> 106.483 | D32: =margins!BB21-margins!BD21 -> 106.383 | E32: =margins!BC21-margins!BD21 -> 106.383
B33: =margins!$AZ22 -> 9.125 | C33: =margins!BA22-margins!BD22 -> 106.858 | D33: =margins!BB22-margins!BD22 -> 106.758 | E33: =margins!BC22-margins!BD22 -> 106.758 | O33: *DSCR CC Pricer is a pricing tool only, please refer to the matrix for eligibility
B34: =margins!$AZ23 -> 9.25 | C34: =margins!BA23-margins!BD23 -> 107.233 | D34: =margins!BB23-margins!BD23 -> 107.133 | E34: =margins!BC23-margins!BD23 -> 107.133
B35: =margins!$AZ24 -> 9.375 | C35: =margins!BA24-margins!BD24 -> 107.545 | D35: =margins!BB24-margins!BD24 -> 107.445 | E35: =margins!BC24-margins!BD24 -> 107.445
B36: =margins!$AZ25 -> 9.5 | C36: =margins!BA25-margins!BD25 -> 107.858 | D36: =margins!BB25-margins!BD25 -> 107.758 | E36: =margins!BC25-margins!BD25 -> 107.758
B37: =margins!$AZ26 -> 9.625 | C37: =margins!BA26-margins!BD26 -> 108.171 | D37: =margins!BB26-margins!BD26 -> 108.071 | E37: =margins!BC26-margins!BD26 -> 108.071
B38: =margins!$AZ27 -> 9.75 | C38: =margins!BA27-margins!BD27 -> 108.483 | D38: =margins!BB27-margins!BD27 -> 108.383 | E38: =margins!BC27-margins!BD27 -> 108.383
B39: =margins!$AZ28 -> 9.875 | C39: =margins!BA28-margins!BD28 -> 108.796 | D39: =margins!BB28-margins!BD28 -> 108.696 | E39: =margins!BC28-margins!BD28 -> 108.696
B40: =margins!$AZ29 -> 10 | C40: =margins!BA29-margins!BD29 -> 109.046 | D40: =margins!BB29-margins!BD29 -> 108.946 | E40: =margins!BC29-margins!BD29 -> 108.946
B41: =margins!$AZ30 -> 10.125 | C41: =margins!BA30-margins!BD30 -> 109.296 | D41: =margins!BB30-margins!BD30 -> 109.196 | E41: =margins!BC30-margins!BD30 -> 109.196
B42: =margins!$AZ31 -> 10.25 | C42: =margins!BA31-margins!BD31 -> 109.546 | D42: =margins!BB31-margins!BD31 -> 109.446 | E42: =margins!BC31-margins!BD31 -> 109.446
B45: Price Adjustments | E45: CLTV
D46: Choose a Selection | E46: <=50.00 | F46: 50.01-55.00 | G46: 55.01-60.00 | H46: 60.01-65.00 | I46: 65.01-70.00
B47: DSCR >= 1.20 | C47: 760+ | E47: 1.875 | F47: 1.625 | G47: 1.375 | H47: 0.875 | I47: 0.25
C48: 740-759 | E48: 1.75 | F48: 1.5 | G48: 1.25 | H48: 0.75 | I48: -1.110223e-16
C49: 720-739 | E49: 1.5 | F49: 1.25 | G49: 1 | H49: 0.5 | I49: -0.25
C50: 700-719 | E50: 0.875 | F50: 0.625 | G50: 0.375 | H50: -0.125 | I50: -1
C51: 720-739 | E51: 0.25 | F51: -0.125 | G51: -0.125 | H51: -0.625 | I51: NA
C52: 700-719 | E52: -8.3266727e-17 | F52: -0.375 | G52: -0.625 | H52: -1.125 | I52: NA
B54: Additional LLPAs | E54: CLTV
E55: <=50.00 | F55: 50.01-55.00 | G55: 55.01-60.00 | H55: 60.01-65.00 | I55: 65.01-70.00
B56: Housing History | C56: 1x30x12 | E56: -0.25 | F56: -0.25 | G56: -0.25 | H56: -0.25 | I56: -0.25
B57: Housing Event Seasoning | C57: >36 Mo | E57: 0 | F57: 0 | G57: 0 | H57: 0 | I57: 0
B58: Loan Balance | C58: 400,000-500,000 | E58: 0 | F58: 0 | G58: 0 | H58: 0 | I58: 0
C59: 500,001-1,000,000 | E59: 0 | F59: 0 | G59: 0 | H59: 0 | I59: 0
C60: 1,000,001-1,500,000 | E60: 0 | F60: 0 | G60: 0 | H60: 0 | I60: 0
C61: 1,500,001-2,000,000 | E61: 0 | F61: 0 | G61: 0 | H61: 0 | I61: 0
C62: 2,000,001-2,500,000 | E62: 0 | F62: 0 | G62: 0 | H62: 0 | I62: 0
C63: 2,500,001-3,000,000 | E63: 0 | F63: 0 | G63: 0 | H63: 0 | I63: 0
B64: Purpose | C64: Cash Out | E64: -0.375 | F64: -0.375 | G64: -0.375 | H64: -0.5 | I64: NA
B65: Amortization | C65: Interest Only | E65: -0.5 | F65: -0.5 | G65: -0.5 | H65: -0.5 | I65: -0.625
B66: 5% Fixed Prepayment Penalty | C66: 60 Months | E66: 1 | F66: 1 | G66: 1 | H66: 1 | I66: 1.125
C67: 48 Months | E67: 0.75 | F67: 0.75 | G67: 0.75 | H67: 0.75 | I67: 0.875
C68: 36 Months | E68: 0.25 | F68: 0.25 | G68: 0.25 | H68: 0.25 | I68: 0.25
C69: 24 Months | E69: -0.375 | F69: -0.375 | G69: -0.375 | H69: -0.375 | I69: -0.5
C70: 12 Months | E70: -1.125 | F70: -1.125 | G70: -1.375 | H70: -1.375 | I70: -1.625
C71: No Penalty | E71: -1.75 | F71: -1.75 | G71: -2 | H71: -2 | I71: -2.25
B72: Declining PrePay | C72: 5%,4%,3%,2%,1% | E72: 0.75 | F72: 0.75 | G72: 0.75 | H72: 0.75 | I72: 0.875
C73: 5%,4%,3%,2% | E73: 0.5 | F73: 0.5 | G73: 0.5 | H73: 0.5 | I73: 0.625
C74: 5%,4%,3% | E74: 0 | F74: 0 | G74: 0 | H74: 0 | I74: 0
C75: 5%,4% | E75: -0.375 | F75: -0.375 | G75: -0.375 | H75: -0.375 | I75: -0.5
B76: Other | C76: Escrow Waiver | E76: NA | F76: NA | G76: NA | H76: NA | I76: NA
C77: ACH Waiver | E77: -0.25 | F77: -0.25 | G77: -0.25 | H77: -0.25 | I77: -0.25
B78: Citizenship | C78: Foreign National | E78: -2.25 | F78: -2.25 | G78: -2.375 | H78: -2.375 | I78: NA
B87: Declining Prepay
B91: Other
B93: State
B126: For use by mortgage professionals only. Mortgage Financing Provided by Hometown Equity Mortgage, LLC dba theLender NMLS #133519 . Rates, terms and programs subject to change without notice.

Sheet Cover Noni58+
F9: Effective Date: | H9: 46329
B12: theLender Non-QM NONI58+ Rate Sheet
B14: LOCK DESK | I14: APPRAISAL ORDER PROCEDURES
J16: AMC selection can be made at: https://www.thelender.com/appraisals/
C18: CONTACT:
C19: E-mail: | D19: pricingdesk@thelender.com
C20: Direct: | D20: 833-381-8733
C21: Lock Desk Closes at 3:00 PM PST
B25: TABLE OF CONTENTS | I25: NON QM Fees
C28: Noni58+ Product | I28: Underwriting Fee: $2,095
C29: NONI58+ | G29: Page 2 | I29: Doc Prep Fee: $599 (Business Purpose Only)
C30: NONI58+ Matrix | G30: Page 3 | J30: Funding Fee: $575
E38: *EXTENSION FEES
E40: NON QM
G41: 5 day | J41: -0.125
G42: 7 day | J42: -0.25
G43: 10 day | J43: -0.375
G44: 15 day | J44: -0.5
E46: *2 total lock extensions allowed
B48: Eligible States
C50: AK*, AL, AR, AZ, CA, CO, CT, DC, DE, FL, GA, HI, IA, ID, IL, IN, KS*, KY, LA, MA, MD, ME, MI*, MN*, MO, MS, MT,
C51: NC, ND, NE, NH, NJ, NM*, NV, NY, OH*, OK, OR, PA, RI*, SC, SD, TN, TX, UT, VA, VT, WA, WI, WV, WY
C53: *See Matrix for restrictions and additional details regarding Prepayment Penalty
B72: LOSS PAYEE
B74: Hometown Equity Mortgage, LLC dba theLender its successors and/or assigns
B75: 25531 Commercentre Dr #250, Lake Forest, CA 92630
B76: For use by mortgage professionals only. Mortgage Financing Provided by Hometown Equity Mortgage, LLC dba theLender NMLS #133519 . Rates, terms and programs subject to change without notice.

Sheet NONI58+
C2: NONI58+
P5: NONI58+ Pricer | R5: 46329.345
A7: Product Pricing 15 Day Lock | F7: Days | G7: Price Adj | P7: Category | Q7: Inputs | R7: Price
A8: Note Rate | B8: 15 Yr Fixed | C8: 30 Yr Fixed | E8: Lock Period | F8: 30 | G8: -0.375
A9: =margins!BF3 -> 6.125 | B9: =margins!BH3-margins!BI3 -> 81.7916 | C9: =margins!BH3-margins!BI3 -> 81.7916 | P9: Product | Q9: 30 Yr Fixed
A10: =margins!BF4 -> 6.25 | B10: =margins!BH4-margins!BI4 -> 82.5509 | C10: =margins!BH4-margins!BI4 -> 82.5509 | E10: Prepay Term | F10: Max Price (5-8 Units) | I10: PrePay Notes | P10: Interest Rate ---> | Q10: 6.125 | R10: =IF(Q9="30 Yr Fixed",VLOOKUP(Q10,$A$8:$C$44,3,FALSE),VLOOKUP(Q10,$A$8:$C$44,2,FALSE)) -> 81.7916
A11: =margins!BF5 -> 6.375 | B11: =margins!BH5-margins!BI5 -> 83.3067 | C11: =margins!BH5-margins!BI5 -> 83.3067 | E11: 60 Months | F11: 88.5 | I11: 1. Prepayment penalties not allowed in AK, KS, MI, MN, MS, NM, OH, and RI | P11: CLTV Range | Q11: <=50.00
A12: =margins!BF6 -> 6.5 | B12: =margins!BH6-margins!BI6 -> 84.0644 | C12: =margins!BH6-margins!BI6 -> 84.0644 | E12: 48 Months | F12: 88.5 | I12: 2. Prepayment penalties not allowed on loans vested to individuals in IL and NJ | P12: FICO Range | Q12: 760+ | R12: =IFERROR(INDEX($G$20:$L$23,MATCH(Q12,$F$20:$F$23,0),MATCH($Q$11,$G$19:$L$19,0),1),0) -> 0.875
A13: =margins!BF7 -> 6.625 | B13: =margins!BH7-margins!BI7 -> 84.6987 | C13: =margins!BH7-margins!BI7 -> 84.6987 | E13: 36 Months | F13: 88.5 | I13: 3. Prepayment penalties not allowed on loan amounts less than $329,411 in PA | P13: DSCR | Q13: DSCR >= 1.00 | R13: =IFERROR(INDEX($G$26:$L$27,MATCH(Q13,$F$26:$F$27,0),MATCH($Q$11,$G$25:$L$25,0),1),0) -> 0.125
A14: =margins!BF8 -> 6.75 | B14: =margins!BH8-margins!BI8 -> 85.3371 | C14: =margins!BH8-margins!BI8 -> 85.3371 | E14: 24 Months | F14: 88 | I14: 4. Only declining prepayment penalty structures allowed in MS | P14: Product | Q14: Choose a Selection | R14: =IFERROR(INDEX($G$31:$L$53,MATCH(Q14,$F$31:$F$53,0),MATCH($Q$11,$G$30:$L$30,0),1),0) -> 0
A15: =margins!BF9 -> 6.875 | B15: =margins!BH9-margins!BI9 -> 85.9713 | C15: =margins!BH9-margins!BI9 -> 85.9713 | E15: 12 Months | F15: 87 | P15: Loan Amount | Q15: Choose a Selection | R15: =IFERROR(INDEX($G$31:$L$53,MATCH(Q15,$F$31:$F$53,0),MATCH($Q$11,$G$30:$L$30,0),1),0) -> 0
A16: =margins!BF10 -> 7 | B16: =margins!BH10-margins!BI10 -> 86.5569 | C16: =margins!BH10-margins!BI10 -> 86.5569 | E16: No Penalty | F16: 87 | P16: Purpose | Q16: Choose a Selection | R16: =IFERROR(INDEX($G$31:$L$53,MATCH(Q16,$F$31:$F$53,0),MATCH($Q$11,$G$30:$L$30,0),1),0) -> 0
A17: =margins!BF11 -> 7.125 | B17: =margins!BH11-margins!BI11 -> 87.0939 | C17: =margins!BH11-margins!BI11 -> 87.0939 | P17: Citizenship | Q17: Choose a Selection | R17: =IFERROR(INDEX($G$31:$L$53,MATCH(Q17,$F$31:$F$53,0),MATCH($Q$11,$G$30:$L$30,0),1),0) -> 0
A18: =margins!BF12 -> 7.25 | B18: =margins!BH12-margins!BI12 -> 87.5653 | C18: =margins!BH12-margins!BI12 -> 87.5653 | E18: FICO/CLTV Price Adjusters | P18: Property Type | Q18: Choose a Selection | R18: =IFERROR(INDEX($G$31:$L$53,MATCH(Q18,$F$31:$F$53,0),MATCH($Q$11,$G$30:$L$30,0),1),0) -> 0
A19: =margins!BF13 -> 7.375 | B19: =margins!BH13-margins!BI13 -> 87.9855 | C19: =margins!BH13-margins!BI13 -> 87.9855 | G19: <=50.00 | H19: 50.01-55.00 | I19: 55.01-60.00 | J19: 60.01-65.00 | K19: 65.01-70.00 | L19: 70.01-75.00 | P19: Credit | Q19: Choose a Selection | R19: =IFERROR(INDEX($G$31:$L$53,MATCH(Q19,$F$31:$F$53,0),MATCH($Q$11,$G$30:$L$30,0),1),0) -> 0
A20: =margins!BF14 -> 7.5 | B20: =margins!BH14-margins!BI14 -> 88.5206 | C20: =margins!BH14-margins!BI14 -> 88.5206 | E20: FICO/CLTV | F20: 760+ | G20: 0.875 | H20: 0.875 | I20: 0.75 | J20: 0.625 | K20: 0.25 | L20: -0.375 | P20: States | Q20: Choose a Selection | R20: =IFERROR(INDEX($G$31:$L$53,MATCH(Q20,$F$31:$F$53,0),MATCH($Q$11,$G$30:$L$30,0),1),0) -> 0
A21: =margins!BF15 -> 7.625 | B21: =margins!BH15-margins!BI15 -> 89.2649 | C21: =margins!BH15-margins!BI15 -> 89.2649 | F21: 740 - 759 | G21: 0.75 | H21: 0.75 | I21: 0.625 | J21: 0.375 | K21: 0 | L21: -0.625 | P21: 5% Fixed PPP | Q21: Choose a Selection | R21: =IFERROR(INDEX($G$31:$L$50,MATCH(Q21,$F$31:$F$50,0),MATCH($Q$11,$G$30:$L$30,0),1),0) -> 0
A22: =margins!BF16 -> 7.75 | B22: =margins!BH16-margins!BI16 -> 89.7978 | C22: =margins!BH16-margins!BI16 -> 89.7978 | F22: 720 - 739 | G22: 0.625 | H22: 0.625 | I22: 0.625 | J22: 0.5 | K22: -0.375 | L22: -1 | P22: Declining PPP | Q22: Choose a Selection | R22: =IFERROR(INDEX($G$51:$L$53,MATCH(Q22,$F$51:$F$53,0),MATCH($Q$11,$G$30:$L$30,0),1),0) -> 0
A23: =margins!BF17 -> 7.875 | B23: =margins!BH17-margins!BI17 -> 90.1989 | C23: =margins!BH17-margins!BI17 -> 90.1989 | F23: Foreign National | G23: 0.5 | H23: 0.25 | I23: 0 | J23: -0.625 | K23: -1.125 | L23: N/A | P23: Lock Period | Q23: Choose a Selection | R23: =IF(OR(Q23=15, Q23="Choose a Selection"),0,IF(Q23=30,G8, 0)) -> 0
A24: =margins!BF18 -> 8 | B24: =margins!BH18-margins!BI18 -> 90.5554 | C24: =margins!BH18-margins!BI18 -> 90.5554 | P24: Total LLPAs | R24: =SUM(R12:R23) -> 1
A25: =margins!BF19 -> 8.125 | B25: =margins!BH19-margins!BI19 -> 90.9615 | C25: =margins!BH19-margins!BI19 -> 90.9615 | F25: CLTV | G25: <=50.00 | H25: 50.01-55.00 | I25: 55.01-60.00 | J25: 60.01-65.00 | K25: 65.01-70.00 | L25: 70.01-75.00
A26: =margins!BF20 -> 8.25 | B26: =margins!BH20-margins!BI20 -> 91.3393 | C26: =margins!BH20-margins!BI20 -> 91.3393 | E26: DSCR | F26: DSCR >= 1.00 | G26: 0.125 | H26: 0.125 | I26: 0.125 | J26: -0.125 | K26: -0.125 | L26: -0.125 | P26: Final Price ---> | R26: =IF(ISNUMBER(MATCH("NA", R12:R23, 0)), "NA",IF(Q18=$F$40, IF(Q22="Choose a Selection",MIN(R24+R10,VLOOKUP(Q21,$E$11:$F$16,2,FALSE)),MIN(R24+R10,VLOOKUP(Q22,$E$11:$F$16,2,FALSE))), "#N/A")) -> #N/A
A27: =margins!BF21 -> 8.375 | B27: =margins!BH21-margins!BI21 -> 91.5893 | C27: =margins!BH21-margins!BI21 -> 91.5893 | F27: DSCR >= 1.15 | G27: 0.375 | H27: 0.375 | I27: 0.375 | J27: 0.375 | K27: 0.375 | L27: 0.375
A28: =margins!BF22 -> 8.5 | B28: =margins!BH22-margins!BI22 -> 91.8293 | C28: =margins!BH22-margins!BI22 -> 91.8293 | P28: *NONI58+ Pricer is a pricing tool only, please refer to the matrix for eligibility
A29: =margins!BF23 -> 8.625 | B29: =margins!BH23-margins!BI23 -> 92.0693 | C29: =margins!BH23-margins!BI23 -> 92.0693 | E29: Additional Loan Level Price Adjusters
A30: =margins!BF24 -> 8.75 | B30: =margins!BH24-margins!BI24 -> 92.2993 | C30: =margins!BH24-margins!BI24 -> 92.2993 | F30: CLTV | G30: <=50.00 | H30: 50.01-55.00 | I30: 55.01-60.00 | J30: 60.01-65.00 | K30: 65.01-70.00 | L30: 70.01-75.00
A31: =margins!BF25 -> 8.875 | B31: =margins!BH25-margins!BI25 -> 92.4993 | C31: =margins!BH25-margins!BI25 -> 92.4993 | E31: Product | F31: Interest-Only 30 YR (min FICO 660) | G31: -0.25 | H31: -0.25 | I31: -0.25 | J31: -0.625 | K31: -0.625 | L31: -0.625
A32: =margins!BF26 -> 9 | B32: =margins!BH26-margins!BI26 -> 92.6493 | C32: =margins!BH26-margins!BI26 -> 92.6493 | F32: Interest-Only 40 YR (min FICO 660) | G32: -0.375 | H32: -0.375 | I32: -0.375 | J32: -0.75 | K32: -0.75 | L32: -0.5
A33: =margins!BF27 -> 9.125 | B33: =margins!BH27-margins!BI27 -> 92.7993 | C33: =margins!BH27-margins!BI27 -> 92.7993 | E33: Loan Amount | F33: > 1,000,000 | G33: 0 | H33: 0 | I33: 0 | J33: 0 | K33: 0 | L33: 0
A34: =margins!BF28 -> 9.25 | B34: =margins!BH28-margins!BI28 -> 92.9493 | C34: =margins!BH28-margins!BI28 -> 92.9493 | F34: > 1,500,000 | G34: -0.5 | H34: -0.5 | I34: -0.5 | J34: -0.5 | K34: -0.5 | L34: -0.875
A35: =margins!BF29 -> 9.375 | B35: =margins!BH29-margins!BI29 -> 93.0743 | C35: =margins!BH29-margins!BI29 -> 93.0743 | F35: > 2,000,000 | G35: -0.625 | H35: -0.625 | I35: -0.75 | J35: -0.875 | K35: -1 | L35: -10
A36: =margins!BF30 -> 9.5 | B36: =margins!BH30-margins!BI30 -> 93.1993 | C36: =margins!BH30-margins!BI30 -> 93.1993 | F36: > 2,500,000 | G36: -1 | H36: -1 | I36: -1 | J36: -1.125 | K36: -1.25 | L36: -10
A37: =margins!BF31 -> 9.625 | B37: =margins!BH31-margins!BI31 -> 93.3243 | C37: =margins!BH31-margins!BI31 -> 93.3243 | E37: Purpose | F37: Purchase / Rate & Term | G37: 0 | H37: 0 | I37: 0 | J37: 0 | K37: 0 | L37: 0
A38: =margins!BF32 -> 9.75 | B38: =margins!BH32-margins!BI32 -> 93.4493 | C38: =margins!BH32-margins!BI32 -> 93.4493 | F38: Cash-Out | G38: -0.75 | H38: -0.75 | I38: -0.75 | J38: -1 | K38: -1 | L38: N/A
A39: =margins!BF33 -> 9.875 | B39: =margins!BH33-margins!BI33 -> 93.5743 | C39: =margins!BH33-margins!BI33 -> 93.5743 | E39: Citizenship | F39: Foreign National | G39: -1.25 | H39: -1.375 | I39: -1.75 | J39: -1.875 | K39: -2.75 | L39: N/A
A40: =margins!BF35 -> 10.125 | B40: =margins!BH35-margins!BI35 -> 93.8243 | C40: =margins!BH35-margins!BI35 -> 93.8243 | E40: Property Type | F40: 5-8 Units | G40: -4.25 | H40: -4.375 | I40: -5.375 | J40: -5.625 | K40: -7 | L40: -7.25
A41: =margins!BF36 -> 10.25 | B41: =margins!BH36-margins!BI36 -> 93.9493 | C41: =margins!BH36-margins!BI36 -> 93.9493 | E41: Credit | F41: BK/SS/NOD/DIL > 24 < 36 | G41: -0.625 | H41: -0.75 | I41: -0.875 | J41: -1.125 | K41: -1.5 | L41: N/A
A42: =margins!BF37 -> 10.375 | B42: =margins!BH37-margins!BI37 -> 94.0743 | C42: =margins!BH37-margins!BI37 -> 94.0743 | F42: BK/SS/NOD/DIL < 48 > 36 | G42: -0.25 | H42: -0.375 | I42: -0.5 | J42: -0.625 | K42: -1 | L42: N/A
E43: States | F43: Property State (GA, NY, FL) | G43: -0.25 | H43: -0.25 | I43: -0.25 | J43: -0.25 | K43: -0.25 | L43: -0.25
F44: FL Condo (In addition to Warrantable or NW) | G44: 0 | H44: -0.125 | I44: -0.125 | J44: -0.25 | K44: -0.25 | L44: -0.375
F45: 60 Months | G45: 1 | H45: 1 | I45: 1 | J45: 1 | K45: 1 | L45: 1
F46: 48 Months | G46: 0.625 | H46: 0.625 | I46: 0.625 | J46: 0.625 | K46: 0.625 | L46: 0.625
E47: 5% Fixed | F47: 36 Months | G47: 0.25 | H47: 0.25 | I47: 0.25 | J47: 0.25 | K47: 0.25 | L47: 0.25
E48: PrePay Term | F48: 24 Months | G48: -0.25 | H48: -0.25 | I48: -0.25 | J48: -0.25 | K48: -0.25 | L48: -0.25
F49: 12 Months | G49: -0.875 | H49: -0.875 | I49: -0.875 | J49: -0.875 | K49: -0.875 | L49: -0.875
F50: No Penalty | G50: -2 | H50: -2 | I50: -2 | J50: -2 | K50: -2 | L50: -2
E51: Declining PrePay | F51: 36 Months | G51: -0.5 | H51: -0.5 | I51: -0.5 | J51: -0.5 | K51: -0.5 | L51: -0.5
E52: N/A on <36 Mo PPP | F52: 48 Months | G52: -0.375 | H52: -0.375 | I52: -0.375 | J52: -0.375 | K52: -0.375 | L52: -0.375
F53: 60 Months | G53: -0.25 | H53: -0.25 | I53: -0.25 | J53: -0.25 | K53: -0.25 | L53: -0.25

Sheet NONI58+Test
I2: Effective Date: | J2: =NOW() -> 46329.345
J3: Wholesale Rate Sheet
K5: Page 2
A10: theNONI58+ DSCR Multi Property (5-10 Residential Units) | N10: *DSCR CC Pricer
C12: 15 Day Price | N12: Category | O12: Inputs | P12: Price
B13: Rate | C13: 15 Yr Fixed | D13: 30 Yr Fixed | F13: MAX PRICE | J13: LOCK TERMS
B14: =margins!BF3 -> 6.125 | C14: =margins!BH3-margins!BI3 -> 81.7916 | D14: =margins!BH3-margins!BI3 -> 81.7916 | F14: Prepay Term | G14: Max Price (5-8 Units) | H14: Max Price (MU/9-10 Units) | J14: 15 Day Lock | K14: 0 | N14: Product | O14: 30 Yr Fixed
B15: =margins!BF4 -> 6.25 | C15: =margins!BH4-margins!BI4 -> 82.5509 | D15: =margins!BH4-margins!BI4 -> 82.5509 | F15: 60 Months | G15: 88.5 | H15: 87.5 | J15: 30 Day Lock | K15: -0.375 | N15: Interest Rate ---> | O15: 10.999 | P15: =IF(O14="30 Yr Fixed",VLOOKUP(O15,$A$8:$C$45,3,FALSE),VLOOKUP(O15,$A$8:$C$45,2,FALSE)) -> #N/A
B16: =margins!BF5 -> 6.375 | C16: =margins!BH5-margins!BI5 -> 83.3067 | D16: =margins!BH5-margins!BI5 -> 83.3067 | F16: 48 Months | G16: 88.5 | H16: 87.5 | N16: CLTV Range | O16: 60.01-65.00
B17: =margins!BF6 -> 6.5 | C17: =margins!BH6-margins!BI6 -> 84.0644 | D17: =margins!BH6-margins!BI6 -> 84.0644 | F17: 36 Months | G17: 88.5 | H17: 87.5 | N17: FICO Range | O17: 760+ | P17: =IFERROR(INDEX($G$20:$I$23,MATCH(O17,$F$20:$F$22,0),MATCH($N$11,$G$19:$I$19,0),1),0) -> 0
B18: =margins!BF7 -> 6.625 | C18: =margins!BH7-margins!BI7 -> 84.6987 | D18: =margins!BH7-margins!BI7 -> 84.6987 | F18: 24 Months | G18: NA | H18: NA | N18: DSCR | O18: DSCR >= 1.00 | P18: =IFERROR(INDEX($I$27:$K$31,MATCH(O18,#REF!,0),MATCH($N$11,$I$25:$I$25,0),1),0) -> 0
B19: =margins!BF8 -> 6.75 | C19: =margins!BH8-margins!BI8 -> 85.3371 | D19: =margins!BH8-margins!BI8 -> 85.3371 | F19: 12 Months | G19: 87 | H19: 87.5 | N19: Product | O19: Choose a Selection | P19: =IFERROR(INDEX($G$31:$K$53,MATCH(O19,$F$32:$F$53,0),MATCH($N$11,$I$30:$K$30,0),1),0) -> 0
B20: =margins!BF9 -> 6.875 | C20: =margins!BH9-margins!BI9 -> 85.9713 | D20: =margins!BH9-margins!BI9 -> 85.9713 | F20: No Penalty | G20: 87 | H20: 87 | N20: Loan Amount | O20: Choose a Selection | P20: =IFERROR(INDEX($G$31:$K$53,MATCH(O20,$F$32:$F$53,0),MATCH($N$11,$I$30:$K$30,0),1),0) -> 0
B21: =margins!BF10 -> 7 | C21: =margins!BH10-margins!BI10 -> 86.5569 | D21: =margins!BH10-margins!BI10 -> 86.5569 | N21: Purpose | O21: Choose a Selection | P21: =IFERROR(INDEX($G$31:$K$53,MATCH(O21,$F$32:$F$53,0),MATCH($N$11,$I$30:$K$30,0),1),0) -> 0
B22: =margins!BF11 -> 7.125 | C22: =margins!BH11-margins!BI11 -> 87.0939 | D22: =margins!BH11-margins!BI11 -> 87.0939 | N22: Citizenship | O22: Choose a Selection | P22: =IFERROR(INDEX($G$31:$K$53,MATCH(O22,$F$32:$F$53,0),MATCH($N$11,$I$30:$K$30,0),1),0) -> 0
B23: =margins!BF12 -> 7.25 | C23: =margins!BH12-margins!BI12 -> 87.5653 | D23: =margins!BH12-margins!BI12 -> 87.5653 | F23: PREPAY PENALTY NOTES | N23: Property Type | O23: Choose a Selection | P23: =IFERROR(INDEX($G$31:$K$53,MATCH(O23,$F$32:$F$53,0),MATCH($N$11,$I$30:$K$30,0),1),0) -> 0
B24: =margins!BF13 -> 7.375 | C24: =margins!BH13-margins!BI13 -> 87.9855 | D24: =margins!BH13-margins!BI13 -> 87.9855 | F24: 1) Prepayment penalties not allowed in AK, KS, MI, MN, MS, NM, OH, and RI | N24: Credit | O24: Choose a Selection | P24: =IFERROR(INDEX($G$31:$K$53,MATCH(O24,$F$32:$F$53,0),MATCH($N$11,$I$30:$K$30,0),1),0) -> 0
B25: =margins!BF14 -> 7.5 | C25: =margins!BH14-margins!BI14 -> 88.5206 | D25: =margins!BH14-margins!BI14 -> 88.5206 | N25: States | O25: Choose a Selection | P25: =IFERROR(INDEX($G$31:$K$53,MATCH(O25,$F$32:$F$53,0),MATCH($N$11,$I$30:$K$30,0),1),0) -> 0
B26: =margins!BF15 -> 7.625 | C26: =margins!BH15-margins!BI15 -> 89.2649 | D26: =margins!BH15-margins!BI15 -> 89.2649 | F26: 2) Prepayment penalties not allowed on loans vested to individuals in NJ | N26: 5% Fixed PPP | O26: Choose a Selection | P26: =IFERROR(INDEX($G$31:$K$50,MATCH(O26,$F$32:$F$50,0),MATCH($N$11,$I$30:$K$30,0),1),0) -> 0
B27: =margins!BF16 -> 7.75 | C27: =margins!BH16-margins!BI16 -> 89.7978 | D27: =margins!BH16-margins!BI16 -> 89.7978 | N27: Declining PPP | O27: Choose a Selection | P27: =IFERROR(INDEX($G$51:$K$53,MATCH(O27,$F$51:$F$53,0),MATCH($N$11,$I$30:$K$30,0),1),0) -> 0
B28: =margins!BF17 -> 7.875 | C28: =margins!BH17-margins!BI17 -> 90.1989 | D28: =margins!BH17-margins!BI17 -> 90.1989 | F28: 3) Prepayment penalties not allowed on loan amounts less than $312,159 in PA | N28: Lock Period | O28: 30 | P28: =IF(OR(O28=15, O28="Choose a Selection"),0,IF(O28=30,H13, 0)) -> 0
B29: =margins!BF18 -> 8 | C29: =margins!BH18-margins!BI18 -> 90.5554 | D29: =margins!BH18-margins!BI18 -> 90.5554 | N29: Total LLPAs | P29: =SUM(P17:P28) -> 0
B30: =margins!BF19 -> 8.125 | C30: =margins!BH19-margins!BI19 -> 90.9615 | D30: =margins!BH19-margins!BI19 -> 90.9615 | F30: 4) Only declining prepayment penalty structures allowed in MS
B31: =margins!BF20 -> 8.25 | C31: =margins!BH20-margins!BI20 -> 91.3393 | D31: =margins!BH20-margins!BI20 -> 91.3393 | N31: Final Price ---> | P31: =IF(ISNUMBER(MATCH("NA", P17:P28, 0)), "NA",IF(O23=$C$72, IF(O27="Choose a Selection",MIN(P29+P15,VLOOKUP(O26,$F$15:$G$20,2,FALSE)),MIN(P29+P15,VLOOKUP(O27,$F$15:$G$20,2,FALSE))), IF(O23=$C$71, IF(O27="Choose a Selection",MIN(P29+P15,VLOOKUP(O26,$F$15:$H$20,3,FALSE)),MIN(P29+P15,VLOOKUP(O27,$F$15:$H$20,3,FALSE))), "#N/A"))) -> #N/A
B32: =margins!BF21 -> 8.375 | C32: =margins!BH21-margins!BI21 -> 91.5893 | D32: =margins!BH21-margins!BI21 -> 91.5893
B33: =margins!BF22 -> 8.5 | C33: =margins!BH22-margins!BI22 -> 91.8293 | D33: =margins!BH22-margins!BI22 -> 91.8293 | N33: *DSCR CC Pricer is a pricing tool only, please refer to the matrix for eligibility
B34: =margins!BF23 -> 8.625 | C34: =margins!BH23-margins!BI23 -> 92.0693 | D34: =margins!BH23-margins!BI23 -> 92.0693
B35: =margins!BF24 -> 8.75 | C35: =margins!BH24-margins!BI24 -> 92.2993 | D35: =margins!BH24-margins!BI24 -> 92.2993
B36: =margins!BF25 -> 8.875 | C36: =margins!BH25-margins!BI25 -> 92.4993 | D36: =margins!BH25-margins!BI25 -> 92.4993
B37: =margins!BF26 -> 9 | C37: =margins!BH26-margins!BI26 -> 92.6493 | D37: =margins!BH26-margins!BI26 -> 92.6493
B38: =margins!BF27 -> 9.125 | C38: =margins!BH27-margins!BI27 -> 92.7993 | D38: =margins!BH27-margins!BI27 -> 92.7993
B39: =margins!BF28 -> 9.25 | C39: =margins!BH28-margins!BI28 -> 92.9493 | D39: =margins!BH28-margins!BI28 -> 92.9493
B40: =margins!BF29 -> 9.375 | C40: =margins!BH29-margins!BI29 -> 93.0743 | D40: =margins!BH29-margins!BI29 -> 93.0743
B41: =margins!BF30 -> 9.5 | C41: =margins!BH30-margins!BI30 -> 93.1993 | D41: =margins!BH30-margins!BI30 -> 93.1993
B42: =margins!BF31 -> 9.625 | C42: =margins!BH31-margins!BI31 -> 93.3243 | D42: =margins!BH31-margins!BI31 -> 93.3243
B43: =margins!BF32 -> 9.75 | C43: =margins!BH32-margins!BI32 -> 93.4493 | D43: =margins!BH32-margins!BI32 -> 93.4493
B44: =margins!BF33 -> 9.875 | C44: =margins!BH33-margins!BI33 -> 93.5743 | D44: =margins!BH33-margins!BI33 -> 93.5743
B45: =margins!BF34 -> 10 | C45: =margins!BH34-margins!BI34 -> 93.6993 | D45: =margins!BH34-margins!BI34 -> 93.6993
... B48: =margins!BF37 -> 10.375 | C48: =margins!BH37-margins!BI37 -> 94.0743 | D48: =margins!BH37-margins!BI37 -> 94.0743
B51: Price Adjustments | E51: CLTV
D52: Choose a Selection | E52: <=50.00 | F52: 50.01-55.00 | G52: 55.01-60.00 | H52: 60.01-65.00 | I52: 65.01-70.00 | J52: 70.01-75.00
B53: DSCR >= 1.00 | C53: 760+ | E53: 0.875 | F53: 0.875 | G53: 0.875 | H53: 0.875 | I53: 0.625 | J53: 0
C54: 740-759 | E54: 0.875 | F54: 0.875 | G54: 0.75 | H54: 0.75 | I54: 0.25 | J54: -0.25
C55: 720-739 | E55: 0.75 | F55: 0.75 | G55: 0.625 | H55: 0.5 | I55: 0 | J55: -0.75
C56: Foregin National | E56: 0 | F56: -0.125 | G56: -0.5 | H56: -0.625 | I56: -1 | J56: N/A
B57: DSCR Additional Adjustments | C57: DSCR >= 1.00 | E57: -0.5 | F57: -0.5 | G57: -0.5 | H57: -0.5 | I57: -0.5 | J57: -0.5
C58: DSCR >= 1.15 | E58: 0.25 | F58: 0.25 | G58: 0.25 | H58: 0.25 | I58: 0.25 | J58: 0.375
B60: Additional LLPAs | E60: CLTV
E61: <=50.00 | F61: 50.01-55.00 | G61: 55.01-60.00 | H61: 60.01-65.00 | I61: 65.01-70.00 | J61: 70.01-75.00
B62: Product | C62: Interest-Only 30 YR (min FICO 660) | E62: -0.25 | F62: -0.25 | G62: -0.25 | H62: -0.25 | I62: -0.25 | J62: -0.5
C63: Interest-Only 40 YR (min FICO 660) | E63: -0.25 | F63: -0.25 | G63: -0.25 | H63: -0.25 | I63: -0.25 | J63: -0.5
B64: Loan Balance | C64: > 1,000,000 | E64: 0 | F64: 0 | G64: 0 | H64: 0 | I64: 0 | J64: 0
C65: > 1,500,000 | E65: -0.125 | F65: -0.125 | G65: -0.25 | H65: -0.25 | I65: -0.375 | J65: -0.5
C66: > 2,000,000 | E66: -0.125 | F66: -0.125 | G66: -0.25 | H66: -0.375 | I66: -0.5 | J66: -1.5
C67: > 2,500,000 | E67: -0.375 | F67: -0.375 | G67: -0.375 | H67: -0.5 | I67: -0.75 | J67: -1.625
B68: Purpose | C68: Purchase / Rate & Term | E68: 0 | F68: 0 | G68: 0 | H68: 0 | I68: 0 | J68: 0
C69: Cash Out | E69: 0 | F69: 0 | G69: -0.25 | H69: -0.5 | I69: -0.75 | J69: N/A
B70: Citizenship | C70: Foreign National* | E70: -1.25 | F70: -1.25 | G70: -1.25 | H70: -1.25 | I70: -1.75 | J70: N/A
B71: Property Type | C71: Mixed Use or 9-10 Units | E71: -3.75 | F71: -3.75 | G71: -5 | H71: -5.25 | I71: -7 | J71: -7.25
C72: 5-8 Units | E72: -2.5 | F72: -2.5 | G72: -3.75 | H72: -4 | I72: -5.75 | J72: -6
B73: Credit | C73: BK/SS/NOD/DIL < 48 > 36 | E73: -0.25 | F73: -0.375 | G73: -0.5 | H73: -0.625 | I73: -1 | J73: N/A
B74: State | C74: GA, NY, FL | E74: -0.25 | F74: -0.25 | G74: -0.25 | H74: -0.25 | I74: -0.25 | J74: -0.25
C75: FL Condo (In addition to Warrantable or NW) | E75: 0 | F75: -0.125 | G75: -0.125 | H75: -0.25 | I75: -0.25 | J75: -0.375
B76: 5% Fixed Prepayment Penalty | C76: 60 Months | E76: 0.5 | F76: 0.5 | G76: 0.5 | H76: 0.5 | I76: 0.5 | J76: 0.5
C77: 48 Months | E77: 0.25 | F77: 0.25 | G77: 0.25 | H77: 0.25 | I77: 0.25 | J77: 0.25
C78: 36 Months | E78: 0 | F78: 0 | G78: 0 | H78: 0 | I78: 0 | J78: 0
C79: 24 Months | E79: N/A | F79: N/A | G79: N/A | H79: N/A | I79: N/A | J79: N/A
C80: 12 Months | E80: -1 | F80: -1 | G80: -1 | H80: -1 | I80: -1 | J80: -1
C81: No Penalty | E81: -2 | F81: -2 | G81: -2 | H81: -2 | I81: -2 | J81: -2
B82: Declining PrePay N/A on <36 Mo PPP | C82: 60 Months | E82: -0.25 | F82: -0.25 | G82: -0.25 | H82: -0.25 | I82: -0.25 | J82: -0.25
C83: 48 Months | E83: -0.375 | F83: -0.375 | G83: -0.375 | H83: -0.375 | I83: -0.375 | J83: -0.375
C84: 36 Months | E84: -0.5 | F84: -0.5 | G84: -0.5 | H84: -0.5 | I84: -0.5 | J84: -0.5
C85: *Foreign National LLPA (in addition to 700 score)
C86: **Escrow Waiver (Not Applicable in NY, No Cost)
B94: Declining Prepay
B98: Other
B100: State
B133: For use by mortgage professionals only. Mortgage Financing Provided by Hometown Equity Mortgage, LLC dba theLender NMLS #133519 . Rates, terms and programs subject to change without notice.

Sheet Cover theLine
F9: Effective Date: | H9: 46329
B12: theLender HELOC Rate Sheet
B14: LOCK DESK | I14: APPRAISAL ORDER PROCEDURES
J16: AMC selection can be made at: https://www.thelender.com/appraisals/
C18: CONTACT:
C19: E-mail: | D19: pricingdesk@thelender.com
C20: Direct: | D20: 833-381-8733
C21: Lock Desk Closes at 3:00 PM PST
B25: TABLE OF CONTENTS | I25: theLine Fees
C28: theLine
C29: theLine Rate Sheet | G29: Page 2 | I29: Underwriting Fee: $999
C30: theLine Matrix | G30: Page 3
E38: *EXTENSION FEES
F40: theLine
G41: 5 day | J41: -0.25
G42: 7 day | J42: -0.325
G43: 10 day | J43: -0.55
G44: 15 day | J44: -0.65
E46: *Extension Max: 15 days
B48: Eligible States
B50: *See Matrix for restrictions and additional details.
B72: LOSS PAYEE
B74: Hometown Equity Mortgage, LLC dba theLender its successors and/or assigns
B75: 25531 Commercentre Dr #250, Lake Forest, CA 92630
B76: For use by mortgage professionals only. Mortgage Financing Provided by Hometown Equity Mortgage, LLC dba theLender NMLS #133519 . Rates, terms and programs subject to change without notice.

Sheet theLine
N3: Lock Desk Hours: 8am – 3:00pm PST
N4: Email: pricingdesk@thelender.com
N5: NMLS # 133519
C6: theLine: HELOC Program
C7: Margin | D7: 15 Yr Fix | E7: 20 Yr Fix | F7: 25 Yr Fix | G7: 30 Yr Fix | I7: MAX PRICE AND LOCK TERM
C8: =margins!AT4 -> 0 | D8: 88.19 | E8: 88.19 | F8: 88.19 | G8: 88.19 | I8: Max Price | J8: 100 | L8: Product | M8: Draw Period | N8: Repayment Period | O8: Total Loan Term | U8: *HELOC Pricer | W8: 46329.345
C9: =margins!AT5 -> 0.125 | D9: 88.891 | E9: 88.891 | F9: 88.891 | G9: 88.891 | I9: 15 Lock Period | J9: 0 | L9: 15 YR | M9: 2 | N9: 13 | O9: 15
C10: =margins!AT6 -> 0.25 | D10: 89.531 | E10: 89.531 | F10: 89.531 | G10: 89.531 | I10: 30 Lock Period | J10: -0.375 | L10: 20 YR | M10: 2 | N10: 18 | O10: 20 | U10: Category | V10: Inputs | W10: Price
C11: =margins!AT7 -> 0.375 | D11: 90.147 | E11: 90.147 | F11: 90.147 | G11: 90.147 | L11: 25 YR | M11: 2 | N11: 23 | O11: 25
C12: =margins!AT8 -> 0.5 | D12: 90.723 | E12: 90.723 | F12: 90.723 | G12: 90.723 | I12: Extension Fees* | L12: 30 YR | M12: 2 | N12: 28 | O12: 30 | U12: Product | V12: 30 Yr Fix | W12: =IF(V12="15 Yr Fix",2,IF(V12="20 Yr Fix",3,IF(V12="25 Yr Fix",4,5))) -> 5
C13: =margins!AT9 -> 0.625 | D13: 91.271 | E13: 91.271 | F13: 91.271 | G13: 91.271 | I13: 5 days | J13: -0.25 | L13: 15 YR | M13: 3 | N13: 12 | O13: 15 | U13: Margin | V13: 2.5 | W13: =VLOOKUP(V13,$C$8:$G$54,W12,FALSE) -> 98.615
